Workbook

Sheet STA 01-2018
B1: STB THAMEUR | C1: STB MEGRINE | F1: MEG EURO | H1: MEG $
A2: SOLDE 31/12/2017 | B2: 3067.875 | C2: -374382.37 | D2: =SUM(B2:C2) -> -371314.49 | F2: 176.05 | H2: 133976.7
A3: RECETTE | B3: =SUM(B4:B12) -> 30000 | C3: =SUM(C4:C12) -> 182003.94 | D3: =SUM(B3:C3) -> 212003.94 | F3: =SUM(F4:F12) -> 0 | H3: =SUM(H4:H12) -> 0
A4: SND CHEQUE | B4: 30000 | C4: 150000 | D4: =SUM(B4:C4) -> 180000
A5: SND TRAITE | D5: =SUM(B5:C5) -> 0
A6: INTERETESCOMPTE TRAITE | D6: =SUM(B6:C6) -> 0
A7: SCIT | D7: =SUM(B7:C7) -> 0
A8: ERRAFIK EL DAYEM | D8: =SUM(B8:C8) -> 0
A9: MARIBAT | D9: =SUM(B9:C9) -> 0
A10: MED ENERGY | D10: =SUM(B10:C10) -> 0
A11: ENERTECH | D11: =SUM(B11:C11) -> 0
A12: VIREMENT RECU | C12: 32003.941 | D12: =SUM(B12:C12) -> 32003.941
A13: AUTRES RECETTE | B13: =SUM(B14:B21) -> 0 | C13: =SUM(C14:C21) -> 0 | D13: =SUM(B13:C13) -> 0 | F13: =SUM(F14:F21) -> 0 | H13: =SUM(H14:H21) -> 0
A14: AUGMENTATION CAPITAL | D14: =SUM(B14:C14) -> 0
A15: DEBLOCAGE CMT | D15: =SUM(B15:C15) -> 0
A16: BLOCAGE | D16: =SUM(B16:C16) -> 0
A17: BILLET DE TRESORERIE | D17: =SUM(B17:C17) -> 0
A18: CCA | D18: =SUM(B18:C18) -> 0
A19: RESTITUTION TVA | D19: =SUM(B19:C19) -> 0
A20: VENTE DOLLARS | D20: =SUM(B20:C20) -> 0
A21: VENTE EURO | D21: =SUM(B21:C21) -> 0
A22: ENGAGEMENT BANCAIRE | B22: =SUM(B23:B26) -> -6106.483 | C22: =SUM(C23:C26) -> 705480.99 | D22: =SUM(B22:C22) -> 699374.51 | F22: =SUM(F23:F26) -> 0 | H22: =SUM(H23:H26) -> 0
A23: CMT MOBILISABLE | C23: -44936.051 | D23: =SUM(B23:C23) -> -44936.051
A24: CREDIT DE GESTION | C24: 760000 | D24: =SUM(B24:C24) -> 760000
A25: INTERET CREDIT DE GESTION | C25: -9582.958 | D25: =SUM(B25:C25) -> -9582.958
A26: LEASING | B26: -6106.483 | D26: =SUM(B26:C26) -> -6106.483
A27: FRAIS BANQUE | B27: =SUM(B28:B64) -> -19354.933 | C27: =SUM(C28:C64) -> -2189.75 | D27: =SUM(B27:C27) -> -21544.683 | F27: =SUM(F28:F64) -> 0 | H27: =SUM(H28:H64) -> 0
A28: AFFRANCHISSEMENT | D28: =SUM(B28:C28) -> 0
A29: AGIOS DEBITEURS | B29: -19352.077 | D29: =SUM(B29:C29) -> -19352.077
A30: COMMISION OBLIGATION | D30: =SUM(B30:C30) -> 0
A31: COMMISSION / VERS CHQ | C31: -2.43 | D31: =SUM(B31:C31) -> -2.43
A32: COMMISSION ADMISSION TEMPORAIRE | C32: -848.055 | D32: =SUM(B32:C32) -> -848.055
A33: COMMISSION CAUTION DEF | C33: -402.9 | D33: =SUM(B33:C33) -> -402.9
A34: COMMISSION CHQ CERTIFIE | D34: =SUM(B34:C34) -> 0
A35: COMMISSION D'ADHESION | C35: -53.55 | D35: =SUM(B35:C35) -> -53.55
A36: COMMISSION DE CHANGE | D36: =SUM(B36:C36) -> 0
A37: COMMISSION DE DOMICILIATION | D37: =SUM(B37:C37) -> 0
A38: COMMISSION DE MODIFICATION | D38: =SUM(B38:C38) -> 0
A39: COMMISSION DE NOTIFICATION | D39: =SUM(B39:C39) -> 0
A40: COMMISSION DE REALISATION L/C IMP | D40: =SUM(B40:C40) -> 0
A41: COMMISSION DE TRANSMISSION | D41: =SUM(B41:C41) -> 0
A42: COMMISSION DELIVRANCE BON A PAYER | D42: =SUM(B42:C42) -> 0
A43: COMMISSION DEMANDE DE DEPASSEMENT | D43: =SUM(B43:C43) -> 0
A44: COMMISSION D'ENGAGEMENT SUR CREDI | D44: =SUM(B44:C44) -> 0
A45: COMMISSION D'ENVOI A L'ENCAISSEME | D45: =SUM(B45:C45) -> 0
A46: COMMISSION D'ETUDE | D46: =SUM(B46:C46) -> 0
A47: COMMISSION ESCOMPTE | D47: =SUM(B47:C47) -> 0
A48: COMMISSION PREAVIS | D48: =SUM(B48:C48) -> 0
A49: COMMISSION REGLEMENT EFFET | C49: -19.575 | D49: =SUM(B49:C49) -> -19.575
A50: COMMISSION REGLEMENT EFFET FINANC | D50: =SUM(B50:C50) -> 0
A51: COMMISSION REJET | D51: =SUM(B51:C51) -> 0
A52: COMMISSION SUR PRELEVEMENT | B52: -2.856 | C52: -1.428 | D52: =SUM(B52:C52) -> -4.284
A53: COMMISSION VERSEMENT ESPECE | D53: =SUM(B53:C53) -> 0
A54: COMMISSION VIREMENT | C54: -7.14 | D54: =SUM(B54:C54) -> -7.14
A55: COMMISSION VIREMENT EMIS | D55: =SUM(B55:C55) -> 0
A56: COMMISSION VIREMENT RECU EN DINAR | C56: -0.952 | D56: =SUM(B56:C56) -> -0.952
A57: FRAIS OBLIGATION | D57: =SUM(B57:C57) -> 0
A58: FRAIS TELECOMPENSATION | C58: -1.14 | D58: =SUM(B58:C58) -> -1.14
A59: INETERET DE RETARD | D59: =SUM(B59:C59) -> 0
A60: PENALITE DE RETARD | D60: =SUM(B60:C60) -> 0
A61: S B E | C61: -852.58 | D61: =SUM(B61:C61) -> -852.58
A62: FRAIS ADMISSION TEMPORAIRE | D62: =SUM(B62:C62) -> 0
A63: SWIFT | D63: =SUM(B63:C63) -> 0
A64: TVA | D64: =SUM(B64:C64) -> 0
A65: CHARGE PERSONNEL | B65: =SUM(B66:B69) -> 0 | C65: =SUM(C66:C69) -> -153778.46 | D65: =SUM(B65:C65) -> -153778.46 | F65: =SUM(F66:F69) -> 0 | H65: =SUM(H66:H69) -> 0
A66: AVANCE | C66: -1400 | D66: =SUM(B66:C66) -> -1400
A67: PRÊT | C67: 3800 | D67: =SUM(B67:C67) -> 3800
A68: SALAIRE | C68: -98221.693 | D68: =SUM(B68:C68) -> -98221.693
A69: CNSS | C69: -57956.767 | D69: =SUM(B69:C69) -> -57956.767
A70: SOCIETE DU GROUPE | B70: =SUM(B71:B77) -> 0 | C70: =SUM(C71:C77) -> 0 | D70: =SUM(B70:C70) -> 0 | F70: =SUM(F71:F77) -> 0 | H70: =SUM(H71:H77) -> 0
A71: DIVIDENDES | D71: =SUM(B71:C71) -> 0
A72: FONDERIE HNAYA | D72: =SUM(B72:C72) -> 0
A73: ALPHA MEDIA | D73: =SUM(B73:C73) -> 0
A74: NOUR HEMP | D74: =SUM(B74:C74) -> 0
A75: PHENICIA | D75: =SUM(B75:C75) -> 0
A76: STA NOUR | D76: =SUM(B76:C76) -> 0
A77: TIP | D77: =SUM(B77:C77) -> 0
A78: FOURNISSEURS ETRANGER | B78: =SUM(B79:B97) -> 0 | C78: =SUM(C79:C97) -> 0 | D78: =SUM(B78:C78) -> 0 | F78: =SUM(F79:F97) -> 0 | H78: =SUM(H79:H97) -> -129756.73
A79: ACCUMA | D79: =SUM(B79:C79) -> 0
A80: DEMETAL | D80: =SUM(B80:C80) -> 0
A81: BIASIN | D81: =SUM(B81:C81) -> 0
A82: NIZI | D82: =SUM(B82:C82) -> 0
A83: DARAMIC | D83: =SUM(B83:C83) -> 0
A84: GLATFELTER | D84: =SUM(B84:C84) -> 0
A85: GOONVEAN | D85: =SUM(B85:C85) -> 0
A86: HB FULLER | D86: =SUM(B86:C86) -> 0
A87: JIANGHSU | D87: =SUM(B87:C87) -> 0
A88: MAZOYER | D88: =SUM(B88:C88) -> 0
A89: METACONCEPT | D89: =SUM(B89:C89) -> 0
A90: METALLIANCE | D90: =SUM(B90:C90) -> 0
... A94: SOVEMA | D94: =SUM(B94:C94) -> 0
A95: STCM | D95: =SUM(B95:C95) -> 0 | H95: -129756.73
A96: SERV | D96: =SUM(B96:C96) -> 0
A97: WIRTZ | D97: =SUM(B97:C97) -> 0
A98: PLOMB LOCAL | B98: =SUM(B99:B103) -> 0 | C98: =SUM(C99:C103) -> 0 | D98: =SUM(B98:C98) -> 0 | F98: =SUM(F99:F103) -> 0 | H98: =SUM(H99:H103) -> 0
A99: KAIS TAYACHI | D99: =SUM(B99:C99) -> 0
A100: HAZEM CHTOUROU | D100: =SUM(B100:C100) -> 0
A101: SOTRAM | D101: =SUM(B101:C101) -> 0
A102: KAMMOUN | D102: =SUM(B102:C102) -> 0
A103: TUDOR | D103: =SUM(B103:C103) -> 0
...

Sheet STA 02-2018
B1: STB THAMEUR | C1: STB MEGRINE | F1: MEG EURO | H1: MEG $
A2: SOLDE 31/01/2018 | B2: ='STA 01-2018'!B279 -> 3998.659 | C2: ='STA 01-2018'!C279 -> 199998.82 | D2: =SUM(B2:C2) -> 203997.47 | F2: ='STA 01-2018'!F279 -> 176.05 | H2: ='STA 01-2018'!H279 -> 4219.97
A3: RECETTE | B3: =SUM(B4:B12) -> 0 | C3: =SUM(C4:C12) -> 185000 | D3: =SUM(B3:C3) -> 185000 | F3: =SUM(F4:F12) -> 0 | H3: =SUM(H4:H12) -> 0
A4: SND CHEQUE | C4: 185000 | D4: =SUM(B4:C4) -> 185000
A5: SND TRAITE | D5: =SUM(B5:C5) -> 0
A6: INTERETESCOMPTE TRAITE | D6: =SUM(B6:C6) -> 0
A7: SCIT | D7: =SUM(B7:C7) -> 0
A8: ERRAFIK EL DAYEM | D8: =SUM(B8:C8) -> 0
A9: MARIBAT | D9: =SUM(B9:C9) -> 0
A10: MED ENERGY | D10: =SUM(B10:C10) -> 0
A11: ENERTECH | D11: =SUM(B11:C11) -> 0
A12: VIREMENT RECU | D12: =SUM(B12:C12) -> 0
A13: AUTRES RECETTE | B13: =SUM(B14:B21) -> 0 | C13: =SUM(C14:C21) -> 7668.814 | D13: =SUM(B13:C13) -> 7668.814 | F13: =SUM(F14:F21) -> 0 | H13: =SUM(H14:H21) -> 0
A14: AUGMENTATION CAPITAL | D14: =SUM(B14:C14) -> 0
A15: DEBLOCAGE CMT | D15: =SUM(B15:C15) -> 0
A16: MARGE DE GARANTIE | D16: =SUM(B16:C16) -> 0
A17: BILLET DE TRESORERIE | D17: =SUM(B17:C17) -> 0
A18: CCA | C18: 7668.814 | D18: =SUM(B18:C18) -> 7668.814
A19: RESTITUTION TVA | D19: =SUM(B19:C19) -> 0
A20: VENTE DOLLARS | D20: =SUM(B20:C20) -> 0
A21: VENTE EURO | D21: =SUM(B21:C21) -> 0
A22: ENGAGEMENT BANCAIRE | B22: =SUM(B23:B26) -> -6106.483 | C22: =SUM(C23:C26) -> -760000 | D22: =SUM(B22:C22) -> -766106.48 | F22: =SUM(F23:F26) -> 0 | H22: =SUM(H23:H26) -> 0
A23: CMT MOBILISABLE | D23: =SUM(B23:C23) -> 0
A24: CREDIT DE GESTION | C24: -760000 | D24: =SUM(B24:C24) -> -760000
A25: INTERET CREDIT DE GESTION | D25: =SUM(B25:C25) -> 0
A26: LEASING | B26: -6106.483 | D26: =SUM(B26:C26) -> -6106.483
A27: FRAIS BANQUE | B27: =SUM(B28:B64) -> -56.406 | C27: =SUM(C28:C64) -> -716.025 | D27: =SUM(B27:C27) -> -772.431 | F27: =SUM(F28:F64) -> 0 | H27: =SUM(H28:H64) -> 0
A28: AFFRANCHISSEMENT | D28: =SUM(B28:C28) -> 0
A29: AGIOS DEBITEURS | D29: =SUM(B29:C29) -> 0
A30: COMMISION OBLIGATION | D30: =SUM(B30:C30) -> 0
A31: COMMISSION / VERS CHQ | C31: -1.572 | D31: =SUM(B31:C31) -> -1.572
A32: COMMISSION ADMISSION TEMPORAIRE | C32: -440.659 | D32: =SUM(B32:C32) -> -440.659
A33: COMMISSION CAUTION DEF | C33: -202.3 | D33: =SUM(B33:C33) -> -202.3
A34: COMMISSION CHQ CERTIFIE | D34: =SUM(B34:C34) -> 0
A35: COMMISSION D'ADHESION | B35: -53.55 | D35: =SUM(B35:C35) -> -53.55
A36: COMMISSION DE CHANGE | D36: =SUM(B36:C36) -> 0
A37: COMMISSION DE DOMICILIATION | D37: =SUM(B37:C37) -> 0
A38: COMMISSION DE MODIFICATION | D38: =SUM(B38:C38) -> 0
A39: COMMISSION DE NOTIFICATION | D39: =SUM(B39:C39) -> 0
A40: COMMISSION DE REALISATION L/C IMP | D40: =SUM(B40:C40) -> 0
A41: COMMISSION DE TRANSMISSION | D41: =SUM(B41:C41) -> 0
A42: COMMISSION DELIVRANCE BON A PAYER | D42: =SUM(B42:C42) -> 0
A43: COMMISSION DEMANDE DE DEPASSEMENT | C43: -35.7 | D43: =SUM(B43:C43) -> -35.7
A44: COMMISSION D'ENGAGEMENT SUR CREDI | D44: =SUM(B44:C44) -> 0
A45: COMMISSION D'ENVOI A L'ENCAISSEME | D45: =SUM(B45:C45) -> 0
A46: COMMISSION D'ETUDE | D46: =SUM(B46:C46) -> 0
A47: COMMISSION ESCOMPTE | D47: =SUM(B47:C47) -> 0
A48: COMMISSION PREAVIS | D48: =SUM(B48:C48) -> 0
A49: COMMISSION REGLEMENT EFFET | C49: -4.76 | D49: =SUM(B49:C49) -> -4.76
A50: COMMISSION REGLEMENT EFFET FINANC | D50: =SUM(B50:C50) -> 0
A51: COMMISSION REJET | D51: =SUM(B51:C51) -> 0
A52: COMMISSION SUR PRELEVEMENT | B52: -2.856 | C52: -0.714 | D52: =SUM(B52:C52) -> -3.57
A53: COMMISSION VERSEMENT ESPECE | D53: =SUM(B53:C53) -> 0
A54: COMMISSION VIREMENT | D54: =SUM(B54:C54) -> 0
A55: COMMISSION VIREMENT EMIS | D55: =SUM(B55:C55) -> 0
A56: COMMISSION VIREMENT RECU EN DINAR | D56: =SUM(B56:C56) -> 0
A57: FRAIS OBLIGATION | D57: =SUM(B57:C57) -> 0
A58: FRAIS TELECOMPENSATION | C58: -0.57 | D58: =SUM(B58:C58) -> -0.57
A59: INETERET DE RETARD | D59: =SUM(B59:C59) -> 0
A60: PENALITE DE RETARD | D60: =SUM(B60:C60) -> 0
A61: S B E | D61: =SUM(B61:C61) -> 0
A62: FRAIS ADMISSION TEMPORAIRE | C62: -29.75 | D62: =SUM(B62:C62) -> -29.75
A63: SWIFT | D63: =SUM(B63:C63) -> 0
A64: TVA | D64: =SUM(B64:C64) -> 0
A65: CHARGE PERSONNEL | B65: =SUM(B66:B69) -> 0 | C65: =SUM(C66:C69) -> -74001.518 | D65: =SUM(B65:C65) -> -74001.518 | F65: =SUM(F66:F69) -> 0 | H65: =SUM(H66:H69) -> 0
A66: AVANCE | C66: -1060 | D66: =SUM(B66:C66) -> -1060
A67: PRÊT | D67: =SUM(B67:C67) -> 0
A68: SALAIRE | C68: -71833.32 | D68: =SUM(B68:C68) -> -71833.32
A69: CNSS | C69: -1108.198 | D69: =SUM(B69:C69) -> -1108.198
A70: SOCIETE DU GROUPE | B70: =SUM(B71:B77) -> 0 | C70: =SUM(C71:C77) -> 75403.932 | D70: =SUM(B70:C70) -> 75403.932 | F70: =SUM(F71:F77) -> 0 | H70: =SUM(H71:H77) -> 0
A71: DIVIDENDES | C71: 75403.932 | D71: =SUM(B71:C71) -> 75403.932
A72: FONDERIE HNAYA | D72: =SUM(B72:C72) -> 0
A73: ALPHA MEDIA | D73: =SUM(B73:C73) -> 0
A74: NOUR HEMP | D74: =SUM(B74:C74) -> 0
A75: PHENICIA | D75: =SUM(B75:C75) -> 0
A76: STA NOUR | D76: =SUM(B76:C76) -> 0
A77: TIP | D77: =SUM(B77:C77) -> 0
A78: FOURNISSEURS ETRANGER | B78: =SUM(B79:B97) -> 0 | C78: =SUM(C79:C97) -> 0 | D78: =SUM(B78:C78) -> 0 | F78: =SUM(F79:F97) -> 0 | H78: =SUM(H79:H97) -> 0
A79: ACCUMA | D79: =SUM(B79:C79) -> 0
A80: DEMETAL | D80: =SUM(B80:C80) -> 0
A81: BIASIN | D81: =SUM(B81:C81) -> 0
A82: NIZI | D82: =SUM(B82:C82) -> 0
A83: DARAMIC | D83: =SUM(B83:C83) -> 0
A84: GLATFELTER | D84: =SUM(B84:C84) -> 0
A85: GOONVEAN | D85: =SUM(B85:C85) -> 0
A86: HB FULLER | D86: =SUM(B86:C86) -> 0
A87: JIANGHSU | D87: =SUM(B87:C87) -> 0
A88: MAZOYER | D88: =SUM(B88:C88) -> 0
A89: METACONCEPT | D89: =SUM(B89:C89) -> 0
A90: METALLIANCE | D90: =SUM(B90:C90) -> 0
... A97: WIRTZ | D97: =SUM(B97:C97) -> 0
A98: PLOMB LOCAL | B98: =SUM(B99:B103) -> 0 | C98: =SUM(C99:C103) -> -120468.96 | D98: =SUM(B98:C98) -> -120468.96 | F98: =SUM(F99:F103) -> 0 | H98: =SUM(H99:H103) -> 0
A99: KAIS TAYACHI | D99: =SUM(B99:C99) -> 0
A100: HAZEM CHTOUROU | D100: =SUM(B100:C100) -> 0
A101: SOTRAM | C101: -120468.96 | D101: =SUM(B101:C101) -> -120468.96
A102: KAMMOUN | D102: =SUM(B102:C102) -> 0
A103: TUDOR | D103: =SUM(B103:C103) -> 0
A104: ETAT ET ENERGIE | B104: =SUM(B105:B110) -> -3458.3 | C104: =SUM(C105:C110) -> -103188.29 | D104: =SUM(B104:C104) -> -106646.59 | F104: =SUM(F105:F110) -> 0 | H104: =SUM(H105:H110) -> 0
A105: S O N E D E | B105: -3458.3 | D105: =SUM(B105:C105) -> -3458.3
A106: SNDP | C106: -1426.8 | D106: =SUM(B106:C106) -> -1426.8
...

Sheet STA 03-2018
B1: STB THAMEUR | C1: STB MEGRINE | F1: MEG EURO | H1: MEG $
A2: SOLDE 28/02/2018 | B2: ='STA 02-2018'!B279 -> -5622.53 | C2: ='STA 02-2018'!C279 -> -671334.5 | D2: =SUM(B2:C2) -> -676957.03 | F2: ='STA 02-2018'!F279 -> 176.05 | H2: ='STA 02-2018'!H279 -> 4219.97
A3: RECETTE | B3: =SUM(B4:B12) -> 0 | C3: =SUM(C4:C12) -> 150000 | D3: =SUM(B3:C3) -> 150000 | F3: =SUM(F4:F12) -> 13950.45 | H3: =SUM(H4:H12) -> 0
A4: SND CHEQUE | C4: 150000 | D4: =SUM(B4:C4) -> 150000
A5: SND TRAITE | D5: =SUM(B5:C5) -> 0
A6: INTERETESCOMPTE TRAITE | D6: =SUM(B6:C6) -> 0
A7: SCIT | D7: =SUM(B7:C7) -> 0
A8: ERRAFIK EL DAYEM | D8: =SUM(B8:C8) -> 0
A9: MARIBAT | D9: =SUM(B9:C9) -> 0
A10: MED ENERGY | D10: =SUM(B10:C10) -> 0
A11: ENERTECH | D11: =SUM(B11:C11) -> 0 | F11: 13950.45
A12: VIREMENT RECU | D12: =SUM(B12:C12) -> 0
A13: AUTRES RECETTE | B13: =SUM(B14:B21) -> 0 | C13: =SUM(C14:C21) -> 0 | D13: =SUM(B13:C13) -> 0 | F13: =SUM(F14:F21) -> 0 | H13: =SUM(H14:H21) -> 0
A14: AUGMENTATION CAPITAL | D14: =SUM(B14:C14) -> 0
A15: DEBLOCAGE CMT | D15: =SUM(B15:C15) -> 0
A16: MARGE DE GARANTIE | D16: =SUM(B16:C16) -> 0
A17: BILLET DE TRESORERIE | D17: =SUM(B17:C17) -> 0
A18: CCA | D18: =SUM(B18:C18) -> 0
A19: RESTITUTION TVA | D19: =SUM(B19:C19) -> 0
A20: VENTE DOLLARS | D20: =SUM(B20:C20) -> 0
A21: VENTE EURO | D21: =SUM(B21:C21) -> 0
A22: ENGAGEMENT BANCAIRE | B22: =SUM(B23:B26) -> -6106.483 | C22: =SUM(C23:C26) -> 0 | D22: =SUM(B22:C22) -> -6106.483 | F22: =SUM(F23:F26) -> 0 | H22: =SUM(H23:H26) -> 0
A23: CMT MOBILISABLE | D23: =SUM(B23:C23) -> 0
A24: CREDIT DE GESTION | D24: =SUM(B24:C24) -> 0
A25: INTERET CREDIT DE GESTION | D25: =SUM(B25:C25) -> 0
A26: LEASING | B26: -6106.483 | D26: =SUM(B26:C26) -> -6106.483
A27: FRAIS BANQUE | B27: =SUM(B28:B64) -> -2.856 | C27: =SUM(C28:C64) -> -42.483 | D27: =SUM(B27:C27) -> -45.339 | F27: =SUM(F28:F64) -> 0 | H27: =SUM(H28:H64) -> 0
A28: AFFRANCHISSEMENT | D28: =SUM(B28:C28) -> 0
A29: AGIOS DEBITEURS | D29: =SUM(B29:C29) -> 0
A30: COMMISION OBLIGATION | D30: =SUM(B30:C30) -> 0
A31: COMMISSION / VERS CHQ | C31: -0.81 | D31: =SUM(B31:C31) -> -0.81
A32: COMMISSION ADMISSION TEMPORAIRE | D32: =SUM(B32:C32) -> 0
A33: COMMISSION CAUTION DEF | D33: =SUM(B33:C33) -> 0
A34: COMMISSION CHQ CERTIFIE | D34: =SUM(B34:C34) -> 0
A35: COMMISSION D'ADHESION | D35: =SUM(B35:C35) -> 0
A36: COMMISSION DE CHANGE | D36: =SUM(B36:C36) -> 0
A37: COMMISSION DE DOMICILIATION | C37: -12.5 | D37: =SUM(B37:C37) -> -12.5
A38: COMMISSION DE MODIFICATION | D38: =SUM(B38:C38) -> 0
A39: COMMISSION DE NOTIFICATION | D39: =SUM(B39:C39) -> 0
A40: COMMISSION DE REALISATION L/C IMP | D40: =SUM(B40:C40) -> 0
A41: COMMISSION DE TRANSMISSION | D41: =SUM(B41:C41) -> 0
A42: COMMISSION DELIVRANCE BON A PAYER | D42: =SUM(B42:C42) -> 0
A43: COMMISSION DEMANDE DE DEPASSEMENT | D43: =SUM(B43:C43) -> 0
A44: COMMISSION D'ENGAGEMENT SUR CREDI | D44: =SUM(B44:C44) -> 0
A45: COMMISSION D'ENVOI A L'ENCAISSEME | D45: =SUM(B45:C45) -> 0
A46: COMMISSION D'ETUDE | D46: =SUM(B46:C46) -> 0
A47: COMMISSION ESCOMPTE | D47: =SUM(B47:C47) -> 0
A48: COMMISSION PREAVIS | D48: =SUM(B48:C48) -> 0
A49: COMMISSION REGLEMENT EFFET | C49: -5.95 | D49: =SUM(B49:C49) -> -5.95
A50: COMMISSION REGLEMENT EFFET FINANC | D50: =SUM(B50:C50) -> 0
A51: COMMISSION REJET | D51: =SUM(B51:C51) -> 0
A52: COMMISSION SUR PRELEVEMENT | B52: -2.856 | C52: -1.428 | D52: =SUM(B52:C52) -> -4.284
A53: COMMISSION VERSEMENT ESPECE | D53: =SUM(B53:C53) -> 0
A54: COMMISSION VIREMENT | C54: -7.14 | D54: =SUM(B54:C54) -> -7.14
A55: COMMISSION VIREMENT EMIS | D55: =SUM(B55:C55) -> 0
A56: COMMISSION VIREMENT RECU EN DINAR | C56: -10 | D56: =SUM(B56:C56) -> -10
A57: FRAIS OBLIGATION | D57: =SUM(B57:C57) -> 0
A58: FRAIS TELECOMPENSATION | C58: -0.38 | D58: =SUM(B58:C58) -> -0.38
A59: INETERET DE RETARD | D59: =SUM(B59:C59) -> 0
A60: PENALITE DE RETARD | D60: =SUM(B60:C60) -> 0
A61: S B E | D61: =SUM(B61:C61) -> 0
A62: FRAIS ADMISSION TEMPORAIRE | D62: =SUM(B62:C62) -> 0
A63: SWIFT | D63: =SUM(B63:C63) -> 0
A64: TVA | C64: -4.275 | D64: =SUM(B64:C64) -> -4.275
A65: CHARGE PERSONNEL | B65: =SUM(B66:B69) -> 0 | C65: =SUM(C66:C69) -> -86793.481 | D65: =SUM(B65:C65) -> -86793.481 | F65: =SUM(F66:F69) -> 0 | H65: =SUM(H66:H69) -> 0
A66: AVANCE | C66: -900 | D66: =SUM(B66:C66) -> -900
A67: PRÊT | C67: 1891.26 | D67: =SUM(B67:C67) -> 1891.26
A68: SALAIRE | C68: -87083.142 | D68: =SUM(B68:C68) -> -87083.142
A69: CNSS | C69: -701.599 | D69: =SUM(B69:C69) -> -701.599
A70: SOCIETE DU GROUPE | B70: =SUM(B71:B77) -> 0 | C70: =SUM(C71:C77) -> 0 | D70: =SUM(B70:C70) -> 0 | F70: =SUM(F71:F77) -> 0 | H70: =SUM(H71:H77) -> 0
A71: DIVIDENDES | D71: =SUM(B71:C71) -> 0
A72: FONDERIE HNAYA | D72: =SUM(B72:C72) -> 0
A73: ALPHA MEDIA | D73: =SUM(B73:C73) -> 0
A74: NOUR HEMP | D74: =SUM(B74:C74) -> 0
A75: PHENICIA | D75: =SUM(B75:C75) -> 0
A76: STA NOUR | D76: =SUM(B76:C76) -> 0
A77: TIP | D77: =SUM(B77:C77) -> 0
A78: FOURNISSEURS ETRANGER | B78: =SUM(B79:B97) -> 0 | C78: =SUM(C79:C97) -> 0 | D78: =SUM(B78:C78) -> 0 | F78: =SUM(F79:F97) -> 0 | H78: =SUM(H79:H97) -> 0
A79: ACCUMA | D79: =SUM(B79:C79) -> 0
A80: DEMETAL | D80: =SUM(B80:C80) -> 0
A81: BIASIN | D81: =SUM(B81:C81) -> 0
A82: NIZI | D82: =SUM(B82:C82) -> 0
A83: DARAMIC | D83: =SUM(B83:C83) -> 0
A84: GLATFELTER | D84: =SUM(B84:C84) -> 0
A85: GOONVEAN | D85: =SUM(B85:C85) -> 0
A86: HB FULLER | D86: =SUM(B86:C86) -> 0
A87: JIANGHSU | D87: =SUM(B87:C87) -> 0
A88: MAZOYER | D88: =SUM(B88:C88) -> 0
A89: METACONCEPT | D89: =SUM(B89:C89) -> 0
A90: METALLIANCE | D90: =SUM(B90:C90) -> 0
... A97: WIRTZ | D97: =SUM(B97:C97) -> 0
A98: PLOMB LOCAL | B98: =SUM(B99:B103) -> 0 | C98: =SUM(C99:C103) -> -13660.694 | D98: =SUM(B98:C98) -> -13660.694 | F98: =SUM(F99:F103) -> 0 | H98: =SUM(H99:H103) -> 0
A99: KAIS TAYACHI | C99: -13660.694 | D99: =SUM(B99:C99) -> -13660.694
A100: HAZEM CHTOUROU | D100: =SUM(B100:C100) -> 0
A101: SOTRAM | D101: =SUM(B101:C101) -> 0
A102: KAMMOUN | D102: =SUM(B102:C102) -> 0
A103: TUDOR | D103: =SUM(B103:C103) -> 0
A104: ETAT ET ENERGIE | B104: =SUM(B105:B110) -> -5509.1 | C104: =SUM(C105:C110) -> -80545.638 | D104: =SUM(B104:C104) -> -86054.738 | F104: =SUM(F105:F110) -> 0 | H104: =SUM(H105:H110) -> 0
A105: S O N E D E | B105: -5509.1 | D105: =SUM(B105:C105) -> -5509.1
A106: SNDP | C106: -713.4 | D106: =SUM(B106:C106) -> -713.4
...

Sheet STA 04-2018
B1: STB THAMEUR | C1: STB MEGRINE | F1: MEG EURO | H1: MEG $
A2: SOLDE 31/03/2018 | B2: ='STA 03-2018'!B279 -> -17240.969 | C2: ='STA 03-2018'!C279 -> -734122.57 | D2: =SUM(B2:C2) -> -751363.54 | F2: ='STA 03-2018'!F279 -> 14126.5 | H2: ='STA 03-2018'!H279 -> 4219.97
A3: RECETTE | B3: =SUM(B4:B12) -> 40000 | C3: =SUM(C4:C12) -> 297549.19 | D3: =SUM(B3:C3) -> 337549.19 | F3: =SUM(F4:F12) -> 0 | H3: =SUM(H4:H12) -> 20607.68
A4: SND CHEQUE | B4: 40000 | C4: 150000 | D4: =SUM(B4:C4) -> 190000
A5: SND TRAITE | C5: 150000 | D5: =SUM(B5:C5) -> 150000
A6: INTERET ESCOMPTE TRAITE | C6: -2450.806 | D6: =SUM(B6:C6) -> -2450.806
A7: SCIT | D7: =SUM(B7:C7) -> 0
A8: ERRAFIK EL DAYEM | D8: =SUM(B8:C8) -> 0
A9: MARIBAT | D9: =SUM(B9:C9) -> 0 | H9: =10364.16+10243.52 -> 20607.68
A10: MED ENERGY | D10: =SUM(B10:C10) -> 0
A11: ENERTECH | D11: =SUM(B11:C11) -> 0
A12: VIREMENT RECU | D12: =SUM(B12:C12) -> 0
A13: AUTRES RECETTE | B13: =SUM(B14:B21) -> 0 | C13: =SUM(C14:C21) -> 0 | D13: =SUM(B13:C13) -> 0 | F13: =SUM(F14:F21) -> 0 | H13: =SUM(H14:H21) -> 0
A14: AUGMENTATION CAPITAL | D14: =SUM(B14:C14) -> 0
A15: DEBLOCAGE CMT | D15: =SUM(B15:C15) -> 0
A16: MARGE DE GARANTIE | D16: =SUM(B16:C16) -> 0
A17: BILLET DE TRESORERIE | D17: =SUM(B17:C17) -> 0
A18: CCA | D18: =SUM(B18:C18) -> 0
A19: RESTITUTION TVA | D19: =SUM(B19:C19) -> 0
A20: VENTE DOLLARS | D20: =SUM(B20:C20) -> 0
A21: VENTE EURO | D21: =SUM(B21:C21) -> 0
A22: ENGAGEMENT BANCAIRE | B22: =SUM(B23:B26) -> -6106.483 | C22: =SUM(C23:C26) -> -58789.251 | D22: =SUM(B22:C22) -> -64895.734 | F22: =SUM(F23:F26) -> 0 | H22: =SUM(H23:H26) -> 0
A23: CMT MOBILISABLE | C23: -43974.94 | D23: =SUM(B23:C23) -> -43974.94
A24: CREDIT DE GESTION | D24: =SUM(B24:C24) -> 0
A25: INTERET CREDIT DE GESTION | C25: -14814.311 | D25: =SUM(B25:C25) -> -14814.311
A26: LEASING | B26: -6106.483 | D26: =SUM(B26:C26) -> -6106.483
A27: FRAIS BANQUE | B27: =SUM(B28:B64) -> -16002.804 | C27: =SUM(C28:C64) -> -2368.456 | D27: =SUM(B27:C27) -> -18371.26 | F27: =SUM(F28:F64) -> 0 | H27: =SUM(H28:H64) -> 0
A28: AFFRANCHISSEMENT | D28: =SUM(B28:C28) -> 0
A29: AGIOS DEBITEURS | B29: -15999.948 | D29: =SUM(B29:C29) -> -15999.948
A30: COMMISION OBLIGATION | D30: =SUM(B30:C30) -> 0
A31: COMMISSION / VERS CHQ | D31: =SUM(B31:C31) -> 0
A32: COMMISSION ADMISSION TEMPORAIRE | C32: -881.318 | D32: =SUM(B32:C32) -> -881.318
A33: COMMISSION CAUTION DEF | C33: -404.6 | D33: =SUM(B33:C33) -> -404.6
A34: COMMISSION CHQ CERTIFIE | D34: =SUM(B34:C34) -> 0
A35: COMMISSION D'ADHESION | D35: =SUM(B35:C35) -> 0
A36: COMMISSION DE CHANGE | D36: =SUM(B36:C36) -> 0
A37: COMMISSION DE DOMICILIATION | D37: =SUM(B37:C37) -> 0
A38: COMMISSION DE MODIFICATION | D38: =SUM(B38:C38) -> 0
A39: COMMISSION DE NOTIFICATION | D39: =SUM(B39:C39) -> 0
A40: COMMISSION DE REALISATION L/C IMP | D40: =SUM(B40:C40) -> 0
A41: COMMISSION DE TRANSMISSION | D41: =SUM(B41:C41) -> 0
A42: COMMISSION DELIVRANCE BON A PAYER | C42: -5.95 | D42: =SUM(B42:C42) -> -5.95
A43: COMMISSION DEMANDE DE DEPASSEMENT | C43: -249.9 | D43: =SUM(B43:C43) -> -249.9
A44: COMMISSION D'ENGAGEMENT SUR CREDI | D44: =SUM(B44:C44) -> 0
A45: COMMISSION D'ENVOI A L'ENCAISSEME | D45: =SUM(B45:C45) -> 0
A46: COMMISSION D'ETUDE | D46: =SUM(B46:C46) -> 0
A47: COMMISSION ESCOMPTE | C47: -8.568 | D47: =SUM(B47:C47) -> -8.568
A48: COMMISSION PREAVIS | D48: =SUM(B48:C48) -> 0
A49: COMMISSION REGLEMENT EFFET | C49: -5.95 | D49: =SUM(B49:C49) -> -5.95
A50: COMMISSION REGLEMENT EFFET FINANC | D50: =SUM(B50:C50) -> 0
A51: COMMISSION REJET | D51: =SUM(B51:C51) -> 0
A52: COMMISSION SUR PRELEVEMENT | B52: -2.856 | D52: =SUM(B52:C52) -> -2.856
A53: COMMISSION VERSEMENT ESPECE | D53: =SUM(B53:C53) -> 0
A54: COMMISSION VIREMENT | C54: -4.522 | D54: =SUM(B54:C54) -> -4.522
A55: COMMISSION VIREMENT EMIS | D55: =SUM(B55:C55) -> 0
A56: COMMISSION VIREMENT RECU EN DINAR | C56: -20 | D56: =SUM(B56:C56) -> -20
A57: FRAIS OBLIGATION | D57: =SUM(B57:C57) -> 0
A58: FRAIS TELECOMPENSATION | D58: =SUM(B58:C58) -> 0
A59: INETERET DE RETARD | C59: -702.181 | D59: =SUM(B59:C59) -> -702.181
A60: PENALITE DE RETARD | C60: -81.667 | D60: =SUM(B60:C60) -> -81.667
A61: S B E | D61: =SUM(B61:C61) -> 0
A62: FRAIS ADMISSION TEMPORAIRE | D62: =SUM(B62:C62) -> 0
A63: SWIFT | D63: =SUM(B63:C63) -> 0
A64: TVA | C64: -3.8 | D64: =SUM(B64:C64) -> -3.8
A65: CHARGE PERSONNEL | B65: =SUM(B66:B69) -> 0 | C65: =SUM(C66:C69) -> -47393.483 | D65: =SUM(B65:C65) -> -47393.483 | F65: =SUM(F66:F69) -> 0 | H65: =SUM(H66:H69) -> 0
A66: AVANCE | C66: -950 | D66: =SUM(B66:C66) -> -950
A67: PRÊT | C67: -1462.969 | D67: =SUM(B67:C67) -> -1462.969
A68: SALAIRE | C68: -21324.811 | D68: =SUM(B68:C68) -> -21324.811
A69: CNSS | C69: -23655.703 | D69: =SUM(B69:C69) -> -23655.703
A70: SOCIETE DU GROUPE | B70: =SUM(B71:B77) -> 0 | C70: =SUM(C71:C77) -> 0 | D70: =SUM(B70:C70) -> 0 | F70: =SUM(F71:F77) -> 0 | H70: =SUM(H71:H77) -> 0
A71: DIVIDENDES | D71: =SUM(B71:C71) -> 0
A72: FONDERIE HNAYA | D72: =SUM(B72:C72) -> 0
A73: ALPHA MEDIA | D73: =SUM(B73:C73) -> 0
A74: NOUR HEMP | D74: =SUM(B74:C74) -> 0
A75: PHENICIA | D75: =SUM(B75:C75) -> 0
A76: STA NOUR | D76: =SUM(B76:C76) -> 0
A77: TIP | D77: =SUM(B77:C77) -> 0
A78: FOURNISSEURS ETRANGER | B78: =SUM(B79:B97) -> 0 | C78: =SUM(C79:C97) -> -25902.016 | D78: =SUM(B78:C78) -> -25902.016 | F78: =SUM(F79:F97) -> 7000 | H78: =SUM(H79:H97) -> -4000
A79: ACCUMA | D79: =SUM(B79:C79) -> 0
A80: DEMETAL | D80: =SUM(B80:C80) -> 0
A81: BIASIN | D81: =SUM(B81:C81) -> 0
A82: NIZI | D82: =SUM(B82:C82) -> 0
A83: DARAMIC | D83: =SUM(B83:C83) -> 0
A84: GLATFELTER | D84: =SUM(B84:C84) -> 0
A85: GOONVEAN | D85: =SUM(B85:C85) -> 0
A86: HB FULLER | D86: =SUM(B86:C86) -> 0 | O86: 150
A87: JIANGHSU | D87: =SUM(B87:C87) -> 0 | O87: 62.09
A88: MAZOYER | D88: =SUM(B88:C88) -> 0 | O88: 70
A89: METACONCEPT | D89: =SUM(B89:C89) -> 0 | O89: 77.251
A90: METALLIANCE | D90: =SUM(B90:C90) -> 0 | O90: 54.9
A91: ORION | D91: =SUM(B91:C91) -> 0 | O91: 18
A92: RASSAS | D92: =SUM(B92:C92) -> 0 | O92: 76.235
A93: SORFIN | D93: =SUM(B93:C93) -> 0 | O93: 1223
A94: SOVEMA | D94: =SUM(B94:C94) -> 0 | O94: 270
A95: STCM | C95: -25902.016 | D95: =SUM(B95:C95) -> -25902.016 | F95: 7000 | H95: -4000 | O95: 1.5
A96: SERV | D96: =SUM(B96:C96) -> 0 | O96: 10
A97: WIRTZ | D97: =SUM(B97:C97) -> 0 | O97: 60
A98: PLOMB LOCAL | B98: =SUM(B99:B103) -> 0 | C98: =SUM(C99:C103) -> 0 | D98: =SUM(B98:C98) -> 0 | F98: =SUM(F99:F103) -> 0 | H98: =SUM(H99:H103) -> 0 | O98: 10
A99: KAIS TAYACHI | D99: =SUM(B99:C99) -> 0 | O99: 0.75
A100: HAZEM CHTOUROU | D100: =SUM(B100:C100) -> 0 | O100: 15
...

Sheet STA 05-2018
B1: STB THAMEUR | C1: STB MEGRINE | F1: MEG EURO | H1: MEG $
A2: SOLDE 30/04/2018 | B2: ='STA 04-2018'!B279 -> -4286.356 | C2: ='STA 04-2018'!C279 -> -633463.03 | D2: =SUM(B2:C2) -> -637749.38 | F2: ='STA 04-2018'!F279 -> 21126.5 | H2: ='STA 04-2018'!H279 -> 20827.65
A3: RECETTE | B3: =SUM(B4:B12) -> 20000 | C3: =SUM(C4:C12) -> 200000 | D3: =SUM(B3:C3) -> 220000 | F3: =SUM(F4:F12) -> 0 | H3: =SUM(H4:H12) -> 0
A4: SND CHEQUE | B4: 20000 | C4: 200000 | D4: =SUM(B4:C4) -> 220000
A5: SND TRAITE | D5: =SUM(B5:C5) -> 0
A6: INTERETESCOMPTE TRAITE | D6: =SUM(B6:C6) -> 0
A7: SCIT | D7: =SUM(B7:C7) -> 0
A8: ERRAFIK EL DAYEM | D8: =SUM(B8:C8) -> 0
A9: MARIBAT | D9: =SUM(B9:C9) -> 0
A10: MED ENERGY | D10: =SUM(B10:C10) -> 0
A11: ENERTECH | D11: =SUM(B11:C11) -> 0
A12: VIREMENT RECU | D12: =SUM(B12:C12) -> 0
A13: AUTRES RECETTE | B13: =SUM(B14:B21) -> 0 | C13: =SUM(C14:C21) -> -252.156 | D13: =SUM(B13:C13) -> -252.156 | F13: =SUM(F14:F21) -> 0 | H13: =SUM(H14:H21) -> 0
A14: AUGMENTATION CAPITAL | D14: =SUM(B14:C14) -> 0
A15: DEBLOCAGE CMT | D15: =SUM(B15:C15) -> 0
A16: MARGE DE GARANTIE | C16: -252.156 | D16: =SUM(B16:C16) -> -252.156
A17: BILLET DE TRESORERIE | D17: =SUM(B17:C17) -> 0
A18: CCA | D18: =SUM(B18:C18) -> 0
A19: RESTITUTION TVA | D19: =SUM(B19:C19) -> 0
A20: VENTE DOLLARS | D20: =SUM(B20:C20) -> 0
A21: VENTE EURO | D21: =SUM(B21:C21) -> 0
A22: ENGAGEMENT BANCAIRE | B22: =SUM(B23:B26) -> -5220.095 | C22: =SUM(C23:C26) -> 0 | D22: =SUM(B22:C22) -> -5220.095 | F22: =SUM(F23:F26) -> 0 | H22: =SUM(H23:H26) -> 0
A23: CMT MOBILISABLE | D23: =SUM(B23:C23) -> 0
A24: CREDIT DE GESTION | D24: =SUM(B24:C24) -> 0
A25: INTERET CREDIT DE GESTION | D25: =SUM(B25:C25) -> 0
A26: LEASING | B26: -5220.095 | D26: =SUM(B26:C26) -> -5220.095
A27: FRAIS BANQUE | B27: =SUM(B28:B64) -> -2.142 | C27: =SUM(C28:C64) -> -853.827 | D27: =SUM(B27:C27) -> -855.969 | F27: =SUM(F28:F64) -> 0 | H27: =SUM(H28:H64) -> 0
A28: AFFRANCHISSEMENT | D28: =SUM(B28:C28) -> 0
A29: AGIOS DEBITEURS | D29: =SUM(B29:C29) -> 0
A30: COMMISION OBLIGATION | D30: =SUM(B30:C30) -> 0
A31: COMMISSION / VERS CHQ | C31: -2.43 | D31: =SUM(B31:C31) -> -2.43
A32: COMMISSION ADMISSION TEMPORAIRE | C32: -440.659 | D32: =SUM(B32:C32) -> -440.659
A33: COMMISSION CAUTION DEF | C33: -202.3 | D33: =SUM(B33:C33) -> -202.3
A34: COMMISSION CHQ CERTIFIE | C34: -3.57 | D34: =SUM(B34:C34) -> -3.57
A35: COMMISSION D'ADHESION | D35: =SUM(B35:C35) -> 0
A36: COMMISSION DE CHANGE | D36: =SUM(B36:C36) -> 0
A37: COMMISSION DE DOMICILIATION | D37: =SUM(B37:C37) -> 0
A38: COMMISSION DE MODIFICATION | D38: =SUM(B38:C38) -> 0
A39: COMMISSION DE NOTIFICATION | D39: =SUM(B39:C39) -> 0
A40: COMMISSION DE REALISATION L/C IMP | D40: =SUM(B40:C40) -> 0
A41: COMMISSION DE TRANSMISSION | D41: =SUM(B41:C41) -> 0
A42: COMMISSION DELIVRANCE BON A PAYER | C42: -5.95 | D42: =SUM(B42:C42) -> -5.95
A43: COMMISSION DEMANDE DE DEPASSEMENT | C43: -107.1 | D43: =SUM(B43:C43) -> -107.1
A44: COMMISSION D'ENGAGEMENT SUR CREDI | D44: =SUM(B44:C44) -> 0
A45: COMMISSION D'ENVOI A L'ENCAISSEME | D45: =SUM(B45:C45) -> 0
A46: COMMISSION D'ETUDE | D46: =SUM(B46:C46) -> 0
A47: COMMISSION ESCOMPTE | D47: =SUM(B47:C47) -> 0
A48: COMMISSION PREAVIS | C48: -83.3 | D48: =SUM(B48:C48) -> -83.3
A49: COMMISSION REGLEMENT EFFET | C49: -5.95 | D49: =SUM(B49:C49) -> -5.95
A50: COMMISSION REGLEMENT EFFET FINANC | D50: =SUM(B50:C50) -> 0
A51: COMMISSION REJET | D51: =SUM(B51:C51) -> 0
A52: COMMISSION SUR PRELEVEMENT | B52: -2.142 | C52: -1.428 | D52: =SUM(B52:C52) -> -3.57
A53: COMMISSION VERSEMENT ESPECE | D53: =SUM(B53:C53) -> 0
A54: COMMISSION VIREMENT | D54: =SUM(B54:C54) -> 0
A55: COMMISSION VIREMENT EMIS | D55: =SUM(B55:C55) -> 0
A56: COMMISSION VIREMENT RECU EN DINAR | D56: =SUM(B56:C56) -> 0
A57: FRAIS OBLIGATION | D57: =SUM(B57:C57) -> 0
A58: FRAIS TELECOMPENSATION | C58: -1.14 | D58: =SUM(B58:C58) -> -1.14
A59: INETERET DE RETARD | D59: =SUM(B59:C59) -> 0
A60: PENALITE DE RETARD | D60: =SUM(B60:C60) -> 0
A61: S B E | D61: =SUM(B61:C61) -> 0
A62: FRAIS ADMISSION TEMPORAIRE | D62: =SUM(B62:C62) -> 0
A63: SWIFT | D63: =SUM(B63:C63) -> 0
A64: TVA | D64: =SUM(B64:C64) -> 0
A65: CHARGE PERSONNEL | B65: =SUM(B66:B69) -> 0 | C65: =SUM(C66:C69) -> -24814.222 | D65: =SUM(B65:C65) -> -24814.222 | F65: =SUM(F66:F69) -> 0 | H65: =SUM(H66:H69) -> 0
A66: AVANCE | C66: -1120 | D66: =SUM(B66:C66) -> -1120
A67: PRÊT | C67: -435.742 | D67: =SUM(B67:C67) -> -435.742
A68: SALAIRE | C68: -23258.48 | D68: =SUM(B68:C68) -> -23258.48
A69: CNSS | D69: =SUM(B69:C69) -> 0
A70: SOCIETE DU GROUPE | B70: =SUM(B71:B77) -> 0 | C70: =SUM(C71:C77) -> 0 | D70: =SUM(B70:C70) -> 0 | F70: =SUM(F71:F77) -> 0 | H70: =SUM(H71:H77) -> 0
A71: DIVIDENDES | D71: =SUM(B71:C71) -> 0
A72: FONDERIE HNAYA | D72: =SUM(B72:C72) -> 0
A73: ALPHA MEDIA | D73: =SUM(B73:C73) -> 0
A74: NOUR HEMP | D74: =SUM(B74:C74) -> 0
A75: PHENICIA | D75: =SUM(B75:C75) -> 0
A76: STA NOUR | D76: =SUM(B76:C76) -> 0
A77: TIP | D77: =SUM(B77:C77) -> 0
A78: FOURNISSEURS ETRANGER | B78: =SUM(B79:B97) -> 0 | C78: =SUM(C79:C97) -> 0 | D78: =SUM(B78:C78) -> 0 | F78: =SUM(F79:F97) -> 0 | H78: =SUM(H79:H97) -> 0
A79: ACCUMA | D79: =SUM(B79:C79) -> 0
A80: DEMETAL | D80: =SUM(B80:C80) -> 0
A81: BIASIN | D81: =SUM(B81:C81) -> 0
A82: NIZI | D82: =SUM(B82:C82) -> 0
A83: DARAMIC | D83: =SUM(B83:C83) -> 0
A84: GLATFELTER | D84: =SUM(B84:C84) -> 0
A85: GOONVEAN | D85: =SUM(B85:C85) -> 0
A86: HB FULLER | D86: =SUM(B86:C86) -> 0
A87: JIANGHSU | D87: =SUM(B87:C87) -> 0
A88: MAZOYER | D88: =SUM(B88:C88) -> 0
A89: METACONCEPT | D89: =SUM(B89:C89) -> 0
A90: METALLIANCE | D90: =SUM(B90:C90) -> 0
... A97: WIRTZ | D97: =SUM(B97:C97) -> 0
A98: PLOMB LOCAL | B98: =SUM(B99:B103) -> 0 | C98: =SUM(C99:C103) -> 0 | D98: =SUM(B98:C98) -> 0 | F98: =SUM(F99:F103) -> 0 | H98: =SUM(H99:H103) -> 0
A99: KAIS TAYACHI | D99: =SUM(B99:C99) -> 0
A100: HAZEM CHTOUROU | D100: =SUM(B100:C100) -> 0
A101: SOTRAM | D101: =SUM(B101:C101) -> 0
A102: KAMMOUN | D102: =SUM(B102:C102) -> 0
A103: TUDOR | D103: =SUM(B103:C103) -> 0
A104: ETAT ET ENERGIE | B104: =SUM(B105:B110) -> -7231.9 | C104: =SUM(C105:C110) -> -90041.341 | D104: =SUM(B104:C104) -> -97273.241 | F104: =SUM(F105:F110) -> 0 | H104: =SUM(H105:H110) -> 0
A105: S O N E D E | B105: -7231.9 | D105: =SUM(B105:C105) -> -7231.9
A106: SNDP | C106: -1426.8 | D106: =SUM(B106:C106) -> -1426.8
...

Sheet STA 06-2018
B1: STB THAMEUR | C1: STB MEGRINE | F1: MEG EURO | H1: MEG $
A2: SOLDE 31/05/2018 | B2: ='STA 05-2018'!B279 -> 3259.507 | C2: ='STA 05-2018'!C279 -> -619806.72 | D2: =SUM(B2:C2) -> -616547.21 | F2: ='STA 05-2018'!F279 -> 21126.5 | H2: ='STA 05-2018'!H279 -> 20827.65
A3: RECETTE | B3: =SUM(B4:B12) -> 15000 | C3: =SUM(C4:C12) -> 150000 | D3: =SUM(B3:C3) -> 165000 | F3: =SUM(F4:F12) -> 0 | H3: =SUM(H4:H12) -> 61492.5
A4: SND CHEQUE | B4: 15000 | C4: 150000 | D4: =SUM(B4:C4) -> 165000
A5: SND TRAITE | D5: =SUM(B5:C5) -> 0
A6: INTERETESCOMPTE TRAITE | D6: =SUM(B6:C6) -> 0
A7: SCIT | D7: =SUM(B7:C7) -> 0
A8: ERRAFIK EL DAYEM | D8: =SUM(B8:C8) -> 0
A9: MARIBAT | D9: =SUM(B9:C9) -> 0 | H9: 61492.5
A10: MED ENERGY | D10: =SUM(B10:C10) -> 0
A11: ENERTECH | D11: =SUM(B11:C11) -> 0
A12: VIREMENT RECU | D12: =SUM(B12:C12) -> 0
A13: AUTRES RECETTE | B13: =SUM(B14:B21) -> 0 | C13: =SUM(C14:C21) -> 0 | D13: =SUM(B13:C13) -> 0 | F13: =SUM(F14:F21) -> 0 | H13: =SUM(H14:H21) -> 0
A14: AUGMENTATION CAPITAL | D14: =SUM(B14:C14) -> 0
A15: DEBLOCAGE CMT | D15: =SUM(B15:C15) -> 0
A16: MARGE DE GARANTIE | D16: =SUM(B16:C16) -> 0
A17: BILLET DE TRESORERIE | D17: =SUM(B17:C17) -> 0
A18: CCA | D18: =SUM(B18:C18) -> 0
A19: RESTITUTION TVA | D19: =SUM(B19:C19) -> 0
A20: VENTE DOLLARS | D20: =SUM(B20:C20) -> 0
A21: VENTE EURO | D21: =SUM(B21:C21) -> 0
A22: ENGAGEMENT BANCAIRE | B22: =SUM(B23:B26) -> -5220.095 | C22: =SUM(C23:C26) -> 0 | D22: =SUM(B22:C22) -> -5220.095 | F22: =SUM(F23:F26) -> 0 | H22: =SUM(H23:H26) -> 0
A23: CMT MOBILISABLE | D23: =SUM(B23:C23) -> 0
A24: CREDIT DE GESTION | D24: =SUM(B24:C24) -> 0
A25: INTERET CREDIT DE GESTION | D25: =SUM(B25:C25) -> 0
A26: LEASING | B26: -5220.095 | D26: =SUM(B26:C26) -> -5220.095
A27: FRAIS BANQUE | B27: =SUM(B28:B64) -> -2.142 | C27: =SUM(C28:C64) -> -237.281 | D27: =SUM(B27:C27) -> -239.423 | F27: =SUM(F28:F64) -> 0 | H27: =SUM(H28:H64) -> 0
A28: AFFRANCHISSEMENT | D28: =SUM(B28:C28) -> 0
A29: AGIOS DEBITEURS | D29: =SUM(B29:C29) -> 0
A30: COMMISION OBLIGATION | D30: =SUM(B30:C30) -> 0
A31: COMMISSION / VERS CHQ | C31: -0.405 | D31: =SUM(B31:C31) -> -0.405
A32: COMMISSION ADMISSION TEMPORAIRE | D32: =SUM(B32:C32) -> 0
A33: COMMISSION CAUTION DEF | D33: =SUM(B33:C33) -> 0
A34: COMMISSION CHQ CERTIFIE | D34: =SUM(B34:C34) -> 0
A35: COMMISSION D'ADHESION | D35: =SUM(B35:C35) -> 0
A36: COMMISSION DE CHANGE | D36: =SUM(B36:C36) -> 0
A37: COMMISSION DE DOMICILIATION | D37: =SUM(B37:C37) -> 0
A38: COMMISSION DE MODIFICATION | D38: =SUM(B38:C38) -> 0
A39: COMMISSION DE NOTIFICATION | D39: =SUM(B39:C39) -> 0
A40: COMMISSION DE REALISATION L/C IMP | D40: =SUM(B40:C40) -> 0
A41: COMMISSION DE TRANSMISSION | D41: =SUM(B41:C41) -> 0
A42: COMMISSION DELIVRANCE BON A PAYER | D42: =SUM(B42:C42) -> 0
A43: COMMISSION DEMANDE DE DEPASSEMENT | C43: -142.8 | D43: =SUM(B43:C43) -> -142.8
A44: COMMISSION D'ENGAGEMENT SUR CREDI | D44: =SUM(B44:C44) -> 0
A45: COMMISSION D'ENVOI A L'ENCAISSEME | D45: =SUM(B45:C45) -> 0
A46: COMMISSION D'ETUDE | D46: =SUM(B46:C46) -> 0
A47: COMMISSION ESCOMPTE | D47: =SUM(B47:C47) -> 0
A48: COMMISSION PREAVIS | D48: =SUM(B48:C48) -> 0
A49: COMMISSION REGLEMENT EFFET | C49: -2.38 | D49: =SUM(B49:C49) -> -2.38
A50: COMMISSION REGLEMENT EFFET FINANC | D50: =SUM(B50:C50) -> 0
A51: COMMISSION REJET | D51: =SUM(B51:C51) -> 0
A52: COMMISSION SUR PRELEVEMENT | B52: -2.142 | C52: -0.714 | D52: =SUM(B52:C52) -> -2.856
A53: COMMISSION VERSEMENT ESPECE | D53: =SUM(B53:C53) -> 0
A54: COMMISSION VIREMENT | C54: -8.092 | D54: =SUM(B54:C54) -> -8.092
A55: COMMISSION VIREMENT EMIS | D55: =SUM(B55:C55) -> 0
A56: COMMISSION VIREMENT RECU EN DINAR | C56: -10 | D56: =SUM(B56:C56) -> -10
A57: FRAIS OBLIGATION | D57: =SUM(B57:C57) -> 0
A58: FRAIS TELECOMPENSATION | C58: -0.19 | D58: =SUM(B58:C58) -> -0.19
A59: INETERET DE RETARD | D59: =SUM(B59:C59) -> 0
A60: PENALITE DE RETARD | D60: =SUM(B60:C60) -> 0
A61: S B E | C61: -70.8 | D61: =SUM(B61:C61) -> -70.8
A62: FRAIS ADMISSION TEMPORAIRE | D62: =SUM(B62:C62) -> 0
A63: SWIFT | D63: =SUM(B63:C63) -> 0
A64: TVA | C64: -1.9 | D64: =SUM(B64:C64) -> -1.9
A65: CHARGE PERSONNEL | B65: =SUM(B66:B69) -> 0 | C65: =SUM(C66:C69) -> -25257.811 | D65: =SUM(B65:C65) -> -25257.811 | F65: =SUM(F66:F69) -> 0 | H65: =SUM(H66:H69) -> 0
A66: AVANCE | C66: 1000 | D66: =SUM(B66:C66) -> 1000
A67: PRÊT | C67: -2631.287 | D67: =SUM(B67:C67) -> -2631.287
A68: SALAIRE | C68: -22515.657 | D68: =SUM(B68:C68) -> -22515.657
A69: CNSS | C69: -1110.867 | D69: =SUM(B69:C69) -> -1110.867
A70: SOCIETE DU GROUPE | B70: =SUM(B71:B77) -> 0 | C70: =SUM(C71:C77) -> 0 | D70: =SUM(B70:C70) -> 0 | F70: =SUM(F71:F77) -> 0 | H70: =SUM(H71:H77) -> 0
A71: DIVIDENDES | D71: =SUM(B71:C71) -> 0
A72: FONDERIE HNAYA | D72: =SUM(B72:C72) -> 0
A73: ALPHA MEDIA | D73: =SUM(B73:C73) -> 0
A74: NOUR HEMP | D74: =SUM(B74:C74) -> 0
A75: PHENICIA | D75: =SUM(B75:C75) -> 0
A76: STA NOUR | D76: =SUM(B76:C76) -> 0
A77: TIP | D77: =SUM(B77:C77) -> 0
A78: FOURNISSEURS ETRANGER | B78: =SUM(B79:B97) -> 0 | C78: =SUM(C79:C97) -> 0 | D78: =SUM(B78:C78) -> 0 | F78: =SUM(F79:F97) -> 0 | H78: =SUM(H79:H97) -> 0
A79: ACCUMA | D79: =SUM(B79:C79) -> 0
A80: DEMETAL | D80: =SUM(B80:C80) -> 0
A81: BIASIN | D81: =SUM(B81:C81) -> 0
A82: NIZI | D82: =SUM(B82:C82) -> 0
A83: DARAMIC | D83: =SUM(B83:C83) -> 0
A84: GLATFELTER | D84: =SUM(B84:C84) -> 0
A85: GOONVEAN | D85: =SUM(B85:C85) -> 0
A86: HB FULLER | D86: =SUM(B86:C86) -> 0
A87: JIANGHSU | D87: =SUM(B87:C87) -> 0
A88: MAZOYER | D88: =SUM(B88:C88) -> 0
A89: METACONCEPT | D89: =SUM(B89:C89) -> 0
A90: METALLIANCE | D90: =SUM(B90:C90) -> 0
... A97: WIRTZ | D97: =SUM(B97:C97) -> 0
A98: PLOMB LOCAL | B98: =SUM(B99:B103) -> 0 | C98: =SUM(C99:C103) -> 0 | D98: =SUM(B98:C98) -> 0 | F98: =SUM(F99:F103) -> 0 | H98: =SUM(H99:H103) -> 0
A99: KAIS TAYACHI | D99: =SUM(B99:C99) -> 0
A100: HAZEM CHTOUROU | D100: =SUM(B100:C100) -> 0
A101: SOTRAM | D101: =SUM(B101:C101) -> 0
A102: KAMMOUN | D102: =SUM(B102:C102) -> 0
A103: TUDOR | D103: =SUM(B103:C103) -> 0
A104: ETAT ET ENERGIE | B104: =SUM(B105:B110) -> -959 | C104: =SUM(C105:C110) -> -39017.264 | D104: =SUM(B104:C104) -> -39976.264 | F104: =SUM(F105:F110) -> 0 | H104: =SUM(H105:H110) -> 0
A105: S O N E D E | B105: -959 | D105: =SUM(B105:C105) -> -959
A106: SNDP | C106: -713.4 | D106: =SUM(B106:C106) -> -713.4
...

Sheet STA 07-2018
B1: STB THAMEUR | C1: STB MEGRINE | F1: MEG EURO | H1: MEG $
A2: SOLDE 30/06/2018 | B2: ='STA 06-2018'!B279 -> 12078.27 | C2: ='STA 06-2018'!C279 -> -557795.39 | D2: =SUM(B2:C2) -> -545717.12 | F2: ='STA 06-2018'!F279 -> 21126.5 | H2: ='STA 06-2018'!H279 -> 82320.15
A3: RECETTE | B3: =SUM(B4:B12) -> 10000 | C3: =SUM(C4:C12) -> 147369.75 | D3: =SUM(B3:C3) -> 157369.75 | F3: =SUM(F4:F12) -> 0 | H3: =SUM(H4:H12) -> 0
A4: SND CHEQUE | B4: 10000 | D4: =SUM(B4:C4) -> 10000
A5: SND TRAITE | C5: 150000 | D5: =SUM(B5:C5) -> 150000
A6: INTERETESCOMPTE TRAITE | C6: -2630.25 | D6: =SUM(B6:C6) -> -2630.25
A7: SCIT | D7: =SUM(B7:C7) -> 0
A8: ERRAFIK EL DAYEM | D8: =SUM(B8:C8) -> 0
A9: MARIBAT | D9: =SUM(B9:C9) -> 0
A10: MED ENERGY | D10: =SUM(B10:C10) -> 0
A11: ENERTECH | D11: =SUM(B11:C11) -> 0
A12: VIREMENT RECU | D12: =SUM(B12:C12) -> 0
A13: AUTRES RECETTE | B13: =SUM(B14:B21) -> 0 | C13: =SUM(C14:C21) -> 252.156 | D13: =SUM(B13:C13) -> 252.156 | F13: =SUM(F14:F21) -> 0 | H13: =SUM(H14:H21) -> 0
A14: AUGMENTATION CAPITAL | D14: =SUM(B14:C14) -> 0
A15: DEBLOCAGE CMT | D15: =SUM(B15:C15) -> 0
A16: MARGE DE GARANTIE | C16: 252.156 | D16: =SUM(B16:C16) -> 252.156
A17: BILLET DE TRESORERIE | D17: =SUM(B17:C17) -> 0
A18: CCA | D18: =SUM(B18:C18) -> 0
A19: RESTITUTION TVA | D19: =SUM(B19:C19) -> 0
A20: VENTE DOLLARS | D20: =SUM(B20:C20) -> 0
A21: VENTE EURO | D21: =SUM(B21:C21) -> 0
A22: ENGAGEMENT BANCAIRE | B22: =SUM(B23:B26) -> -5220.095 | C22: =SUM(C23:C26) -> 0 | D22: =SUM(B22:C22) -> -5220.095 | F22: =SUM(F23:F26) -> 0 | H22: =SUM(H23:H26) -> 0
A23: CMT MOBILISABLE | D23: =SUM(B23:C23) -> 0
A24: CREDIT DE GESTION | D24: =SUM(B24:C24) -> 0
A25: INTERET CREDIT DE GESTION | D25: =SUM(B25:C25) -> 0
A26: LEASING | B26: -5220.095 | D26: =SUM(B26:C26) -> -5220.095
A27: FRAIS BANQUE | B27: =SUM(B28:B64) -> -17271.187 | C27: =SUM(C28:C64) -> -5309.472 | D27: =SUM(B27:C27) -> -22580.659 | F27: =SUM(F28:F64) -> 0 | H27: =SUM(H28:H64) -> 0
A28: AFFRANCHISSEMENT | C28: -2.5 | D28: =SUM(B28:C28) -> -2.5
A29: AGIOS DEBITEURS | B29: =-15719.777-1549.268 -> -17269.045 | D29: =SUM(B29:C29) -> -17269.045
A30: COMMISION OBLIGATION | C30: -91.964 | D30: =SUM(B30:C30) -> -91.964
A31: COMMISSION / VERS CHQ | C31: -2.096 | D31: =SUM(B31:C31) -> -2.096
A32: COMMISSION ADMISSION TEMPORAIRE | C32: -881.316 | D32: =SUM(B32:C32) -> -881.316
A33: COMMISSION CAUTION DEF | C33: -404.6 | D33: =SUM(B33:C33) -> -404.6
A34: COMMISSION CHQ CERTIFIE | C34: -5.95 | D34: =SUM(B34:C34) -> -5.95
A35: COMMISSION D'ADHESION | D35: =SUM(B35:C35) -> 0
A36: COMMISSION DE CHANGE | D36: =SUM(B36:C36) -> 0
A37: COMMISSION DE DOMICILIATION | C37: -4 | D37: =SUM(B37:C37) -> -4
A38: COMMISSION DE MODIFICATION | D38: =SUM(B38:C38) -> 0
A39: COMMISSION DE NOTIFICATION | D39: =SUM(B39:C39) -> 0
A40: COMMISSION DE REALISATION L/C IMP | D40: =SUM(B40:C40) -> 0
A41: COMMISSION DE TRANSMISSION | D41: =SUM(B41:C41) -> 0
A42: COMMISSION DELIVRANCE BON A PAYER | D42: =SUM(B42:C42) -> 0
A43: COMMISSION DEMANDE DE DEPASSEMENT | C43: -142.8 | D43: =SUM(B43:C43) -> -142.8
A44: COMMISSION D'ENGAGEMENT SUR CREDI | D44: =SUM(B44:C44) -> 0
A45: COMMISSION D'ENVOI A L'ENCAISSEME | C45: -12 | D45: =SUM(B45:C45) -> -12
A46: COMMISSION D'ETUDE | C46: -10 | D46: =SUM(B46:C46) -> -10
A47: COMMISSION ESCOMPTE | C47: -10.71 | D47: =SUM(B47:C47) -> -10.71
A48: COMMISSION PREAVIS | D48: =SUM(B48:C48) -> 0
A49: COMMISSION REGLEMENT EFFET | C49: -1.785 | D49: =SUM(B49:C49) -> -1.785
A50: COMMISSION REGLEMENT EFFET FINANC | C50: -4.165 | D50: =SUM(B50:C50) -> -4.165
A51: COMMISSION REJET | D51: =SUM(B51:C51) -> 0
A52: COMMISSION SUR PRELEVEMENT | B52: -2.142 | D52: =SUM(B52:C52) -> -2.142
A53: COMMISSION VERSEMENT ESPECE | D53: =SUM(B53:C53) -> 0
A54: COMMISSION VIREMENT | C54: -8.092 | D54: =SUM(B54:C54) -> -8.092
A55: COMMISSION VIREMENT EMIS | D55: =SUM(B55:C55) -> 0
A56: COMMISSION VIREMENT RECU EN DINAR | D56: =SUM(B56:C56) -> 0
A57: FRAIS OBLIGATION | C57: -29.75 | D57: =SUM(B57:C57) -> -29.75
A58: FRAIS TELECOMPENSATION | C58: -0.76 | D58: =SUM(B58:C58) -> -0.76
A59: INETERET DE RETARD | C59: -2730.933 | D59: =SUM(B59:C59) -> -2730.933
A60: PENALITE DE RETARD | C60: -342.222 | D60: =SUM(B60:C60) -> -342.222
A61: S B E | C61: -609.369 | D61: =SUM(B61:C61) -> -609.369
A62: FRAIS ADMISSION TEMPORAIRE | D62: =SUM(B62:C62) -> 0
A63: SWIFT | C63: -8 | D63: =SUM(B63:C63) -> -8
A64: TVA | C64: -6.46 | D64: =SUM(B64:C64) -> -6.46
A65: CHARGE PERSONNEL | B65: =SUM(B66:B69) -> 0 | C65: =SUM(C66:C69) -> -57757.183 | D65: =SUM(B65:C65) -> -57757.183 | F65: =SUM(F66:F69) -> 0 | H65: =SUM(H66:H69) -> 0
A66: AVANCE | D66: =SUM(B66:C66) -> 0
A67: PRÊT | C67: -500 | D67: =SUM(B67:C67) -> -500
A68: SALAIRE | C68: -35458.967 | D68: =SUM(B68:C68) -> -35458.967
A69: CNSS | C69: -21798.216 | D69: =SUM(B69:C69) -> -21798.216
A70: SOCIETE DU GROUPE | B70: =SUM(B71:B77) -> 0 | C70: =SUM(C71:C77) -> -55000 | D70: =SUM(B70:C70) -> -55000 | F70: =SUM(F71:F77) -> 0 | H70: =SUM(H71:H77) -> 0
A71: DIVIDENDES | D71: =SUM(B71:C71) -> 0
A72: FONDERIE HNAYA | D72: =SUM(B72:C72) -> 0
A73: ALPHA MEDIA | D73: =SUM(B73:C73) -> 0
A74: NOUR HEMP | D74: =SUM(B74:C74) -> 0
A75: PHENICIA | D75: =SUM(B75:C75) -> 0
A76: STA NOUR | D76: =SUM(B76:C76) -> 0
A77: TIP | C77: -55000 | D77: =SUM(B77:C77) -> -55000
A78: FOURNISSEURS ETRANGER | B78: =SUM(B79:B97) -> 0 | C78: =SUM(C79:C97) -> 0 | D78: =SUM(B78:C78) -> 0 | F78: =SUM(F79:F97) -> -21000 | H78: =SUM(H79:H97) -> -81000
A79: ACCUMA | D79: =SUM(B79:C79) -> 0
A80: DEMETAL | D80: =SUM(B80:C80) -> 0
A81: BIASIN | D81: =SUM(B81:C81) -> 0
A82: NIZI | D82: =SUM(B82:C82) -> 0
A83: DARAMIC | D83: =SUM(B83:C83) -> 0
A84: GLATFELTER | D84: =SUM(B84:C84) -> 0
A85: GOONVEAN | D85: =SUM(B85:C85) -> 0
A86: HB FULLER | D86: =SUM(B86:C86) -> 0
A87: JIANGHSU | D87: =SUM(B87:C87) -> 0
A88: MAZOYER | D88: =SUM(B88:C88) -> 0
A89: METACONCEPT | D89: =SUM(B89:C89) -> 0
A90: METALLIANCE | D90: =SUM(B90:C90) -> 0
... A94: SOVEMA | D94: =SUM(B94:C94) -> 0
A95: STCM | D95: =SUM(B95:C95) -> 0 | F95: -21000 | H95: -81000
A96: SERV | D96: =SUM(B96:C96) -> 0
A97: WIRTZ | D97: =SUM(B97:C97) -> 0
A98: PLOMB LOCAL | B98: =SUM(B99:B103) -> 0 | C98: =SUM(C99:C103) -> 0 | D98: =SUM(B98:C98) -> 0 | F98: =SUM(F99:F103) -> 0 | H98: =SUM(H99:H103) -> 0
A99: KAIS TAYACHI | D99: =SUM(B99:C99) -> 0
A100: HAZEM CHTOUROU | D100: =SUM(B100:C100) -> 0
A101: SOTRAM | D101: =SUM(B101:C101) -> 0
A102: KAMMOUN | D102: =SUM(B102:C102) -> 0
A103: TUDOR | D103: =SUM(B103:C103) -> 0
...

Sheet STA 08-2018
B1: STB THAMEUR | C1: STB MEGRINE | F1: MEG EURO | H1: MEG $
A2: SOLDE 31/07/2018 | B2: ='STA 07-2018'!B279 -> -1561.512 | C2: ='STA 07-2018'!C279 -> -582683.08 | D2: =SUM(B2:C2) -> -584244.6 | F2: ='STA 07-2018'!F279 -> 126.5 | H2: ='STA 07-2018'!H279 -> 1320.15
A3: RECETTE | B3: =SUM(B4:B12) -> 10000 | C3: =SUM(C4:C12) -> 100000 | D3: =SUM(B3:C3) -> 110000 | F3: =SUM(F4:F12) -> 0 | H3: =SUM(H4:H12) -> 95694.34
A4: SND CHEQUE | B4: 10000 | C4: 100000 | D4: =SUM(B4:C4) -> 110000
A5: SND TRAITE | D5: =SUM(B5:C5) -> 0
A6: INTERETESCOMPTE TRAITE | D6: =SUM(B6:C6) -> 0
A7: SCIT | D7: =SUM(B7:C7) -> 0
A8: ERRAFIK EL DAYEM | D8: =SUM(B8:C8) -> 0
A9: MARIBAT | D9: =SUM(B9:C9) -> 0 | H9: 95694.34
A10: MED ENERGY | D10: =SUM(B10:C10) -> 0
A11: ENERTECH | D11: =SUM(B11:C11) -> 0
A12: VIREMENT RECU | D12: =SUM(B12:C12) -> 0
A13: AUTRES RECETTE | B13: =SUM(B14:B21) -> 0 | C13: =SUM(C14:C21) -> -152381.25 | D13: =SUM(B13:C13) -> -152381.25 | F13: =SUM(F14:F21) -> 0 | H13: =SUM(H14:H21) -> 0
A14: AUGMENTATION CAPITAL | D14: =SUM(B14:C14) -> 0
A15: DEBLOCAGE CMT | D15: =SUM(B15:C15) -> 0
A16: MARGE DE GARANTIE | C16: -152381.25 | D16: =SUM(B16:C16) -> -152381.25
A17: BILLET DE TRESORERIE | D17: =SUM(B17:C17) -> 0
A18: CCA | D18: =SUM(B18:C18) -> 0
A19: RESTITUTION TVA | D19: =SUM(B19:C19) -> 0
A20: VENTE DOLLARS | D20: =SUM(B20:C20) -> 0
A21: VENTE EURO | D21: =SUM(B21:C21) -> 0
A22: ENGAGEMENT BANCAIRE | B22: =SUM(B23:B26) -> -5220.095 | C22: =SUM(C23:C26) -> 0 | D22: =SUM(B22:C22) -> -5220.095 | F22: =SUM(F23:F26) -> 0 | H22: =SUM(H23:H26) -> 0
A23: CMT MOBILISABLE | D23: =SUM(B23:C23) -> 0
A24: CREDIT DE GESTION | D24: =SUM(B24:C24) -> 0
A25: INTERET CREDIT DE GESTION | D25: =SUM(B25:C25) -> 0
A26: LEASING | B26: -5220.095 | D26: =SUM(B26:C26) -> -5220.095
A27: FRAIS BANQUE | B27: =SUM(B28:B64) -> -2.142 | C27: =SUM(C28:C64) -> -860.761 | D27: =SUM(B27:C27) -> -862.903 | F27: =SUM(F28:F64) -> 0 | H27: =SUM(H28:H64) -> 0
A28: AFFRANCHISSEMENT | D28: =SUM(B28:C28) -> 0
A29: AGIOS DEBITEURS | D29: =SUM(B29:C29) -> 0
A30: COMMISION OBLIGATION | C30: -114.035 | D30: =SUM(B30:C30) -> -114.035
A31: COMMISSION / VERS CHQ | C31: -2.286 | D31: =SUM(B31:C31) -> -2.286
A32: COMMISSION ADMISSION TEMPORAIRE | C32: -440.658 | D32: =SUM(B32:C32) -> -440.658
A33: COMMISSION CAUTION DEF | C33: -202.3 | D33: =SUM(B33:C33) -> -202.3
A34: COMMISSION CHQ CERTIFIE | D34: =SUM(B34:C34) -> 0
A35: COMMISSION D'ADHESION | D35: =SUM(B35:C35) -> 0
A36: COMMISSION DE CHANGE | D36: =SUM(B36:C36) -> 0
A37: COMMISSION DE DOMICILIATION | C37: -4 | D37: =SUM(B37:C37) -> -4
A38: COMMISSION DE MODIFICATION | D38: =SUM(B38:C38) -> 0
A39: COMMISSION DE NOTIFICATION | D39: =SUM(B39:C39) -> 0
A40: COMMISSION DE REALISATION L/C IMP | C40: -12 | D40: =SUM(B40:C40) -> -12
A41: COMMISSION DE TRANSMISSION | D41: =SUM(B41:C41) -> 0
A42: COMMISSION DELIVRANCE BON A PAYER | D42: =SUM(B42:C42) -> 0
A43: COMMISSION DEMANDE DE DEPASSEMENT | D43: =SUM(B43:C43) -> 0
A44: COMMISSION D'ENGAGEMENT SUR CREDI | D44: =SUM(B44:C44) -> 0
A45: COMMISSION D'ENVOI A L'ENCAISSEME | D45: =SUM(B45:C45) -> 0
A46: COMMISSION D'ETUDE | C46: -10 | D46: =SUM(B46:C46) -> -10
A47: COMMISSION ESCOMPTE | D47: =SUM(B47:C47) -> 0
A48: COMMISSION PREAVIS | D48: =SUM(B48:C48) -> 0
A49: COMMISSION REGLEMENT EFFET | C49: -7.14 | D49: =SUM(B49:C49) -> -7.14
A50: COMMISSION REGLEMENT EFFET FINANC | D50: =SUM(B50:C50) -> 0
A51: COMMISSION REJET | D51: =SUM(B51:C51) -> 0
A52: COMMISSION SUR PRELEVEMENT | B52: -2.142 | C52: -1.428 | D52: =SUM(B52:C52) -> -3.57
A53: COMMISSION VERSEMENT ESPECE | D53: =SUM(B53:C53) -> 0
A54: COMMISSION VIREMENT | C54: -9.044 | D54: =SUM(B54:C54) -> -9.044
A55: COMMISSION VIREMENT EMIS | D55: =SUM(B55:C55) -> 0
A56: COMMISSION VIREMENT RECU EN DINAR | C56: -30 | D56: =SUM(B56:C56) -> -30
A57: FRAIS OBLIGATION | D57: =SUM(B57:C57) -> 0
A58: FRAIS TELECOMPENSATION | C58: -0.57 | D58: =SUM(B58:C58) -> -0.57
A59: INETERET DE RETARD | D59: =SUM(B59:C59) -> 0
A60: PENALITE DE RETARD | D60: =SUM(B60:C60) -> 0
A61: PRELEVEMENT MANUEL | D61: =SUM(B61:C61) -> 0
A62: FRAIS ADMISSION TEMPORAIRE | D62: =SUM(B62:C62) -> 0
A63: SWIFT | C63: -14 | D63: =SUM(B63:C63) -> -14
A64: TVA | C64: -13.3 | D64: =SUM(B64:C64) -> -13.3
A65: CHARGE PERSONNEL | B65: =SUM(B66:B69) -> 0 | C65: =SUM(C66:C69) -> -20334.318 | D65: =SUM(B65:C65) -> -20334.318 | F65: =SUM(F66:F69) -> 0 | H65: =SUM(H66:H69) -> 0
A66: AVANCE | D66: =SUM(B66:C66) -> 0
A67: PRÊT | C67: -3212.968 | D67: =SUM(B67:C67) -> -3212.968
A68: SALAIRE | C68: -16829.016 | D68: =SUM(B68:C68) -> -16829.016
A69: CNSS | C69: -292.334 | D69: =SUM(B69:C69) -> -292.334
A70: SOCIETE DU GROUPE | B70: =SUM(B71:B77) -> 0 | C70: =SUM(C71:C77) -> 0 | D70: =SUM(B70:C70) -> 0 | F70: =SUM(F71:F77) -> 0 | H70: =SUM(H71:H77) -> 0
A71: DIVIDENDES | D71: =SUM(B71:C71) -> 0
A72: FONDERIE HNAYA | D72: =SUM(B72:C72) -> 0
A73: ALPHA MEDIA | D73: =SUM(B73:C73) -> 0
A74: NOUR HEMP | D74: =SUM(B74:C74) -> 0
A75: PHENICIA | D75: =SUM(B75:C75) -> 0
A76: STA NOUR | D76: =SUM(B76:C76) -> 0
A77: TIP | D77: =SUM(B77:C77) -> 0
A78: FOURNISSEURS ETRANGER | B78: =SUM(B79:B97) -> 0 | C78: =SUM(C79:C97) -> 0 | D78: =SUM(B78:C78) -> 0 | F78: =SUM(F79:F97) -> 0 | H78: =SUM(H79:H97) -> 0
A79: ACCUMA | D79: =SUM(B79:C79) -> 0
A80: DEMETAL | D80: =SUM(B80:C80) -> 0
A81: BIASIN | D81: =SUM(B81:C81) -> 0
A82: NIZI | D82: =SUM(B82:C82) -> 0
A83: DARAMIC | D83: =SUM(B83:C83) -> 0
A84: GLATFELTER | D84: =SUM(B84:C84) -> 0
A85: GOONVEAN | D85: =SUM(B85:C85) -> 0
A86: HB FULLER | D86: =SUM(B86:C86) -> 0
A87: JIANGHSU | D87: =SUM(B87:C87) -> 0
A88: MAZOYER | D88: =SUM(B88:C88) -> 0
A89: METACONCEPT | D89: =SUM(B89:C89) -> 0
A90: METALLIANCE | D90: =SUM(B90:C90) -> 0
... A97: WIRTZ | D97: =SUM(B97:C97) -> 0
A98: PLOMB LOCAL | B98: =SUM(B99:B103) -> 0 | C98: =SUM(C99:C103) -> 0 | D98: =SUM(B98:C98) -> 0 | F98: =SUM(F99:F103) -> 0 | H98: =SUM(H99:H103) -> 0
A99: KAIS TAYACHI | D99: =SUM(B99:C99) -> 0
A100: HAZEM CHTOUROU | D100: =SUM(B100:C100) -> 0
A101: SOTRAM | D101: =SUM(B101:C101) -> 0
A102: KAMMOUN | D102: =SUM(B102:C102) -> 0
A103: TUDOR | D103: =SUM(B103:C103) -> 0
A104: ETAT ET ENERGIE | B104: =SUM(B105:B110) -> -1298.6 | C104: =SUM(C105:C110) -> -90197.347 | D104: =SUM(B104:C104) -> -91495.947 | F104: =SUM(F105:F110) -> 0 | H104: =SUM(H105:H110) -> 0
A105: S O N E D E | B105: -1298.6 | D105: =SUM(B105:C105) -> -1298.6
A106: SNDP | D106: =SUM(B106:C106) -> 0
...

Sheet STA 09-2018
B1: STB THAMEUR | C1: STB MEGRINE | F1: MEG EURO | H1: MEG $
A2: SOLDE 31/08/2018 | B2: ='STA 08-2018'!B279 -> 1917.651 | C2: ='STA 08-2018'!C279 -> -777783.61 | D2: =SUM(B2:C2) -> -775865.96 | F2: ='STA 08-2018'!F279 -> 126.5 | H2: ='STA 08-2018'!H279 -> 97014.49
A3: RECETTE | B3: =SUM(B4:B12) -> 0 | C3: =SUM(C4:C12) -> 138322.92 | D3: =SUM(B3:C3) -> 138322.92 | F3: =SUM(F4:F12) -> 0 | H3: =SUM(H4:H12) -> 0
A4: SND CHEQUE | C4: 40000 | D4: =SUM(B4:C4) -> 40000
A5: SND TRAITE | C5: 100000 | D5: =SUM(B5:C5) -> 100000
A6: INTERETESCOMPTE TRAITE | C6: -1677.084 | D6: =SUM(B6:C6) -> -1677.084
A7: SCIT | D7: =SUM(B7:C7) -> 0
A8: ERRAFIK EL DAYEM | D8: =SUM(B8:C8) -> 0
A9: MARIBAT | D9: =SUM(B9:C9) -> 0
A10: MED ENERGY | D10: =SUM(B10:C10) -> 0
A11: ENERTECH | D11: =SUM(B11:C11) -> 0
A12: VIREMENT RECU | D12: =SUM(B12:C12) -> 0
A13: AUTRES RECETTE | B13: =SUM(B14:B21) -> 0 | C13: =SUM(C14:C21) -> 0 | D13: =SUM(B13:C13) -> 0 | F13: =SUM(F14:F21) -> 0 | H13: =SUM(H14:H21) -> 0
A14: AUGMENTATION CAPITAL | D14: =SUM(B14:C14) -> 0
A15: DEBLOCAGE CMT | D15: =SUM(B15:C15) -> 0
A16: MARGE DE GARANTIE | D16: =SUM(B16:C16) -> 0
A17: BILLET DE TRESORERIE | D17: =SUM(B17:C17) -> 0
A18: CCA | D18: =SUM(B18:C18) -> 0
A19: RESTITUTION TVA | D19: =SUM(B19:C19) -> 0
A20: VENTE DOLLARS | D20: =SUM(B20:C20) -> 0
A21: VENTE EURO | D21: =SUM(B21:C21) -> 0
A22: ENGAGEMENT BANCAIRE | B22: =SUM(B23:B26) -> -5220.095 | C22: =SUM(C23:C26) -> -200898.89 | D22: =SUM(B22:C22) -> -206118.98 | F22: =SUM(F23:F26) -> 0 | H22: =SUM(H23:H26) -> 0
A23: CMT MOBILISABLE | D23: =SUM(B23:C23) -> 0
A24: CREDIT DE GESTION | C24: -185000 | D24: =SUM(B24:C24) -> -185000
A25: INTERET CREDIT DE GESTION | C25: -15898.889 | D25: =SUM(B25:C25) -> -15898.889
A26: LEASING | B26: -5220.095 | D26: =SUM(B26:C26) -> -5220.095
A27: FRAIS BANQUE | B27: =SUM(B28:B64) -> -2.142 | C27: =SUM(C28:C64) -> -24313.019 | D27: =SUM(B27:C27) -> -24315.161 | F27: =SUM(F28:F64) -> 0 | H27: =SUM(H28:H64) -> 0
A28: AFFRANCHISSEMENT | D28: =SUM(B28:C28) -> 0
A29: AGIOS DEBITEURS | D29: =SUM(B29:C29) -> 0
A30: COMMISION OBLIGATION | D30: =SUM(B30:C30) -> 0
A31: COMMISSION / VERS CHQ | C31: -2.977 | D31: =SUM(B31:C31) -> -2.977
A32: COMMISSION ADMISSION TEMPORAIRE | D32: =SUM(B32:C32) -> 0
A33: COMMISSION CAUTION DEF | D33: =SUM(B33:C33) -> 0
A34: COMMISSION CHQ CERTIFIE | D34: =SUM(B34:C34) -> 0
A35: COMMISSION D'ADHESION | D35: =SUM(B35:C35) -> 0
A36: COMMISSION DE CHANGE | D36: =SUM(B36:C36) -> 0
A37: COMMISSION DE DOMICILIATION | D37: =SUM(B37:C37) -> 0
A38: COMMISSION DE MODIFICATION | D38: =SUM(B38:C38) -> 0
A39: COMMISSION DE NOTIFICATION | D39: =SUM(B39:C39) -> 0
A40: COMMISSION DE REALISATION L/C IMP | D40: =SUM(B40:C40) -> 0
A41: COMMISSION DE TRANSMISSION | D41: =SUM(B41:C41) -> 0
A42: COMMISSION DELIVRANCE BON A PAYER | D42: =SUM(B42:C42) -> 0
A43: COMMISSION DEMANDE DE DEPASSEMENT | C43: -285.6 | D43: =SUM(B43:C43) -> -285.6
A44: COMMISSION D'ENGAGEMENT SUR CREDI | D44: =SUM(B44:C44) -> 0
A45: COMMISSION D'ENVOI A L'ENCAISSEME | D45: =SUM(B45:C45) -> 0
A46: COMMISSION D'ETUDE | C46: -1785 | D46: =SUM(B46:C46) -> -1785
A47: COMMISSION ESCOMPTE | C47: -7.14 | D47: =SUM(B47:C47) -> -7.14
A48: COMMISSION PREAVIS | D48: =SUM(B48:C48) -> 0
A49: COMMISSION REGLEMENT EFFET | C49: -1.785 | D49: =SUM(B49:C49) -> -1.785
A50: COMMISSION REGLEMENT EFFET FINANC | D50: =SUM(B50:C50) -> 0
A51: COMMISSION REJET | D51: =SUM(B51:C51) -> 0
A52: COMMISSION SUR PRELEVEMENT | B52: -2.142 | D52: =SUM(B52:C52) -> -2.142
A53: COMMISSION VERSEMENT ESPECE | D53: =SUM(B53:C53) -> 0
A54: COMMISSION VIREMENT | D54: =SUM(B54:C54) -> 0
A55: COMMISSION VIREMENT EMIS | D55: =SUM(B55:C55) -> 0
A56: COMMISSION VIREMENT RECU EN DINAR | D56: =SUM(B56:C56) -> 0
A57: FRAIS OBLIGATION | D57: =SUM(B57:C57) -> 0
A58: FRAIS TELECOMPENSATION | C58: -0.95 | D58: =SUM(B58:C58) -> -0.95
A59: INETERET DE RETARD | C59: -20001.789 | D59: =SUM(B59:C59) -> -20001.789
A60: PENALITE DE RETARD | C60: -2227.778 | D60: =SUM(B60:C60) -> -2227.778
A61: PRELEVEMENT MANUEL | D61: =SUM(B61:C61) -> 0
A62: FRAIS ADMISSION TEMPORAIRE | D62: =SUM(B62:C62) -> 0
A63: SWIFT | D63: =SUM(B63:C63) -> 0
A64: TVA | D64: =SUM(B64:C64) -> 0
A65: CHARGE PERSONNEL | B65: =SUM(B66:B69) -> 0 | C65: =SUM(C66:C69) -> -10283.836 | D65: =SUM(B65:C65) -> -10283.836 | F65: =SUM(F66:F69) -> 0 | H65: =SUM(H66:H69) -> 0
A66: AVANCE | D66: =SUM(B66:C66) -> 0
A67: PRÊT | C67: 1274.064 | D67: =SUM(B67:C67) -> 1274.064
A68: SALAIRE | C68: -11265.566 | D68: =SUM(B68:C68) -> -11265.566
A69: CNSS | C69: -292.334 | D69: =SUM(B69:C69) -> -292.334
A70: SOCIETE DU GROUPE | B70: =SUM(B71:B77) -> 0 | C70: =SUM(C71:C77) -> -22120.065 | D70: =SUM(B70:C70) -> -22120.065 | F70: =SUM(F71:F77) -> 0 | H70: =SUM(H71:H77) -> 0
A71: DIVIDENDES | D71: =SUM(B71:C71) -> 0
A72: FONDERIE HNAYA | C72: -141548.11 | D72: =SUM(B72:C72) -> -141548.11
A73: ALPHA MEDIA | D73: =SUM(B73:C73) -> 0
A74: NOUR HEMP | D74: =SUM(B74:C74) -> 0
A75: PHENICIA | D75: =SUM(B75:C75) -> 0
A76: STA NOUR | D76: =SUM(B76:C76) -> 0
A77: TIP | C77: 119428.04 | D77: =SUM(B77:C77) -> 119428.04
A78: FOURNISSEURS ETRANGER | B78: =SUM(B79:B97) -> 0 | C78: =SUM(C79:C97) -> 0 | D78: =SUM(B78:C78) -> 0 | F78: =SUM(F79:F97) -> 0 | H78: =SUM(H79:H97) -> 0
A79: ACCUMA | D79: =SUM(B79:C79) -> 0
A80: DEMETAL | D80: =SUM(B80:C80) -> 0
A81: BIASIN | D81: =SUM(B81:C81) -> 0
A82: NIZI | D82: =SUM(B82:C82) -> 0
A83: DARAMIC | D83: =SUM(B83:C83) -> 0
A84: GLATFELTER | D84: =SUM(B84:C84) -> 0
A85: GOONVEAN | D85: =SUM(B85:C85) -> 0
A86: HB FULLER | D86: =SUM(B86:C86) -> 0
A87: JIANGHSU | D87: =SUM(B87:C87) -> 0
A88: MAZOYER | D88: =SUM(B88:C88) -> 0
A89: METACONCEPT | D89: =SUM(B89:C89) -> 0
A90: METALLIANCE | D90: =SUM(B90:C90) -> 0
... A97: WIRTZ | D97: =SUM(B97:C97) -> 0
A98: PLOMB LOCAL | B98: =SUM(B99:B103) -> 0 | C98: =SUM(C99:C103) -> 0 | D98: =SUM(B98:C98) -> 0 | F98: =SUM(F99:F103) -> 0 | H98: =SUM(H99:H103) -> 0
A99: KAIS TAYACHI | D99: =SUM(B99:C99) -> 0
A100: HAZEM CHTOUROU | D100: =SUM(B100:C100) -> 0
A101: SOTRAM | D101: =SUM(B101:C101) -> 0
A102: KAMMOUN | D102: =SUM(B102:C102) -> 0
A103: TUDOR | D103: =SUM(B103:C103) -> 0
A104: ETAT ET ENERGIE | B104: =SUM(B105:B110) -> -1097.2 | C104: =SUM(C105:C110) -> -17131.306 | D104: =SUM(B104:C104) -> -18228.506 | F104: =SUM(F105:F110) -> 0 | H104: =SUM(H105:H110) -> 0
A105: S O N E D E | B105: -1097.2 | D105: =SUM(B105:C105) -> -1097.2
A106: SNDP | C106: -1426.8 | D106: =SUM(B106:C106) -> -1426.8
...

Sheet STA 10-2018
B1: STB THAMEUR | C1: STB MEGRINE | F1: MEG EURO | H1: MEG $
A2: SOLDE 30/09/2017 | B2: ='STA 09-2018'!B279 -> -4401.786 | C2: ='STA 09-2018'!C279 -> -925079.14 | D2: =SUM(B2:C2) -> -929480.93 | F2: ='STA 09-2018'!F279 -> 126.5 | H2: ='STA 09-2018'!H279 -> 97014.49
A3: RECETTE | B3: =SUM(B4:B12) -> 40000 | C3: =SUM(C4:C12) -> 100150 | D3: =SUM(B3:C3) -> 140150 | F3: =SUM(F4:F12) -> 0 | H3: =SUM(H4:H12) -> 0
A4: SND CHEQUE | B4: 40000 | C4: 100000 | D4: =SUM(B4:C4) -> 140000
A5: SND TRAITE | D5: =SUM(B5:C5) -> 0
A6: INTERETESCOMPTE TRAITE | D6: =SUM(B6:C6) -> 0
A7: SCIT | D7: =SUM(B7:C7) -> 0
A8: ERRAFIK EL DAYEM | D8: =SUM(B8:C8) -> 0
A9: MARIBAT | D9: =SUM(B9:C9) -> 0
A10: MED ENERGY | D10: =SUM(B10:C10) -> 0
A11: ENERTECH | D11: =SUM(B11:C11) -> 0
A12: VIREMENT RECU | C12: 150 | D12: =SUM(B12:C12) -> 150
A13: AUTRES RECETTE | B13: =SUM(B14:B21) -> 0 | C13: =SUM(C14:C21) -> 152381.25 | D13: =SUM(B13:C13) -> 152381.25 | F13: =SUM(F14:F21) -> 0 | H13: =SUM(H14:H21) -> 0
A14: AUGMENTATION CAPITAL | D14: =SUM(B14:C14) -> 0
A15: DEBLOCAGE CMT | D15: =SUM(B15:C15) -> 0
A16: MARGE DE GARANTIE | C16: 152381.25 | D16: =SUM(B16:C16) -> 152381.25
A17: BILLET DE TRESORERIE | D17: =SUM(B17:C17) -> 0
A18: CCA | D18: =SUM(B18:C18) -> 0
A19: RESTITUTION TVA | D19: =SUM(B19:C19) -> 0
A20: VENTE DOLLARS | D20: =SUM(B20:C20) -> 0
A21: VENTE EURO | D21: =SUM(B21:C21) -> 0
A22: ENGAGEMENT BANCAIRE | B22: =SUM(B23:B26) -> -5220.095 | C22: =SUM(C23:C26) -> 0 | D22: =SUM(B22:C22) -> -5220.095 | F22: =SUM(F23:F26) -> 0 | H22: =SUM(H23:H26) -> 0
A23: CMT MOBILISABLE | D23: =SUM(B23:C23) -> 0
A24: CREDIT DE GESTION | D24: =SUM(B24:C24) -> 0
A25: INTERET CREDIT DE GESTION | D25: =SUM(B25:C25) -> 0
A26: LEASING | B26: -5220.095 | D26: =SUM(B26:C26) -> -5220.095
A27: FRAIS BANQUE | B27: =SUM(B28:B64) -> -22013.151 | C27: =SUM(C28:C64) -> -1532.083 | D27: =SUM(B27:C27) -> -23545.234 | F27: =SUM(F28:F64) -> 0 | H27: =SUM(H28:H64) -> 0
A28: AFFRANCHISSEMENT | D28: =SUM(B28:C28) -> 0
A29: AGIOS DEBITEURS | B29: =-20287.127-1723.525 -> -22010.652 | D29: =SUM(B29:C29) -> -22010.652
A30: COMMISION OBLIGATION | C30: -125.071 | D30: =SUM(B30:C30) -> -125.071
A31: COMMISSION / VERS CHQ | B31: -0.357 | C31: -1.572 | D31: =SUM(B31:C31) -> -1.929
A32: COMMISSION ADMISSION TEMPORAIRE | C32: -881.316 | D32: =SUM(B32:C32) -> -881.316
A33: COMMISSION CAUTION DEF | C33: -404.6 | D33: =SUM(B33:C33) -> -404.6
A34: COMMISSION CHQ CERTIFIE | C34: -5.95 | D34: =SUM(B34:C34) -> -5.95
A35: COMMISSION D'ADHESION | D35: =SUM(B35:C35) -> 0
A36: COMMISSION DE CHANGE | D36: =SUM(B36:C36) -> 0
A37: COMMISSION DE DOMICILIATION | D37: =SUM(B37:C37) -> 0
A38: COMMISSION DE MODIFICATION | D38: =SUM(B38:C38) -> 0
A39: COMMISSION DE NOTIFICATION | D39: =SUM(B39:C39) -> 0
A40: COMMISSION DE REALISATION L/C IMP | D40: =SUM(B40:C40) -> 0
A41: COMMISSION DE TRANSMISSION | D41: =SUM(B41:C41) -> 0
A42: COMMISSION DELIVRANCE BON A PAYER | D42: =SUM(B42:C42) -> 0
A43: COMMISSION DEMANDE DE DEPASSEMENT | C43: -71.4 | D43: =SUM(B43:C43) -> -71.4
A44: COMMISSION D'ENGAGEMENT SUR CREDI | D44: =SUM(B44:C44) -> 0
A45: COMMISSION D'ENVOI A L'ENCAISSEME | D45: =SUM(B45:C45) -> 0
A46: COMMISSION D'ETUDE | D46: =SUM(B46:C46) -> 0
A47: COMMISSION ESCOMPTE | D47: =SUM(B47:C47) -> 0
A48: COMMISSION PREAVIS | D48: =SUM(B48:C48) -> 0
A49: COMMISSION REGLEMENT EFFET | C49: -5.355 | D49: =SUM(B49:C49) -> -5.355
A50: COMMISSION REGLEMENT EFFET FINANC | D50: =SUM(B50:C50) -> 0
A51: COMMISSION REJET | D51: =SUM(B51:C51) -> 0
A52: COMMISSION SUR PRELEVEMENT | B52: -2.142 | C52: -1.428 | D52: =SUM(B52:C52) -> -3.57
A53: COMMISSION VERSEMENT ESPECE | D53: =SUM(B53:C53) -> 0
A54: COMMISSION VIREMENT | C54: -9.044 | D54: =SUM(B54:C54) -> -9.044
A55: COMMISSION VIREMENT EMIS | D55: =SUM(B55:C55) -> 0
A56: COMMISSION VIREMENT RECU EN DINAR | D56: =SUM(B56:C56) -> 0
A57: FRAIS OBLIGATION | D57: =SUM(B57:C57) -> 0
A58: FRAIS TELECOMPENSATION | C58: -0.57 | D58: =SUM(B58:C58) -> -0.57
A59: INETERET DE RETARD | C59: -24.06 | D59: =SUM(B59:C59) -> -24.06
A60: PENALITE DE RETARD | C60: -1.717 | D60: =SUM(B60:C60) -> -1.717
A61: PRELEVEMENT MANUEL | D61: =SUM(B61:C61) -> 0
A62: FRAIS ADMISSION TEMPORAIRE | D62: =SUM(B62:C62) -> 0
A63: SWIFT | D63: =SUM(B63:C63) -> 0
A64: TVA | D64: =SUM(B64:C64) -> 0
A65: CHARGE PERSONNEL | B65: =SUM(B66:B69) -> 0 | C65: =SUM(C66:C69) -> -42115.395 | D65: =SUM(B65:C65) -> -42115.395 | F65: =SUM(F66:F69) -> 0 | H65: =SUM(H66:H69) -> 0
A66: AVANCE | D66: =SUM(B66:C66) -> 0
A67: PRÊT | C67: 137.032 | D67: =SUM(B67:C67) -> 137.032
A68: SALAIRE | C68: -27693.578 | D68: =SUM(B68:C68) -> -27693.578
A69: CNSS | C69: -14558.849 | D69: =SUM(B69:C69) -> -14558.849
A70: SOCIETE DU GROUPE | B70: =SUM(B71:B77) -> 0 | C70: =SUM(C71:C77) -> 0 | D70: =SUM(B70:C70) -> 0 | F70: =SUM(F71:F77) -> 0 | H70: =SUM(H71:H77) -> 0
A71: DIVIDENDES | D71: =SUM(B71:C71) -> 0
A72: FONDERIE HNAYA | D72: =SUM(B72:C72) -> 0
A73: ALPHA MEDIA | D73: =SUM(B73:C73) -> 0
A74: NOUR HEMP | D74: =SUM(B74:C74) -> 0
A75: PHENICIA | D75: =SUM(B75:C75) -> 0
A76: STA NOUR | D76: =SUM(B76:C76) -> 0
A77: TIP | D77: =SUM(B77:C77) -> 0
A78: FOURNISSEURS ETRANGER | B78: =SUM(B79:B97) -> 0 | C78: =SUM(C79:C97) -> 0 | D78: =SUM(B78:C78) -> 0 | F78: =SUM(F79:F97) -> 0 | H78: =SUM(H79:H97) -> -50738.81
A79: ACCUMA | D79: =SUM(B79:C79) -> 0
A80: DEMETAL | D80: =SUM(B80:C80) -> 0 | H80: -50738.81
A81: BIASIN | D81: =SUM(B81:C81) -> 0
A82: NIZI | D82: =SUM(B82:C82) -> 0
A83: DARAMIC | D83: =SUM(B83:C83) -> 0
A84: GLATFELTER | D84: =SUM(B84:C84) -> 0
A85: GOONVEAN | D85: =SUM(B85:C85) -> 0
A86: HB FULLER | D86: =SUM(B86:C86) -> 0
A87: JIANGHSU | D87: =SUM(B87:C87) -> 0
A88: MAZOYER | D88: =SUM(B88:C88) -> 0
A89: METACONCEPT | D89: =SUM(B89:C89) -> 0
A90: METALLIANCE | D90: =SUM(B90:C90) -> 0
A91: ORION | D91: =SUM(B91:C91) -> 0
A92: RASSAS | D92: =SUM(B92:C92) -> 0
... A97: WIRTZ | D97: =SUM(B97:C97) -> 0
A98: PLOMB LOCAL | B98: =SUM(B99:B103) -> 0 | C98: =SUM(C99:C103) -> 0 | D98: =SUM(B98:C98) -> 0 | F98: =SUM(F99:F103) -> 0 | H98: =SUM(H99:H103) -> 0
A99: KAIS TAYACHI | D99: =SUM(B99:C99) -> 0
A100: HAZEM CHTOUROU | D100: =SUM(B100:C100) -> 0
A101: SOTRAM | D101: =SUM(B101:C101) -> 0
A102: KAMMOUN | D102: =SUM(B102:C102) -> 0
A103: TUDOR | D103: =SUM(B103:C103) -> 0
A104: ETAT ET ENERGIE | B104: =SUM(B105:B110) -> -765.3 | C104: =SUM(C105:C110) -> -39044.024 | D104: =SUM(B104:C104) -> -39809.324 | F104: =SUM(F105:F110) -> 0 | H104: =SUM(H105:H110) -> 0
...

Sheet STA 11-2018
B1: STB THAMEUR | C1: STB MEGRINE | F1: MEG EURO | H1: MEG $
A2: SOLDE 31/10/2018 | B2: ='STA 10-2018'!B279 -> 7599.668 | C2: ='STA 10-2018'!C279 -> -880474.31 | D2: =SUM(B2:C2) -> -872874.64 | F2: ='STA 10-2018'!F279 -> 126.5 | H2: ='STA 10-2018'!H279 -> 46275.68
A3: RECETTE | B3: =SUM(B4:B12) -> 0 | C3: =SUM(C4:C12) -> 0 | D3: =SUM(B3:C3) -> 0 | F3: =SUM(F4:F12) -> 0 | H3: =SUM(H4:H12) -> 0
A4: SND CHEQUE | D4: =SUM(B4:C4) -> 0
A5: SND TRAITE | D5: =SUM(B5:C5) -> 0
A6: INTERETESCOMPTE TRAITE | D6: =SUM(B6:C6) -> 0
A7: SCIT | D7: =SUM(B7:C7) -> 0
A8: ERRAFIK EL DAYEM | D8: =SUM(B8:C8) -> 0
A9: MARIBAT | D9: =SUM(B9:C9) -> 0
A10: MED ENERGY | D10: =SUM(B10:C10) -> 0
A11: ENERTECH | D11: =SUM(B11:C11) -> 0
A12: VIREMENT RECU | D12: =SUM(B12:C12) -> 0
A13: AUTRES RECETTE | B13: =SUM(B14:B21) -> 0 | C13: =SUM(C14:C21) -> 0 | D13: =SUM(B13:C13) -> 0 | F13: =SUM(F14:F21) -> 0 | H13: =SUM(H14:H21) -> 0
A14: AUGMENTATION CAPITAL | D14: =SUM(B14:C14) -> 0
A15: DEBLOCAGE CMT | D15: =SUM(B15:C15) -> 0
A16: MARGE DE GARANTIE | D16: =SUM(B16:C16) -> 0
A17: BILLET DE TRESORERIE | D17: =SUM(B17:C17) -> 0
A18: CCA | D18: =SUM(B18:C18) -> 0
A19: RESTITUTION TVA | D19: =SUM(B19:C19) -> 0
A20: VENTE DOLLARS | D20: =SUM(B20:C20) -> 0
A21: VENTE EURO | D21: =SUM(B21:C21) -> 0
A22: ENGAGEMENT BANCAIRE | B22: =SUM(B23:B26) -> -5220.095 | C22: =SUM(C23:C26) -> 0 | D22: =SUM(B22:C22) -> -5220.095 | F22: =SUM(F23:F26) -> 0 | H22: =SUM(H23:H26) -> 0
A23: CMT MOBILISABLE | D23: =SUM(B23:C23) -> 0
A24: CREDIT DE GESTION | D24: =SUM(B24:C24) -> 0
A25: INTERET CREDIT DE GESTION | D25: =SUM(B25:C25) -> 0
A26: LEASING | B26: -5220.095 | D26: =SUM(B26:C26) -> -5220.095
A27: FRAIS BANQUE | B27: =SUM(B28:B64) -> -1.428 | C27: =SUM(C28:C64) -> -1316.917 | D27: =SUM(B27:C27) -> -1318.345 | F27: =SUM(F28:F64) -> 0 | H27: =SUM(H28:H64) -> 0
A28: AFFRANCHISSEMENT | D28: =SUM(B28:C28) -> 0
A29: AGIOS DEBITEURS | D29: =SUM(B29:C29) -> 0
A30: COMMISION OBLIGATION | D30: =SUM(B30:C30) -> 0
A31: COMMISSION / VERS CHQ | C31: -1.048 | D31: =SUM(B31:C31) -> -1.048
A32: COMMISSION ADMISSION TEMPORAIRE | C32: -440.658 | D32: =SUM(B32:C32) -> -440.658
A33: COMMISSION CAUTION DEF | C33: -202.3 | D33: =SUM(B33:C33) -> -202.3
A34: COMMISSION CHQ CERTIFIE | D34: =SUM(B34:C34) -> 0
A35: COMMISSION D'ADHESION | D35: =SUM(B35:C35) -> 0
A36: COMMISSION DE CHANGE | D36: =SUM(B36:C36) -> 0
A37: COMMISSION DE DOMICILIATION | D37: =SUM(B37:C37) -> 0
A38: COMMISSION DE MODIFICATION | D38: =SUM(B38:C38) -> 0
A39: COMMISSION DE NOTIFICATION | D39: =SUM(B39:C39) -> 0
A40: COMMISSION DE REALISATION L/C IMP | D40: =SUM(B40:C40) -> 0
A41: COMMISSION DE TRANSMISSION | D41: =SUM(B41:C41) -> 0
A42: COMMISSION DELIVRANCE BON A PAYER | D42: =SUM(B42:C42) -> 0
A43: COMMISSION DEMANDE DE DEPASSEMENT | C43: -238 | D43: =SUM(B43:C43) -> -238
A44: COMMISSION D'ENGAGEMENT SUR CREDI | D44: =SUM(B44:C44) -> 0
A45: COMMISSION D'ENVOI A L'ENCAISSEME | D45: =SUM(B45:C45) -> 0
A46: COMMISSION D'ETUDE | D46: =SUM(B46:C46) -> 0
A47: COMMISSION ESCOMPTE | D47: =SUM(B47:C47) -> 0
A48: COMMISSION PREAVIS | D48: =SUM(B48:C48) -> 0
A49: COMMISSION REGLEMENT EFFET | C49: -1.785 | D49: =SUM(B49:C49) -> -1.785
A50: COMMISSION REGLEMENT EFFET FINANC | D50: =SUM(B50:C50) -> 0
A51: COMMISSION REJET | D51: =SUM(B51:C51) -> 0
A52: COMMISSION SUR PRELEVEMENT | B52: -1.428 | C52: -0.714 | D52: =SUM(B52:C52) -> -2.142
A53: COMMISSION VERSEMENT ESPECE | D53: =SUM(B53:C53) -> 0
A54: COMMISSION VIREMENT | C54: -3.57 | D54: =SUM(B54:C54) -> -3.57
A55: COMMISSION VIREMENT EMIS | C55: -0.952 | D55: =SUM(B55:C55) -> -0.952
A56: COMMISSION VIREMENT RECU EN DINAR | D56: =SUM(B56:C56) -> 0
A57: FRAIS OBLIGATION | D57: =SUM(B57:C57) -> 0
A58: FRAIS TELECOMPENSATION | C58: -0.38 | D58: =SUM(B58:C58) -> -0.38
A59: INETERET DE RETARD | D59: =SUM(B59:C59) -> 0
A60: PENALITE DE RETARD | D60: =SUM(B60:C60) -> 0
A61: PRELEVEMENT MANUEL | C61: -427.51 | D61: =SUM(B61:C61) -> -427.51
A62: FRAIS ADMISSION TEMPORAIRE | D62: =SUM(B62:C62) -> 0
A63: SWIFT | D63: =SUM(B63:C63) -> 0
A64: TVA | D64: =SUM(B64:C64) -> 0
A65: CHARGE PERSONNEL | B65: =SUM(B66:B69) -> 0 | C65: =SUM(C66:C69) -> -24988.516 | D65: =SUM(B65:C65) -> -24988.516 | F65: =SUM(F66:F69) -> 0 | H65: =SUM(H66:H69) -> 0
A66: AVANCE | D66: =SUM(B66:C66) -> 0
A67: PRÊT | D67: =SUM(B67:C67) -> 0
A68: SALAIRE | C68: -24571.027 | D68: =SUM(B68:C68) -> -24571.027
A69: CNSS | C69: -417.489 | D69: =SUM(B69:C69) -> -417.489
A70: SOCIETE DU GROUPE | B70: =SUM(B71:B77) -> 0 | C70: =SUM(C71:C77) -> 0 | D70: =SUM(B70:C70) -> 0 | F70: =SUM(F71:F77) -> 0 | H70: =SUM(H71:H77) -> 0
A71: DIVIDENDES | D71: =SUM(B71:C71) -> 0
A72: FONDERIE HNAYA | D72: =SUM(B72:C72) -> 0
A73: ALPHA MEDIA | D73: =SUM(B73:C73) -> 0
A74: NOUR HEMP | D74: =SUM(B74:C74) -> 0
A75: PHENICIA | D75: =SUM(B75:C75) -> 0
A76: STA NOUR | D76: =SUM(B76:C76) -> 0
A77: TIP | D77: =SUM(B77:C77) -> 0
A78: FOURNISSEURS ETRANGER | B78: =SUM(B79:B97) -> 0 | C78: =SUM(C79:C97) -> -40095.619 | D78: =SUM(B78:C78) -> -40095.619 | F78: =SUM(F79:F97) -> 0 | H78: =SUM(H79:H97) -> 2340
A79: ACCUMA | D79: =SUM(B79:C79) -> 0
A80: DEMETAL | D80: =SUM(B80:C80) -> 0
A81: BIASIN | D81: =SUM(B81:C81) -> 0
A82: NIZI | D82: =SUM(B82:C82) -> 0
A83: DARAMIC | D83: =SUM(B83:C83) -> 0
A84: GLATFELTER | D84: =SUM(B84:C84) -> 0
A85: GOONVEAN | D85: =SUM(B85:C85) -> 0
A86: HB FULLER | D86: =SUM(B86:C86) -> 0
A87: JIANGHSU | D87: =SUM(B87:C87) -> 0
A88: MAZOYER | D88: =SUM(B88:C88) -> 0
A89: METACONCEPT | D89: =SUM(B89:C89) -> 0
A90: METALLIANCE | D90: =SUM(B90:C90) -> 0
... A94: SOVEMA | D94: =SUM(B94:C94) -> 0
A95: STCM | C95: -40095.619 | D95: =SUM(B95:C95) -> -40095.619 | H95: 2340
A96: SERV | D96: =SUM(B96:C96) -> 0
A97: WIRTZ | D97: =SUM(B97:C97) -> 0
A98: PLOMB LOCAL | B98: =SUM(B99:B103) -> 0 | C98: =SUM(C99:C103) -> 0 | D98: =SUM(B98:C98) -> 0 | F98: =SUM(F99:F103) -> 0 | H98: =SUM(H99:H103) -> 0
A99: KAIS TAYACHI | D99: =SUM(B99:C99) -> 0
A100: HAZEM CHTOUROU | D100: =SUM(B100:C100) -> 0
A101: SOTRAM | D101: =SUM(B101:C101) -> 0
A102: KAMMOUN | D102: =SUM(B102:C102) -> 0
A103: TUDOR | D103: =SUM(B103:C103) -> 0
...

Sheet STA 12-2018
B1: STB THAMEUR | C1: STB MEGRINE | F1: MEG EURO | H1: MEG $
A2: SOLDE 30/11/2018 | B2: ='STA 11-2018'!B279 -> 2378.145 | C2: ='STA 11-2018'!C279 -> -1054599.6 | D2: =SUM(B2:C2) -> -1052221.4 | F2: ='STA 11-2018'!F279 -> 126.5 | H2: ='STA 11-2018'!H279 -> 48615.68
A3: RECETTE | B3: =SUM(B4:B12) -> 0 | C3: =SUM(C4:C12) -> 0 | D3: =SUM(B3:C3) -> 0 | F3: =SUM(F4:F12) -> 0 | H3: =SUM(H4:H12) -> 0
A4: SND CHEQUE | D4: =SUM(B4:C4) -> 0
A5: SND TRAITE | D5: =SUM(B5:C5) -> 0
A6: INTERETESCOMPTE TRAITE | D6: =SUM(B6:C6) -> 0
A7: SCIT | D7: =SUM(B7:C7) -> 0
A8: ERRAFIK EL DAYEM | D8: =SUM(B8:C8) -> 0
A9: MARIBAT | D9: =SUM(B9:C9) -> 0
A10: MED ENERGY | D10: =SUM(B10:C10) -> 0
A11: ENERTECH | D11: =SUM(B11:C11) -> 0
A12: VIREMENT RECU | D12: =SUM(B12:C12) -> 0
A13: AUTRES RECETTE | B13: =SUM(B14:B21) -> 0 | C13: =SUM(C14:C21) -> 0 | D13: =SUM(B13:C13) -> 0 | F13: =SUM(F14:F21) -> 0 | H13: =SUM(H14:H21) -> 0
A14: AUGMENTATION CAPITAL | D14: =SUM(B14:C14) -> 0
A15: DEBLOCAGE CMT | D15: =SUM(B15:C15) -> 0
A16: MARGE DE GARANTIE | D16: =SUM(B16:C16) -> 0
A17: BILLET DE TRESORERIE | D17: =SUM(B17:C17) -> 0
A18: CCA | D18: =SUM(B18:C18) -> 0
A19: RESTITUTION TVA | D19: =SUM(B19:C19) -> 0
A20: VENTE DOLLARS | D20: =SUM(B20:C20) -> 0
A21: VENTE EURO | D21: =SUM(B21:C21) -> 0
A22: ENGAGEMENT BANCAIRE | B22: =SUM(B23:B26) -> 0 | C22: =SUM(C23:C26) -> 0 | D22: =SUM(B22:C22) -> 0 | F22: =SUM(F23:F26) -> 0 | H22: =SUM(H23:H26) -> 0
A23: CMT MOBILISABLE | D23: =SUM(B23:C23) -> 0
A24: CREDIT DE GESTION | D24: =SUM(B24:C24) -> 0
A25: INTERET CREDIT DE GESTION | D25: =SUM(B25:C25) -> 0
A26: LEASING | D26: =SUM(B26:C26) -> 0
A27: FRAIS BANQUE | B27: =SUM(B28:B64) -> 0 | C27: =SUM(C28:C64) -> 0 | D27: =SUM(B27:C27) -> 0 | F27: =SUM(F28:F64) -> 0 | H27: =SUM(H28:H64) -> 0
A28: AFFRANCHISSEMENT | D28: =SUM(B28:C28) -> 0
A29: AGIOS DEBITEURS | D29: =SUM(B29:C29) -> 0
A30: COMMISION OBLIGATION | D30: =SUM(B30:C30) -> 0
A31: COMMISSION / VERS CHQ | D31: =SUM(B31:C31) -> 0
A32: COMMISSION ADMISSION TEMPORAIRE | D32: =SUM(B32:C32) -> 0
A33: COMMISSION CAUTION DEF | D33: =SUM(B33:C33) -> 0
A34: COMMISSION CHQ CERTIFIE | D34: =SUM(B34:C34) -> 0
A35: COMMISSION D'ADHESION | D35: =SUM(B35:C35) -> 0
A36: COMMISSION DE CHANGE | D36: =SUM(B36:C36) -> 0
A37: COMMISSION DE DOMICILIATION | D37: =SUM(B37:C37) -> 0
A38: COMMISSION DE MODIFICATION | D38: =SUM(B38:C38) -> 0
A39: COMMISSION DE NOTIFICATION | D39: =SUM(B39:C39) -> 0
... A64: TVA | D64: =SUM(B64:C64) -> 0
A65: CHARGE PERSONNEL | B65: =SUM(B66:B69) -> 0 | C65: =SUM(C66:C69) -> 0 | D65: =SUM(B65:C65) -> 0 | F65: =SUM(F66:F69) -> 0 | H65: =SUM(H66:H69) -> 0
A66: AVANCE | D66: =SUM(B66:C66) -> 0
A67: PRÊT | D67: =SUM(B67:C67) -> 0
A68: SALAIRE | D68: =SUM(B68:C68) -> 0
A69: CNSS | D69: =SUM(B69:C69) -> 0
A70: SOCIETE DU GROUPE | B70: =SUM(B71:B77) -> 0 | C70: =SUM(C71:C77) -> 0 | D70: =SUM(B70:C70) -> 0 | F70: =SUM(F71:F77) -> 0 | H70: =SUM(H71:H77) -> 0
A71: DIVIDENDES | D71: =SUM(B71:C71) -> 0
A72: FONDERIE HNAYA | D72: =SUM(B72:C72) -> 0
A73: ALPHA MEDIA | D73: =SUM(B73:C73) -> 0
A74: NOUR HEMP | D74: =SUM(B74:C74) -> 0
A75: PHENICIA | D75: =SUM(B75:C75) -> 0
A76: STA NOUR | D76: =SUM(B76:C76) -> 0
A77: TIP | D77: =SUM(B77:C77) -> 0
A78: FOURNISSEURS ETRANGER | B78: =SUM(B79:B97) -> 0 | C78: =SUM(C79:C97) -> 0 | D78: =SUM(B78:C78) -> 0 | F78: =SUM(F79:F97) -> 0 | H78: =SUM(H79:H97) -> 0
A79: ACCUMA | D79: =SUM(B79:C79) -> 0
A80: DEMETAL | D80: =SUM(B80:C80) -> 0
A81: BIASIN | D81: =SUM(B81:C81) -> 0
A82: NIZI | D82: =SUM(B82:C82) -> 0
A83: DARAMIC | D83: =SUM(B83:C83) -> 0
A84: GLATFELTER | D84: =SUM(B84:C84) -> 0
A85: GOONVEAN | D85: =SUM(B85:C85) -> 0
A86: HB FULLER | D86: =SUM(B86:C86) -> 0
A87: JIANGHSU | D87: =SUM(B87:C87) -> 0
A88: MAZOYER | D88: =SUM(B88:C88) -> 0
A89: METACONCEPT | D89: =SUM(B89:C89) -> 0
A90: METALLIANCE | D90: =SUM(B90:C90) -> 0
... A97: WIRTZ | D97: =SUM(B97:C97) -> 0
A98: PLOMB LOCAL | B98: =SUM(B99:B103) -> 0 | C98: =SUM(C99:C103) -> 0 | D98: =SUM(B98:C98) -> 0 | F98: =SUM(F99:F103) -> 0 | H98: =SUM(H99:H103) -> 0
A99: KAIS TAYACHI | D99: =SUM(B99:C99) -> 0
A100: HAZEM CHTOUROU | D100: =SUM(B100:C100) -> 0
A101: SOTRAM | D101: =SUM(B101:C101) -> 0
A102: KAMMOUN | D102: =SUM(B102:C102) -> 0
A103: TUDOR | D103: =SUM(B103:C103) -> 0
A104: ETAT ET ENERGIE | B104: =SUM(B105:B110) -> 0 | C104: =SUM(C105:C110) -> 0 | D104: =SUM(B104:C104) -> 0 | F104: =SUM(F105:F110) -> 0 | H104: =SUM(H105:H110) -> 0
A105: S O N E D E | D105: =SUM(B105:C105) -> 0
A106: SNDP | D106: =SUM(B106:C106) -> 0
A107: STEG | D107: =SUM(B107:C107) -> 0
A108: TOTAL TUNISIE | D108: =SUM(B108:C108) -> 0
A109: PRELEVEMENT MINISTERE DES FINANCE | D109: =SUM(B109:C109) -> 0
A110: RECETTE DES FINANCES | D110: =SUM(B110:C110) -> 0
A111: FRAIS / EXPORT | B111: =SUM(B112:B116) -> 0 | C111: =SUM(C112:C116) -> 0 | D111: =SUM(B111:C111) -> 0 | F111: =SUM(F112:F116) -> 0 | H111: =SUM(H112:H116) -> 0
A112: CHAMBRE DE COMMERCE | D112: =SUM(B112:C112) -> 0
A113: CHAMBRE ECONOMIQUE A | D113: =SUM(B113:C113) -> 0
A114: STE BEN ALIA | D114: =SUM(B114:C114) -> 0
A115: INNORPI | D115: =SUM(B115:C115) -> 0
A116: GOLDEN SHIPPING | D116: =SUM(B116:C116) -> 0
A117: FRAIS / IMPORT | B117: =SUM(B118:B139) -> 0 | C117: =SUM(C118:C139) -> 0 | D117: =SUM(B117:C117) -> 0 | F117: =SUM(F118:F139) -> 0 | H117: =SUM(H118:H139) -> 0
A118: AVENIR SERVICE TRANSPORT AST | D118: =SUM(B118:C118) -> 0
A119: CHEQUE DOUANE | D119: =SUM(B119:C119) -> 0
A120: ECULINE TUNISIE | D120: =SUM(B120:C120) -> 0
A121: GERMANETTI | D121: =SUM(B121:C121) -> 0
A122: M LE RECEVEUR DES PTT | D122: =SUM(B122:C122) -> 0
A123: Maersk Tunisie | D123: =SUM(B123:C123) -> 0
A124: MILITZER & MUNCH - TUNISIA S | D124: =SUM(B124:C124) -> 0
A125: MORGAN CARBONE TUNISIA | D125: =SUM(B125:C125) -> 0
A126: MSC- MEDITERRANEAN SHIPPING CO | D126: =SUM(B126:C126) -> 0
A127: OB DOUANE | D127: =SUM(B127:C127) -> 0
A128: OMMP | D128: =SUM(B128:C128) -> 0
A129: SAVINO DEL BENE TUNISIE | D129: =SUM(B129:C129) -> 0
... A139: WORLD MARITIME AGENCY | D139: =SUM(B139:C139) -> 0
...

Sheet STA 2018
B1: STB THAMEUR | C1: STB MEGRINE | F1: MEG EURO | H1: MEG $
A2: SOLDE 31/12/2017 | B2: ='STA 01-2018'!B2 -> 3067.875 | C2: ='STA 01-2018'!C2 -> -374382.37 | D2: =SUM(B2:C2) -> -371314.49 | F2: ='STA 01-2018'!F2 -> 176.05 | H2: ='STA 01-2018'!H2 -> 133976.7
A3: RECETTE | B3: =SUM(B4:B12) -> 165000 | C3: =SUM(C4:C12) -> 1650395.8 | D3: =SUM(B3:C3) -> 1815395.8 | F3: =SUM(F4:F12) -> 13950.45 | H3: =SUM(H4:H12) -> 177794.52
A4: SND CHEQUE | B4: ='STA 01-2018'!B4+'STA 02-2018'!B4+'STA 03-2018'!B4+'STA 04-2018'!B4+'STA 05-2018'!B4+'STA 06-2018'!B4+'STA 07-2018'!B4+'STA 08-2018'!B4+'STA 09-2018'!B4+'STA 10-2018'!B4+'STA 11-2018'!B4+'STA 12-2018'!B4 -> 165000 | C4: ='STA 01-2018'!C4+'STA 02-2018'!C4+'STA 03-2018'!C4+'STA 04-2018'!C4+'STA 05-2018'!C4+'STA 06-2018'!C4+'STA 07-2018'!C4+'STA 08-2018'!C4+'STA 09-2018'!C4+'STA 10-2018'!C4+'STA 11-2018'!C4+'STA 12-2018'!C4 -> 1225000 | D4: =SUM(B4:C4) -> 1390000 | F4: ='STA 01-2018'!F4+'STA 02-2018'!F4+'STA 03-2018'!F4+'STA 04-2018'!F4+'STA 05-2018'!F4+'STA 06-2018'!F4+'STA 07-2018'!F4+'STA 08-2018'!F4+'STA 09-2018'!F4+'STA 10-2018'!F4+'STA 11-2018'!F4+'STA 12-2018'!F4 -> 0 | H4: ='STA 01-2018'!H4+'STA 02-2018'!H4+'STA 03-2018'!H4+'STA 04-2018'!H4+'STA 05-2018'!H4+'STA 06-2018'!H4+'STA 07-2018'!H4+'STA 08-2018'!H4+'STA 09-2018'!H4+'STA 10-2018'!H4+'STA 11-2018'!H4+'STA 12-2018'!H4 -> 0
A5: SND TRAITE | B5: ='STA 01-2018'!B5+'STA 02-2018'!B5+'STA 03-2018'!B5+'STA 04-2018'!B5+'STA 05-2018'!B5+'STA 06-2018'!B5+'STA 07-2018'!B5+'STA 08-2018'!B5+'STA 09-2018'!B5+'STA 10-2018'!B5+'STA 11-2018'!B5+'STA 12-2018'!B5 -> 0 | C5: ='STA 01-2018'!C5+'STA 02-2018'!C5+'STA 03-2018'!C5+'STA 04-2018'!C5+'STA 05-2018'!C5+'STA 06-2018'!C5+'STA 07-2018'!C5+'STA 08-2018'!C5+'STA 09-2018'!C5+'STA 10-2018'!C5+'STA 11-2018'!C5+'STA 12-2018'!C5 -> 400000 | D5: =SUM(B5:C5) -> 400000 | F5: ='STA 01-2018'!F5+'STA 02-2018'!F5+'STA 03-2018'!F5+'STA 04-2018'!F5+'STA 05-2018'!F5+'STA 06-2018'!F5+'STA 07-2018'!F5+'STA 08-2018'!F5+'STA 09-2018'!F5+'STA 10-2018'!F5+'STA 11-2018'!F5+'STA 12-2018'!F5 -> 0 | H5: ='STA 01-2018'!H5+'STA 02-2018'!H5+'STA 03-2018'!H5+'STA 04-2018'!H5+'STA 05-2018'!H5+'STA 06-2018'!H5+'STA 07-2018'!H5+'STA 08-2018'!H5+'STA 09-2018'!H5+'STA 10-2018'!H5+'STA 11-2018'!H5+'STA 12-2018'!H5 -> 0
A6: INTERET ESCOMPTE TRAITE | B6: ='STA 01-2018'!B6+'STA 02-2018'!B6+'STA 03-2018'!B6+'STA 04-2018'!B6+'STA 05-2018'!B6+'STA 06-2018'!B6+'STA 07-2018'!B6+'STA 08-2018'!B6+'STA 09-2018'!B6+'STA 10-2018'!B6+'STA 11-2018'!B6+'STA 12-2018'!B6 -> 0 | C6: ='STA 01-2018'!C6+'STA 02-2018'!C6+'STA 03-2018'!C6+'STA 04-2018'!C6+'STA 05-2018'!C6+'STA 06-2018'!C6+'STA 07-2018'!C6+'STA 08-2018'!C6+'STA 09-2018'!C6+'STA 10-2018'!C6+'STA 11-2018'!C6+'STA 12-2018'!C6 -> -6758.14 | D6: =SUM(B6:C6) -> -6758.14 | F6: ='STA 01-2018'!F6+'STA 02-2018'!F6+'STA 03-2018'!F6+'STA 04-2018'!F6+'STA 05-2018'!F6+'STA 06-2018'!F6+'STA 07-2018'!F6+'STA 08-2018'!F6+'STA 09-2018'!F6+'STA 10-2018'!F6+'STA 11-2018'!F6+'STA 12-2018'!F6 -> 0 | H6: ='STA 01-2018'!H6+'STA 02-2018'!H6+'STA 03-2018'!H6+'STA 04-2018'!H6+'STA 05-2018'!H6+'STA 06-2018'!H6+'STA 07-2018'!H6+'STA 08-2018'!H6+'STA 09-2018'!H6+'STA 10-2018'!H6+'STA 11-2018'!H6+'STA 12-2018'!H6 -> 0
A7: SCIT | B7: ='STA 01-2018'!B7+'STA 02-2018'!B7+'STA 03-2018'!B7+'STA 04-2018'!B7+'STA 05-2018'!B7+'STA 06-2018'!B7+'STA 07-2018'!B7+'STA 08-2018'!B7+'STA 09-2018'!B7+'STA 10-2018'!B7+'STA 11-2018'!B7+'STA 12-2018'!B7 -> 0 | C7: ='STA 01-2018'!C7+'STA 02-2018'!C7+'STA 03-2018'!C7+'STA 04-2018'!C7+'STA 05-2018'!C7+'STA 06-2018'!C7+'STA 07-2018'!C7+'STA 08-2018'!C7+'STA 09-2018'!C7+'STA 10-2018'!C7+'STA 11-2018'!C7+'STA 12-2018'!C7 -> 0 | D7: =SUM(B7:C7) -> 0 | F7: ='STA 01-2018'!F7+'STA 02-2018'!F7+'STA 03-2018'!F7+'STA 04-2018'!F7+'STA 05-2018'!F7+'STA 06-2018'!F7+'STA 07-2018'!F7+'STA 08-2018'!F7+'STA 09-2018'!F7+'STA 10-2018'!F7+'STA 11-2018'!F7+'STA 12-2018'!F7 -> 0 | H7: ='STA 01-2018'!H7+'STA 02-2018'!H7+'STA 03-2018'!H7+'STA 04-2018'!H7+'STA 05-2018'!H7+'STA 06-2018'!H7+'STA 07-2018'!H7+'STA 08-2018'!H7+'STA 09-2018'!H7+'STA 10-2018'!H7+'STA 11-2018'!H7+'STA 12-2018'!H7 -> 0
A8: ERRAFIK EL DAYEM | B8: ='STA 01-2018'!B8+'STA 02-2018'!B8+'STA 03-2018'!B8+'STA 04-2018'!B8+'STA 05-2018'!B8+'STA 06-2018'!B8+'STA 07-2018'!B8+'STA 08-2018'!B8+'STA 09-2018'!B8+'STA 10-2018'!B8+'STA 11-2018'!B8+'STA 12-2018'!B8 -> 0 | C8: ='STA 01-2018'!C8+'STA 02-2018'!C8+'STA 03-2018'!C8+'STA 04-2018'!C8+'STA 05-2018'!C8+'STA 06-2018'!C8+'STA 07-2018'!C8+'STA 08-2018'!C8+'STA 09-2018'!C8+'STA 10-2018'!C8+'STA 11-2018'!C8+'STA 12-2018'!C8 -> 0 | D8: =SUM(B8:C8) -> 0 | F8: ='STA 01-2018'!F8+'STA 02-2018'!F8+'STA 03-2018'!F8+'STA 04-2018'!F8+'STA 05-2018'!F8+'STA 06-2018'!F8+'STA 07-2018'!F8+'STA 08-2018'!F8+'STA 09-2018'!F8+'STA 10-2018'!F8+'STA 11-2018'!F8+'STA 12-2018'!F8 -> 0 | H8: ='STA 01-2018'!H8+'STA 02-2018'!H8+'STA 03-2018'!H8+'STA 04-2018'!H8+'STA 05-2018'!H8+'STA 06-2018'!H8+'STA 07-2018'!H8+'STA 08-2018'!H8+'STA 09-2018'!H8+'STA 10-2018'!H8+'STA 11-2018'!H8+'STA 12-2018'!H8 -> 0
A9: MARIBAT | B9: ='STA 01-2018'!B9+'STA 02-2018'!B9+'STA 03-2018'!B9+'STA 04-2018'!B9+'STA 05-2018'!B9+'STA 06-2018'!B9+'STA 07-2018'!B9+'STA 08-2018'!B9+'STA 09-2018'!B9+'STA 10-2018'!B9+'STA 11-2018'!B9+'STA 12-2018'!B9 -> 0 | C9: ='STA 01-2018'!C9+'STA 02-2018'!C9+'STA 03-2018'!C9+'STA 04-2018'!C9+'STA 05-2018'!C9+'STA 06-2018'!C9+'STA 07-2018'!C9+'STA 08-2018'!C9+'STA 09-2018'!C9+'STA 10-2018'!C9+'STA 11-2018'!C9+'STA 12-2018'!C9 -> 0 | D9: =SUM(B9:C9) -> 0 | F9: ='STA 01-2018'!F9+'STA 02-2018'!F9+'STA 03-2018'!F9+'STA 04-2018'!F9+'STA 05-2018'!F9+'STA 06-2018'!F9+'STA 07-2018'!F9+'STA 08-2018'!F9+'STA 09-2018'!F9+'STA 10-2018'!F9+'STA 11-2018'!F9+'STA 12-2018'!F9 -> 0 | H9: ='STA 01-2018'!H9+'STA 02-2018'!H9+'STA 03-2018'!H9+'STA 04-2018'!H9+'STA 05-2018'!H9+'STA 06-2018'!H9+'STA 07-2018'!H9+'STA 08-2018'!H9+'STA 09-2018'!H9+'STA 10-2018'!H9+'STA 11-2018'!H9+'STA 12-2018'!H9 -> 177794.52
A10: MED ENERGY | B10: ='STA 01-2018'!B10+'STA 02-2018'!B10+'STA 03-2018'!B10+'STA 04-2018'!B10+'STA 05-2018'!B10+'STA 06-2018'!B10+'STA 07-2018'!B10+'STA 08-2018'!B10+'STA 09-2018'!B10+'STA 10-2018'!B10+'STA 11-2018'!B10+'STA 12-2018'!B10 -> 0 | C10: ='STA 01-2018'!C10+'STA 02-2018'!C10+'STA 03-2018'!C10+'STA 04-2018'!C10+'STA 05-2018'!C10+'STA 06-2018'!C10+'STA 07-2018'!C10+'STA 08-2018'!C10+'STA 09-2018'!C10+'STA 10-2018'!C10+'STA 11-2018'!C10+'STA 12-2018'!C10 -> 0 | D10: =SUM(B10:C10) -> 0 | F10: ='STA 01-2018'!F10+'STA 02-2018'!F10+'STA 03-2018'!F10+'STA 04-2018'!F10+'STA 05-2018'!F10+'STA 06-2018'!F10+'STA 07-2018'!F10+'STA 08-2018'!F10+'STA 09-2018'!F10+'STA 10-2018'!F10+'STA 11-2018'!F10+'STA 12-2018'!F10 -> 0 | H10: ='STA 01-2018'!H10+'STA 02-2018'!H10+'STA 03-2018'!H10+'STA 04-2018'!H10+'STA 05-2018'!H10+'STA 06-2018'!H10+'STA 07-2018'!H10+'STA 08-2018'!H10+'STA 09-2018'!H10+'STA 10-2018'!H10+'STA 11-2018'!H10+'STA 12-2018'!H10 -> 0
A11: ENERTECH | B11: ='STA 01-2018'!B11+'STA 02-2018'!B11+'STA 03-2018'!B11+'STA 04-2018'!B11+'STA 05-2018'!B11+'STA 06-2018'!B11+'STA 07-2018'!B11+'STA 08-2018'!B11+'STA 09-2018'!B11+'STA 10-2018'!B11+'STA 11-2018'!B11+'STA 12-2018'!B11 -> 0 | C11: ='STA 01-2018'!C11+'STA 02-2018'!C11+'STA 03-2018'!C11+'STA 04-2018'!C11+'STA 05-2018'!C11+'STA 06-2018'!C11+'STA 07-2018'!C11+'STA 08-2018'!C11+'STA 09-2018'!C11+'STA 10-2018'!C11+'STA 11-2018'!C11+'STA 12-2018'!C11 -> 0 | D11: =SUM(B11:C11) -> 0 | F11: ='STA 01-2018'!F11+'STA 02-2018'!F11+'STA 03-2018'!F11+'STA 04-2018'!F11+'STA 05-2018'!F11+'STA 06-2018'!F11+'STA 07-2018'!F11+'STA 08-2018'!F11+'STA 09-2018'!F11+'STA 10-2018'!F11+'STA 11-2018'!F11+'STA 12-2018'!F11 -> 13950.45 | H11: ='STA 01-2018'!H11+'STA 02-2018'!H11+'STA 03-2018'!H11+'STA 04-2018'!H11+'STA 05-2018'!H11+'STA 06-2018'!H11+'STA 07-2018'!H11+'STA 08-2018'!H11+'STA 09-2018'!H11+'STA 10-2018'!H11+'STA 11-2018'!H11+'STA 12-2018'!H11 -> 0
A12: VIREMENT RECU | B12: ='STA 01-2018'!B12+'STA 02-2018'!B12+'STA 03-2018'!B12+'STA 04-2018'!B12+'STA 05-2018'!B12+'STA 06-2018'!B12+'STA 07-2018'!B12+'STA 08-2018'!B12+'STA 09-2018'!B12+'STA 10-2018'!B12+'STA 11-2018'!B12+'STA 12-2018'!B12 -> 0 | C12: ='STA 01-2018'!C12+'STA 02-2018'!C12+'STA 03-2018'!C12+'STA 04-2018'!C12+'STA 05-2018'!C12+'STA 06-2018'!C12+'STA 07-2018'!C12+'STA 08-2018'!C12+'STA 09-2018'!C12+'STA 10-2018'!C12+'STA 11-2018'!C12+'STA 12-2018'!C12 -> 32153.941 | D12: =SUM(B12:C12) -> 32153.941 | F12: ='STA 01-2018'!F12+'STA 02-2018'!F12+'STA 03-2018'!F12+'STA 04-2018'!F12+'STA 05-2018'!F12+'STA 06-2018'!F12+'STA 07-2018'!F12+'STA 08-2018'!F12+'STA 09-2018'!F12+'STA 10-2018'!F12+'STA 11-2018'!F12+'STA 12-2018'!F12 -> 0 | H12: ='STA 01-2018'!H12+'STA 02-2018'!H12+'STA 03-2018'!H12+'STA 04-2018'!H12+'STA 05-2018'!H12+'STA 06-2018'!H12+'STA 07-2018'!H12+'STA 08-2018'!H12+'STA 09-2018'!H12+'STA 10-2018'!H12+'STA 11-2018'!H12+'STA 12-2018'!H12 -> 0
A13: AUTRES RECETTE | B13: =SUM(B14:B21) -> 0 | C13: =SUM(C14:C21) -> 7668.814 | D13: =SUM(B13:C13) -> 7668.814 | F13: =SUM(F14:F21) -> 0 | H13: =SUM(H14:H21) -> 0
A14: AUGMENTATION CAPITAL | B14: ='STA 01-2018'!B14+'STA 02-2018'!B14+'STA 03-2018'!B14+'STA 04-2018'!B14+'STA 05-2018'!B14+'STA 06-2018'!B14+'STA 07-2018'!B14+'STA 08-2018'!B14+'STA 09-2018'!B14+'STA 10-2018'!B14+'STA 11-2018'!B14+'STA 12-2018'!B14 -> 0 | C14: ='STA 01-2018'!C14+'STA 02-2018'!C14+'STA 03-2018'!C14+'STA 04-2018'!C14+'STA 05-2018'!C14+'STA 06-2018'!C14+'STA 07-2018'!C14+'STA 08-2018'!C14+'STA 09-2018'!C14+'STA 10-2018'!C14+'STA 11-2018'!C14+'STA 12-2018'!C14 -> 0 | D14: =SUM(B14:C14) -> 0 | F14: ='STA 01-2018'!F14+'STA 02-2018'!F14+'STA 03-2018'!F14+'STA 04-2018'!F14+'STA 05-2018'!F14+'STA 06-2018'!F14+'STA 07-2018'!F14+'STA 08-2018'!F14+'STA 09-2018'!F14+'STA 10-2018'!F14+'STA 11-2018'!F14+'STA 12-2018'!F14 -> 0 | H14: ='STA 01-2018'!H14+'STA 02-2018'!H14+'STA 03-2018'!H14+'STA 04-2018'!H14+'STA 05-2018'!H14+'STA 06-2018'!H14+'STA 07-2018'!H14+'STA 08-2018'!H14+'STA 09-2018'!H14+'STA 10-2018'!H14+'STA 11-2018'!H14+'STA 12-2018'!H14 -> 0
A15: DEBLOCAGE CMT | B15: ='STA 01-2018'!B15+'STA 02-2018'!B15+'STA 03-2018'!B15+'STA 04-2018'!B15+'STA 05-2018'!B15+'STA 06-2018'!B15+'STA 07-2018'!B15+'STA 08-2018'!B15+'STA 09-2018'!B15+'STA 10-2018'!B15+'STA 11-2018'!B15+'STA 12-2018'!B15 -> 0 | C15: ='STA 01-2018'!C15+'STA 02-2018'!C15+'STA 03-2018'!C15+'STA 04-2018'!C15+'STA 05-2018'!C15+'STA 06-2018'!C15+'STA 07-2018'!C15+'STA 08-2018'!C15+'STA 09-2018'!C15+'STA 10-2018'!C15+'STA 11-2018'!C15+'STA 12-2018'!C15 -> 0 | D15: =SUM(B15:C15) -> 0 | F15: ='STA 01-2018'!F15+'STA 02-2018'!F15+'STA 03-2018'!F15+'STA 04-2018'!F15+'STA 05-2018'!F15+'STA 06-2018'!F15+'STA 07-2018'!F15+'STA 08-2018'!F15+'STA 09-2018'!F15+'STA 10-2018'!F15+'STA 11-2018'!F15+'STA 12-2018'!F15 -> 0 | H15: ='STA 01-2018'!H15+'STA 02-2018'!H15+'STA 03-2018'!H15+'STA 04-2018'!H15+'STA 05-2018'!H15+'STA 06-2018'!H15+'STA 07-2018'!H15+'STA 08-2018'!H15+'STA 09-2018'!H15+'STA 10-2018'!H15+'STA 11-2018'!H15+'STA 12-2018'!H15 -> 0
A16: MARGE DE GARANTIE | B16: ='STA 01-2018'!B16+'STA 02-2018'!B16+'STA 03-2018'!B16+'STA 04-2018'!B16+'STA 05-2018'!B16+'STA 06-2018'!B16+'STA 07-2018'!B16+'STA 08-2018'!B16+'STA 09-2018'!B16+'STA 10-2018'!B16+'STA 11-2018'!B16+'STA 12-2018'!B16 -> 0 | C16: ='STA 01-2018'!C16+'STA 02-2018'!C16+'STA 03-2018'!C16+'STA 04-2018'!C16+'STA 05-2018'!C16+'STA 06-2018'!C16+'STA 07-2018'!C16+'STA 08-2018'!C16+'STA 09-2018'!C16+'STA 10-2018'!C16+'STA 11-2018'!C16+'STA 12-2018'!C16 -> 0 | D16: =SUM(B16:C16) -> 0 | F16: ='STA 01-2018'!F16+'STA 02-2018'!F16+'STA 03-2018'!F16+'STA 04-2018'!F16+'STA 05-2018'!F16+'STA 06-2018'!F16+'STA 07-2018'!F16+'STA 08-2018'!F16+'STA 09-2018'!F16+'STA 10-2018'!F16+'STA 11-2018'!F16+'STA 12-2018'!F16 -> 0 | H16: ='STA 01-2018'!H16+'STA 02-2018'!H16+'STA 03-2018'!H16+'STA 04-2018'!H16+'STA 05-2018'!H16+'STA 06-2018'!H16+'STA 07-2018'!H16+'STA 08-2018'!H16+'STA 09-2018'!H16+'STA 10-2018'!H16+'STA 11-2018'!H16+'STA 12-2018'!H16 -> 0
A17: BILLET DE TRESORERIE | B17: ='STA 01-2018'!B17+'STA 02-2018'!B17+'STA 03-2018'!B17+'STA 04-2018'!B17+'STA 05-2018'!B17+'STA 06-2018'!B17+'STA 07-2018'!B17+'STA 08-2018'!B17+'STA 09-2018'!B17+'STA 10-2018'!B17+'STA 11-2018'!B17+'STA 12-2018'!B17 -> 0 | C17: ='STA 01-2018'!C17+'STA 02-2018'!C17+'STA 03-2018'!C17+'STA 04-2018'!C17+'STA 05-2018'!C17+'STA 06-2018'!C17+'STA 07-2018'!C17+'STA 08-2018'!C17+'STA 09-2018'!C17+'STA 10-2018'!C17+'STA 11-2018'!C17+'STA 12-2018'!C17 -> 0 | D17: =SUM(B17:C17) -> 0 | F17: ='STA 01-2018'!F17+'STA 02-2018'!F17+'STA 03-2018'!F17+'STA 04-2018'!F17+'STA 05-2018'!F17+'STA 06-2018'!F17+'STA 07-2018'!F17+'STA 08-2018'!F17+'STA 09-2018'!F17+'STA 10-2018'!F17+'STA 11-2018'!F17+'STA 12-2018'!F17 -> 0 | H17: ='STA 01-2018'!H17+'STA 02-2018'!H17+'STA 03-2018'!H17+'STA 04-2018'!H17+'STA 05-2018'!H17+'STA 06-2018'!H17+'STA 07-2018'!H17+'STA 08-2018'!H17+'STA 09-2018'!H17+'STA 10-2018'!H17+'STA 11-2018'!H17+'STA 12-2018'!H17 -> 0
A18: CCA | B18: ='STA 01-2018'!B18+'STA 02-2018'!B18+'STA 03-2018'!B18+'STA 04-2018'!B18+'STA 05-2018'!B18+'STA 06-2018'!B18+'STA 07-2018'!B18+'STA 08-2018'!B18+'STA 09-2018'!B18+'STA 10-2018'!B18+'STA 11-2018'!B18+'STA 12-2018'!B18 -> 0 | C18: ='STA 01-2018'!C18+'STA 02-2018'!C18+'STA 03-2018'!C18+'STA 04-2018'!C18+'STA 05-2018'!C18+'STA 06-2018'!C18+'STA 07-2018'!C18+'STA 08-2018'!C18+'STA 09-2018'!C18+'STA 10-2018'!C18+'STA 11-2018'!C18+'STA 12-2018'!C18 -> 7668.814 | D18: =SUM(B18:C18) -> 7668.814 | F18: ='STA 01-2018'!F18+'STA 02-2018'!F18+'STA 03-2018'!F18+'STA 04-2018'!F18+'STA 05-2018'!F18+'STA 06-2018'!F18+'STA 07-2018'!F18+'STA 08-2018'!F18+'STA 09-2018'!F18+'STA 10-2018'!F18+'STA 11-2018'!F18+'STA 12-2018'!F18 -> 0 | H18: ='STA 01-2018'!H18+'STA 02-2018'!H18+'STA 03-2018'!H18+'STA 04-2018'!H18+'STA 05-2018'!H18+'STA 06-2018'!H18+'STA 07-2018'!H18+'STA 08-2018'!H18+'STA 09-2018'!H18+'STA 10-2018'!H18+'STA 11-2018'!H18+'STA 12-2018'!H18 -> 0
A19: RESTITUTION TVA | B19: ='STA 01-2018'!B19+'STA 02-2018'!B19+'STA 03-2018'!B19+'STA 04-2018'!B19+'STA 05-2018'!B19+'STA 06-2018'!B19+'STA 07-2018'!B19+'STA 08-2018'!B19+'STA 09-2018'!B19+'STA 10-2018'!B19+'STA 11-2018'!B19+'STA 12-2018'!B19 -> 0 | C19: ='STA 01-2018'!C19+'STA 02-2018'!C19+'STA 03-2018'!C19+'STA 04-2018'!C19+'STA 05-2018'!C19+'STA 06-2018'!C19+'STA 07-2018'!C19+'STA 08-2018'!C19+'STA 09-2018'!C19+'STA 10-2018'!C19+'STA 11-2018'!C19+'STA 12-2018'!C19 -> 0 | D19: =SUM(B19:C19) -> 0 | F19: ='STA 01-2018'!F19+'STA 02-2018'!F19+'STA 03-2018'!F19+'STA 04-2018'!F19+'STA 05-2018'!F19+'STA 06-2018'!F19+'STA 07-2018'!F19+'STA 08-2018'!F19+'STA 09-2018'!F19+'STA 10-2018'!F19+'STA 11-2018'!F19+'STA 12-2018'!F19 -> 0 | H19: ='STA 01-2018'!H19+'STA 02-2018'!H19+'STA 03-2018'!H19+'STA 04-2018'!H19+'STA 05-2018'!H19+'STA 06-2018'!H19+'STA 07-2018'!H19+'STA 08-2018'!H19+'STA 09-2018'!H19+'STA 10-2018'!H19+'STA 11-2018'!H19+'STA 12-2018'!H19 -> 0
A20: VENTE DOLLARS | B20: ='STA 01-2018'!B20+'STA 02-2018'!B20+'STA 03-2018'!B20+'STA 04-2018'!B20+'STA 05-2018'!B20+'STA 06-2018'!B20+'STA 07-2018'!B20+'STA 08-2018'!B20+'STA 09-2018'!B20+'STA 10-2018'!B20+'STA 11-2018'!B20+'STA 12-2018'!B20 -> 0 | C20: ='STA 01-2018'!C20+'STA 02-2018'!C20+'STA 03-2018'!C20+'STA 04-2018'!C20+'STA 05-2018'!C20+'STA 06-2018'!C20+'STA 07-2018'!C20+'STA 08-2018'!C20+'STA 09-2018'!C20+'STA 10-2018'!C20+'STA 11-2018'!C20+'STA 12-2018'!C20 -> 0 | D20: =SUM(B20:C20) -> 0 | F20: ='STA 01-2018'!F20+'STA 02-2018'!F20+'STA 03-2018'!F20+'STA 04-2018'!F20+'STA 05-2018'!F20+'STA 06-2018'!F20+'STA 07-2018'!F20+'STA 08-2018'!F20+'STA 09-2018'!F20+'STA 10-2018'!F20+'STA 11-2018'!F20+'STA 12-2018'!F20 -> 0 | H20: ='STA 01-2018'!H20+'STA 02-2018'!H20+'STA 03-2018'!H20+'STA 04-2018'!H20+'STA 05-2018'!H20+'STA 06-2018'!H20+'STA 07-2018'!H20+'STA 08-2018'!H20+'STA 09-2018'!H20+'STA 10-2018'!H20+'STA 11-2018'!H20+'STA 12-2018'!H20 -> 0
A21: VENTE EURO | B21: ='STA 01-2018'!B21+'STA 02-2018'!B21+'STA 03-2018'!B21+'STA 04-2018'!B21+'STA 05-2018'!B21+'STA 06-2018'!B21+'STA 07-2018'!B21+'STA 08-2018'!B21+'STA 09-2018'!B21+'STA 10-2018'!B21+'STA 11-2018'!B21+'STA 12-2018'!B21 -> 0 | C21: ='STA 01-2018'!C21+'STA 02-2018'!C21+'STA 03-2018'!C21+'STA 04-2018'!C21+'STA 05-2018'!C21+'STA 06-2018'!C21+'STA 07-2018'!C21+'STA 08-2018'!C21+'STA 09-2018'!C21+'STA 10-2018'!C21+'STA 11-2018'!C21+'STA 12-2018'!C21 -> 0 | D21: =SUM(B21:C21) -> 0 | F21: ='STA 01-2018'!F21+'STA 02-2018'!F21+'STA 03-2018'!F21+'STA 04-2018'!F21+'STA 05-2018'!F21+'STA 06-2018'!F21+'STA 07-2018'!F21+'STA 08-2018'!F21+'STA 09-2018'!F21+'STA 10-2018'!F21+'STA 11-2018'!F21+'STA 12-2018'!F21 -> 0 | H21: ='STA 01-2018'!H21+'STA 02-2018'!H21+'STA 03-2018'!H21+'STA 04-2018'!H21+'STA 05-2018'!H21+'STA 06-2018'!H21+'STA 07-2018'!H21+'STA 08-2018'!H21+'STA 09-2018'!H21+'STA 10-2018'!H21+'STA 11-2018'!H21+'STA 12-2018'!H21 -> 0
A22: ENGAGEMENT BANCAIRE | B22: =SUM(B23:B26) -> -60966.597 | C22: =SUM(C23:C26) -> -314207.15 | D22: =SUM(B22:C22) -> -375173.75 | F22: =SUM(F23:F26) -> 0 | H22: =SUM(H23:H26) -> 0
A23: CMT MOBILISABLE | B23: ='STA 01-2018'!B23+'STA 02-2018'!B23+'STA 03-2018'!B23+'STA 04-2018'!B23+'STA 05-2018'!B23+'STA 06-2018'!B23+'STA 07-2018'!B23+'STA 08-2018'!B23+'STA 09-2018'!B23+'STA 10-2018'!B23+'STA 11-2018'!B23+'STA 12-2018'!B23 -> 0 | C23: ='STA 01-2018'!C23+'STA 02-2018'!C23+'STA 03-2018'!C23+'STA 04-2018'!C23+'STA 05-2018'!C23+'STA 06-2018'!C23+'STA 07-2018'!C23+'STA 08-2018'!C23+'STA 09-2018'!C23+'STA 10-2018'!C23+'STA 11-2018'!C23+'STA 12-2018'!C23 -> -88910.991 | D23: =SUM(B23:C23) -> -88910.991 | F23: ='STA 01-2018'!F23+'STA 02-2018'!F23+'STA 03-2018'!F23+'STA 04-2018'!F23+'STA 05-2018'!F23+'STA 06-2018'!F23+'STA 07-2018'!F23+'STA 08-2018'!F23+'STA 09-2018'!F23+'STA 10-2018'!F23+'STA 11-2018'!F23+'STA 12-2018'!F23 -> 0 | H23: ='STA 01-2018'!H23+'STA 02-2018'!H23+'STA 03-2018'!H23+'STA 04-2018'!H23+'STA 05-2018'!H23+'STA 06-2018'!H23+'STA 07-2018'!H23+'STA 08-2018'!H23+'STA 09-2018'!H23+'STA 10-2018'!H23+'STA 11-2018'!H23+'STA 12-2018'!H23 -> 0
A24: CREDIT DE GESTION | B24: ='STA 01-2018'!B24+'STA 02-2018'!B24+'STA 03-2018'!B24+'STA 04-2018'!B24+'STA 05-2018'!B24+'STA 06-2018'!B24+'STA 07-2018'!B24+'STA 08-2018'!B24+'STA 09-2018'!B24+'STA 10-2018'!B24+'STA 11-2018'!B24+'STA 12-2018'!B24 -> 0 | C24: ='STA 01-2018'!C24+'STA 02-2018'!C24+'STA 03-2018'!C24+'STA 04-2018'!C24+'STA 05-2018'!C24+'STA 06-2018'!C24+'STA 07-2018'!C24+'STA 08-2018'!C24+'STA 09-2018'!C24+'STA 10-2018'!C24+'STA 11-2018'!C24+'STA 12-2018'!C24 -> -185000 | D24: =SUM(B24:C24) -> -185000 | F24: ='STA 01-2018'!F24+'STA 02-2018'!F24+'STA 03-2018'!F24+'STA 04-2018'!F24+'STA 05-2018'!F24+'STA 06-2018'!F24+'STA 07-2018'!F24+'STA 08-2018'!F24+'STA 09-2018'!F24+'STA 10-2018'!F24+'STA 11-2018'!F24+'STA 12-2018'!F24 -> 0 | H24: ='STA 01-2018'!H24+'STA 02-2018'!H24+'STA 03-2018'!H24+'STA 04-2018'!H24+'STA 05-2018'!H24+'STA 06-2018'!H24+'STA 07-2018'!H24+'STA 08-2018'!H24+'STA 09-2018'!H24+'STA 10-2018'!H24+'STA 11-2018'!H24+'STA 12-2018'!H24 -> 0
A25: INTERET CREDIT DE GESTION | B25: ='STA 01-2018'!B25+'STA 02-2018'!B25+'STA 03-2018'!B25+'STA 04-2018'!B25+'STA 05-2018'!B25+'STA 06-2018'!B25+'STA 07-2018'!B25+'STA 08-2018'!B25+'STA 09-2018'!B25+'STA 10-2018'!B25+'STA 11-2018'!B25+'STA 12-2018'!B25 -> 0 | C25: ='STA 01-2018'!C25+'STA 02-2018'!C25+'STA 03-2018'!C25+'STA 04-2018'!C25+'STA 05-2018'!C25+'STA 06-2018'!C25+'STA 07-2018'!C25+'STA 08-2018'!C25+'STA 09-2018'!C25+'STA 10-2018'!C25+'STA 11-2018'!C25+'STA 12-2018'!C25 -> -40296.158 | D25: =SUM(B25:C25) -> -40296.158 | F25: ='STA 01-2018'!F25+'STA 02-2018'!F25+'STA 03-2018'!F25+'STA 04-2018'!F25+'STA 05-2018'!F25+'STA 06-2018'!F25+'STA 07-2018'!F25+'STA 08-2018'!F25+'STA 09-2018'!F25+'STA 10-2018'!F25+'STA 11-2018'!F25+'STA 12-2018'!F25 -> 0 | H25: ='STA 01-2018'!H25+'STA 02-2018'!H25+'STA 03-2018'!H25+'STA 04-2018'!H25+'STA 05-2018'!H25+'STA 06-2018'!H25+'STA 07-2018'!H25+'STA 08-2018'!H25+'STA 09-2018'!H25+'STA 10-2018'!H25+'STA 11-2018'!H25+'STA 12-2018'!H25 -> 0
A26: LEASING | B26: ='STA 01-2018'!B26+'STA 02-2018'!B26+'STA 03-2018'!B26+'STA 04-2018'!B26+'STA 05-2018'!B26+'STA 06-2018'!B26+'STA 07-2018'!B26+'STA 08-2018'!B26+'STA 09-2018'!B26+'STA 10-2018'!B26+'STA 11-2018'!B26+'STA 12-2018'!B26 -> -60966.597 | C26: ='STA 01-2018'!C26+'STA 02-2018'!C26+'STA 03-2018'!C26+'STA 04-2018'!C26+'STA 05-2018'!C26+'STA 06-2018'!C26+'STA 07-2018'!C26+'STA 08-2018'!C26+'STA 09-2018'!C26+'STA 10-2018'!C26+'STA 11-2018'!C26+'STA 12-2018'!C26 -> 0 | D26: =SUM(B26:C26) -> -60966.597 | F26: ='STA 01-2018'!F26+'STA 02-2018'!F26+'STA 03-2018'!F26+'STA 04-2018'!F26+'STA 05-2018'!F26+'STA 06-2018'!F26+'STA 07-2018'!F26+'STA 08-2018'!F26+'STA 09-2018'!F26+'STA 10-2018'!F26+'STA 11-2018'!F26+'STA 12-2018'!F26 -> 0 | H26: ='STA 01-2018'!H26+'STA 02-2018'!H26+'STA 03-2018'!H26+'STA 04-2018'!H26+'STA 05-2018'!H26+'STA 06-2018'!H26+'STA 07-2018'!H26+'STA 08-2018'!H26+'STA 09-2018'!H26+'STA 10-2018'!H26+'STA 11-2018'!H26+'STA 12-2018'!H26 -> 0
A27: FRAIS BANQUE | B27: =SUM(B28:B64) -> -74711.333 | C27: =SUM(C28:C64) -> -39740.074 | D27: =SUM(B27:C27) -> -114451.41 | F27: =SUM(F28:F64) -> 0 | H27: =SUM(H28:H64) -> 0
A28: AFFRANCHISSEMENT | B28: ='STA 01-2018'!B28+'STA 02-2018'!B28+'STA 03-2018'!B28+'STA 04-2018'!B28+'STA 05-2018'!B28+'STA 06-2018'!B28+'STA 07-2018'!B28+'STA 08-2018'!B28+'STA 09-2018'!B28+'STA 10-2018'!B28+'STA 11-2018'!B28+'STA 12-2018'!B28 -> 0 | C28: ='STA 01-2018'!C28+'STA 02-2018'!C28+'STA 03-2018'!C28+'STA 04-2018'!C28+'STA 05-2018'!C28+'STA 06-2018'!C28+'STA 07-2018'!C28+'STA 08-2018'!C28+'STA 09-2018'!C28+'STA 10-2018'!C28+'STA 11-2018'!C28+'STA 12-2018'!C28 -> -2.5 | D28: =SUM(B28:C28) -> -2.5 | F28: ='STA 01-2018'!F28+'STA 02-2018'!F28+'STA 03-2018'!F28+'STA 04-2018'!F28+'STA 05-2018'!F28+'STA 06-2018'!F28+'STA 07-2018'!F28+'STA 08-2018'!F28+'STA 09-2018'!F28+'STA 10-2018'!F28+'STA 11-2018'!F28+'STA 12-2018'!F28 -> 0 | H28: ='STA 01-2018'!H28+'STA 02-2018'!H28+'STA 03-2018'!H28+'STA 04-2018'!H28+'STA 05-2018'!H28+'STA 06-2018'!H28+'STA 07-2018'!H28+'STA 08-2018'!H28+'STA 09-2018'!H28+'STA 10-2018'!H28+'STA 11-2018'!H28+'STA 12-2018'!H28 -> 0
A29: AGIOS DEBITEURS | B29: ='STA 01-2018'!B29+'STA 02-2018'!B29+'STA 03-2018'!B29+'STA 04-2018'!B29+'STA 05-2018'!B29+'STA 06-2018'!B29+'STA 07-2018'!B29+'STA 08-2018'!B29+'STA 09-2018'!B29+'STA 10-2018'!B29+'STA 11-2018'!B29+'STA 12-2018'!B29 -> -74631.722 | C29: ='STA 01-2018'!C29+'STA 02-2018'!C29+'STA 03-2018'!C29+'STA 04-2018'!C29+'STA 05-2018'!C29+'STA 06-2018'!C29+'STA 07-2018'!C29+'STA 08-2018'!C29+'STA 09-2018'!C29+'STA 10-2018'!C29+'STA 11-2018'!C29+'STA 12-2018'!C29 -> 0 | D29: =SUM(B29:C29) -> -74631.722 | F29: ='STA 01-2018'!F29+'STA 02-2018'!F29+'STA 03-2018'!F29+'STA 04-2018'!F29+'STA 05-2018'!F29+'STA 06-2018'!F29+'STA 07-2018'!F29+'STA 08-2018'!F29+'STA 09-2018'!F29+'STA 10-2018'!F29+'STA 11-2018'!F29+'STA 12-2018'!F29 -> 0 | H29: ='STA 01-2018'!H29+'STA 02-2018'!H29+'STA 03-2018'!H29+'STA 04-2018'!H29+'STA 05-2018'!H29+'STA 06-2018'!H29+'STA 07-2018'!H29+'STA 08-2018'!H29+'STA 09-2018'!H29+'STA 10-2018'!H29+'STA 11-2018'!H29+'STA 12-2018'!H29 -> 0
A30: COMMISION OBLIGATION | B30: ='STA 01-2018'!B30+'STA 02-2018'!B30+'STA 03-2018'!B30+'STA 04-2018'!B30+'STA 05-2018'!B30+'STA 06-2018'!B30+'STA 07-2018'!B30+'STA 08-2018'!B30+'STA 09-2018'!B30+'STA 10-2018'!B30+'STA 11-2018'!B30+'STA 12-2018'!B30 -> 0 | C30: ='STA 01-2018'!C30+'STA 02-2018'!C30+'STA 03-2018'!C30+'STA 04-2018'!C30+'STA 05-2018'!C30+'STA 06-2018'!C30+'STA 07-2018'!C30+'STA 08-2018'!C30+'STA 09-2018'!C30+'STA 10-2018'!C30+'STA 11-2018'!C30+'STA 12-2018'!C30 -> -331.07 | D30: =SUM(B30:C30) -> -331.07 | F30: ='STA 01-2018'!F30+'STA 02-2018'!F30+'STA 03-2018'!F30+'STA 04-2018'!F30+'STA 05-2018'!F30+'STA 06-2018'!F30+'STA 07-2018'!F30+'STA 08-2018'!F30+'STA 09-2018'!F30+'STA 10-2018'!F30+'STA 11-2018'!F30+'STA 12-2018'!F30 -> 0 | H30: ='STA 01-2018'!H30+'STA 02-2018'!H30+'STA 03-2018'!H30+'STA 04-2018'!H30+'STA 05-2018'!H30+'STA 06-2018'!H30+'STA 07-2018'!H30+'STA 08-2018'!H30+'STA 09-2018'!H30+'STA 10-2018'!H30+'STA 11-2018'!H30+'STA 12-2018'!H30 -> 0
A31: COMMISSION / VERS CHQ | B31: ='STA 01-2018'!B31+'STA 02-2018'!B31+'STA 03-2018'!B31+'STA 04-2018'!B31+'STA 05-2018'!B31+'STA 06-2018'!B31+'STA 07-2018'!B31+'STA 08-2018'!B31+'STA 09-2018'!B31+'STA 10-2018'!B31+'STA 11-2018'!B31+'STA 12-2018'!B31 -> -0.357 | C31: ='STA 01-2018'!C31+'STA 02-2018'!C31+'STA 03-2018'!C31+'STA 04-2018'!C31+'STA 05-2018'!C31+'STA 06-2018'!C31+'STA 07-2018'!C31+'STA 08-2018'!C31+'STA 09-2018'!C31+'STA 10-2018'!C31+'STA 11-2018'!C31+'STA 12-2018'!C31 -> -17.626 | D31: =SUM(B31:C31) -> -17.983 | F31: ='STA 01-2018'!F31+'STA 02-2018'!F31+'STA 03-2018'!F31+'STA 04-2018'!F31+'STA 05-2018'!F31+'STA 06-2018'!F31+'STA 07-2018'!F31+'STA 08-2018'!F31+'STA 09-2018'!F31+'STA 10-2018'!F31+'STA 11-2018'!F31+'STA 12-2018'!F31 -> 0 | H31: ='STA 01-2018'!H31+'STA 02-2018'!H31+'STA 03-2018'!H31+'STA 04-2018'!H31+'STA 05-2018'!H31+'STA 06-2018'!H31+'STA 07-2018'!H31+'STA 08-2018'!H31+'STA 09-2018'!H31+'STA 10-2018'!H31+'STA 11-2018'!H31+'STA 12-2018'!H31 -> 0
A32: COMMISSION ADMISSION TEMPORAIRE | B32: ='STA 01-2018'!B32+'STA 02-2018'!B32+'STA 03-2018'!B32+'STA 04-2018'!B32+'STA 05-2018'!B32+'STA 06-2018'!B32+'STA 07-2018'!B32+'STA 08-2018'!B32+'STA 09-2018'!B32+'STA 10-2018'!B32+'STA 11-2018'!B32+'STA 12-2018'!B32 -> 0 | C32: ='STA 01-2018'!C32+'STA 02-2018'!C32+'STA 03-2018'!C32+'STA 04-2018'!C32+'STA 05-2018'!C32+'STA 06-2018'!C32+'STA 07-2018'!C32+'STA 08-2018'!C32+'STA 09-2018'!C32+'STA 10-2018'!C32+'STA 11-2018'!C32+'STA 12-2018'!C32 -> -5254.639 | D32: =SUM(B32:C32) -> -5254.639 | F32: ='STA 01-2018'!F32+'STA 02-2018'!F32+'STA 03-2018'!F32+'STA 04-2018'!F32+'STA 05-2018'!F32+'STA 06-2018'!F32+'STA 07-2018'!F32+'STA 08-2018'!F32+'STA 09-2018'!F32+'STA 10-2018'!F32+'STA 11-2018'!F32+'STA 12-2018'!F32 -> 0 | H32: ='STA 01-2018'!H32+'STA 02-2018'!H32+'STA 03-2018'!H32+'STA 04-2018'!H32+'STA 05-2018'!H32+'STA 06-2018'!H32+'STA 07-2018'!H32+'STA 08-2018'!H32+'STA 09-2018'!H32+'STA 10-2018'!H32+'STA 11-2018'!H32+'STA 12-2018'!H32 -> 0
A33: COMMISSION CAUTION DEF | B33: ='STA 01-2018'!B33+'STA 02-2018'!B33+'STA 03-2018'!B33+'STA 04-2018'!B33+'STA 05-2018'!B33+'STA 06-2018'!B33+'STA 07-2018'!B33+'STA 08-2018'!B33+'STA 09-2018'!B33+'STA 10-2018'!B33+'STA 11-2018'!B33+'STA 12-2018'!B33 -> 0 | C33: ='STA 01-2018'!C33+'STA 02-2018'!C33+'STA 03-2018'!C33+'STA 04-2018'!C33+'STA 05-2018'!C33+'STA 06-2018'!C33+'STA 07-2018'!C33+'STA 08-2018'!C33+'STA 09-2018'!C33+'STA 10-2018'!C33+'STA 11-2018'!C33+'STA 12-2018'!C33 -> -2425.9 | D33: =SUM(B33:C33) -> -2425.9 | F33: ='STA 01-2018'!F33+'STA 02-2018'!F33+'STA 03-2018'!F33+'STA 04-2018'!F33+'STA 05-2018'!F33+'STA 06-2018'!F33+'STA 07-2018'!F33+'STA 08-2018'!F33+'STA 09-2018'!F33+'STA 10-2018'!F33+'STA 11-2018'!F33+'STA 12-2018'!F33 -> 0 | H33: ='STA 01-2018'!H33+'STA 02-2018'!H33+'STA 03-2018'!H33+'STA 04-2018'!H33+'STA 05-2018'!H33+'STA 06-2018'!H33+'STA 07-2018'!H33+'STA 08-2018'!H33+'STA 09-2018'!H33+'STA 10-2018'!H33+'STA 11-2018'!H33+'STA 12-2018'!H33 -> 0
A34: COMMISSION CHQ CERTIFIE | B34: ='STA 01-2018'!B34+'STA 02-2018'!B34+'STA 03-2018'!B34+'STA 04-2018'!B34+'STA 05-2018'!B34+'STA 06-2018'!B34+'STA 07-2018'!B34+'STA 08-2018'!B34+'STA 09-2018'!B34+'STA 10-2018'!B34+'STA 11-2018'!B34+'STA 12-2018'!B34 -> 0 | C34: ='STA 01-2018'!C34+'STA 02-2018'!C34+'STA 03-2018'!C34+'STA 04-2018'!C34+'STA 05-2018'!C34+'STA 06-2018'!C34+'STA 07-2018'!C34+'STA 08-2018'!C34+'STA 09-2018'!C34+'STA 10-2018'!C34+'STA 11-2018'!C34+'STA 12-2018'!C34 -> -15.47 | D34: =SUM(B34:C34) -> -15.47 | F34: ='STA 01-2018'!F34+'STA 02-2018'!F34+'STA 03-2018'!F34+'STA 04-2018'!F34+'STA 05-2018'!F34+'STA 06-2018'!F34+'STA 07-2018'!F34+'STA 08-2018'!F34+'STA 09-2018'!F34+'STA 10-2018'!F34+'STA 11-2018'!F34+'STA 12-2018'!F34 -> 0 | H34: ='STA 01-2018'!H34+'STA 02-2018'!H34+'STA 03-2018'!H34+'STA 04-2018'!H34+'STA 05-2018'!H34+'STA 06-2018'!H34+'STA 07-2018'!H34+'STA 08-2018'!H34+'STA 09-2018'!H34+'STA 10-2018'!H34+'STA 11-2018'!H34+'STA 12-2018'!H34 -> 0
A35: COMMISSION D'ADHESION | B35: ='STA 01-2018'!B35+'STA 02-2018'!B35+'STA 03-2018'!B35+'STA 04-2018'!B35+'STA 05-2018'!B35+'STA 06-2018'!B35+'STA 07-2018'!B35+'STA 08-2018'!B35+'STA 09-2018'!B35+'STA 10-2018'!B35+'STA 11-2018'!B35+'STA 12-2018'!B35 -> -53.55 | C35: ='STA 01-2018'!C35+'STA 02-2018'!C35+'STA 03-2018'!C35+'STA 04-2018'!C35+'STA 05-2018'!C35+'STA 06-2018'!C35+'STA 07-2018'!C35+'STA 08-2018'!C35+'STA 09-2018'!C35+'STA 10-2018'!C35+'STA 11-2018'!C35+'STA 12-2018'!C35 -> -53.55 | D35: =SUM(B35:C35) -> -107.1 | F35: ='STA 01-2018'!F35+'STA 02-2018'!F35+'STA 03-2018'!F35+'STA 04-2018'!F35+'STA 05-2018'!F35+'STA 06-2018'!F35+'STA 07-2018'!F35+'STA 08-2018'!F35+'STA 09-2018'!F35+'STA 10-2018'!F35+'STA 11-2018'!F35+'STA 12-2018'!F35 -> 0 | H35: ='STA 01-2018'!H35+'STA 02-2018'!H35+'STA 03-2018'!H35+'STA 04-2018'!H35+'STA 05-2018'!H35+'STA 06-2018'!H35+'STA 07-2018'!H35+'STA 08-2018'!H35+'STA 09-2018'!H35+'STA 10-2018'!H35+'STA 11-2018'!H35+'STA 12-2018'!H35 -> 0
A36: COMMISSION DE CHANGE | B36: ='STA 01-2018'!B36+'STA 02-2018'!B36+'STA 03-2018'!B36+'STA 04-2018'!B36+'STA 05-2018'!B36+'STA 06-2018'!B36+'STA 07-2018'!B36+'STA 08-2018'!B36+'STA 09-2018'!B36+'STA 10-2018'!B36+'STA 11-2018'!B36+'STA 12-2018'!B36 -> 0 | C36: ='STA 01-2018'!C36+'STA 02-2018'!C36+'STA 03-2018'!C36+'STA 04-2018'!C36+'STA 05-2018'!C36+'STA 06-2018'!C36+'STA 07-2018'!C36+'STA 08-2018'!C36+'STA 09-2018'!C36+'STA 10-2018'!C36+'STA 11-2018'!C36+'STA 12-2018'!C36 -> 0 | D36: =SUM(B36:C36) -> 0 | F36: ='STA 01-2018'!F36+'STA 02-2018'!F36+'STA 03-2018'!F36+'STA 04-2018'!F36+'STA 05-2018'!F36+'STA 06-2018'!F36+'STA 07-2018'!F36+'STA 08-2018'!F36+'STA 09-2018'!F36+'STA 10-2018'!F36+'STA 11-2018'!F36+'STA 12-2018'!F36 -> 0 | H36: ='STA 01-2018'!H36+'STA 02-2018'!H36+'STA 03-2018'!H36+'STA 04-2018'!H36+'STA 05-2018'!H36+'STA 06-2018'!H36+'STA 07-2018'!H36+'STA 08-2018'!H36+'STA 09-2018'!H36+'STA 10-2018'!H36+'STA 11-2018'!H36+'STA 12-2018'!H36 -> 0
A37: COMMISSION DE DOMICILIATION | B37: ='STA 01-2018'!B37+'STA 02-2018'!B37+'STA 03-2018'!B37+'STA 04-2018'!B37+'STA 05-2018'!B37+'STA 06-2018'!B37+'STA 07-2018'!B37+'STA 08-2018'!B37+'STA 09-2018'!B37+'STA 10-2018'!B37+'STA 11-2018'!B37+'STA 12-2018'!B37 -> 0 | C37: ='STA 01-2018'!C37+'STA 02-2018'!C37+'STA 03-2018'!C37+'STA 04-2018'!C37+'STA 05-2018'!C37+'STA 06-2018'!C37+'STA 07-2018'!C37+'STA 08-2018'!C37+'STA 09-2018'!C37+'STA 10-2018'!C37+'STA 11-2018'!C37+'STA 12-2018'!C37 -> -20.5 | D37: =SUM(B37:C37) -> -20.5 | F37: ='STA 01-2018'!F37+'STA 02-2018'!F37+'STA 03-2018'!F37+'STA 04-2018'!F37+'STA 05-2018'!F37+'STA 06-2018'!F37+'STA 07-2018'!F37+'STA 08-2018'!F37+'STA 09-2018'!F37+'STA 10-2018'!F37+'STA 11-2018'!F37+'STA 12-2018'!F37 -> 0 | H37: ='STA 01-2018'!H37+'STA 02-2018'!H37+'STA 03-2018'!H37+'STA 04-2018'!H37+'STA 05-2018'!H37+'STA 06-2018'!H37+'STA 07-2018'!H37+'STA 08-2018'!H37+'STA 09-2018'!H37+'STA 10-2018'!H37+'STA 11-2018'!H37+'STA 12-2018'!H37 -> 0
A38: COMMISSION DE MODIFICATION | B38: ='STA 01-2018'!B38+'STA 02-2018'!B38+'STA 03-2018'!B38+'STA 04-2018'!B38+'STA 05-2018'!B38+'STA 06-2018'!B38+'STA 07-2018'!B38+'STA 08-2018'!B38+'STA 09-2018'!B38+'STA 10-2018'!B38+'STA 11-2018'!B38+'STA 12-2018'!B38 -> 0 | C38: ='STA 01-2018'!C38+'STA 02-2018'!C38+'STA 03-2018'!C38+'STA 04-2018'!C38+'STA 05-2018'!C38+'STA 06-2018'!C38+'STA 07-2018'!C38+'STA 08-2018'!C38+'STA 09-2018'!C38+'STA 10-2018'!C38+'STA 11-2018'!C38+'STA 12-2018'!C38 -> 0 | D38: =SUM(B38:C38) -> 0 | F38: ='STA 01-2018'!F38+'STA 02-2018'!F38+'STA 03-2018'!F38+'STA 04-2018'!F38+'STA 05-2018'!F38+'STA 06-2018'!F38+'STA 07-2018'!F38+'STA 08-2018'!F38+'STA 09-2018'!F38+'STA 10-2018'!F38+'STA 11-2018'!F38+'STA 12-2018'!F38 -> 0 | H38: ='STA 01-2018'!H38+'STA 02-2018'!H38+'STA 03-2018'!H38+'STA 04-2018'!H38+'STA 05-2018'!H38+'STA 06-2018'!H38+'STA 07-2018'!H38+'STA 08-2018'!H38+'STA 09-2018'!H38+'STA 10-2018'!H38+'STA 11-2018'!H38+'STA 12-2018'!H38 -> 0
A39: COMMISSION DE NOTIFICATION | B39: ='STA 01-2018'!B39+'STA 02-2018'!B39+'STA 03-2018'!B39+'STA 04-2018'!B39+'STA 05-2018'!B39+'STA 06-2018'!B39+'STA 07-2018'!B39+'STA 08-2018'!B39+'STA 09-2018'!B39+'STA 10-2018'!B39+'STA 11-2018'!B39+'STA 12-2018'!B39 -> 0 | C39: ='STA 01-2018'!C39+'STA 02-2018'!C39+'STA 03-2018'!C39+'STA 04-2018'!C39+'STA 05-2018'!C39+'STA 06-2018'!C39+'STA 07-2018'!C39+'STA 08-2018'!C39+'STA 09-2018'!C39+'STA 10-2018'!C39+'STA 11-2018'!C39+'STA 12-2018'!C39 -> 0 | D39: =SUM(B39:C39) -> 0 | F39: ='STA 01-2018'!F39+'STA 02-2018'!F39+'STA 03-2018'!F39+'STA 04-2018'!F39+'STA 05-2018'!F39+'STA 06-2018'!F39+'STA 07-2018'!F39+'STA 08-2018'!F39+'STA 09-2018'!F39+'STA 10-2018'!F39+'STA 11-2018'!F39+'STA 12-2018'!F39 -> 0 | H39: ='STA 01-2018'!H39+'STA 02-2018'!H39+'STA 03-2018'!H39+'STA 04-2018'!H39+'STA 05-2018'!H39+'STA 06-2018'!H39+'STA 07-2018'!H39+'STA 08-2018'!H39+'STA 09-2018'!H39+'STA 10-2018'!H39+'STA 11-2018'!H39+'STA 12-2018'!H39 -> 0
... A64: TVA | B64: ='STA 01-2018'!B64+'STA 02-2018'!B64+'STA 03-2018'!B64+'STA 04-2018'!B64+'STA 05-2018'!B64+'STA 06-2018'!B64+'STA 07-2018'!B64+'STA 08-2018'!B64+'STA 09-2018'!B64+'STA 10-2018'!B64+'STA 11-2018'!B64+'STA 12-2018'!B64 -> 0 | C64: ='STA 01-2018'!C64+'STA 02-2018'!C64+'STA 03-2018'!C64+'STA 04-2018'!C64+'STA 05-2018'!C64+'STA 06-2018'!C64+'STA 07-2018'!C64+'STA 08-2018'!C64+'STA 09-2018'!C64+'STA 10-2018'!C64+'STA 11-2018'!C64+'STA 12-2018'!C64 -> -29.735 | D64: =SUM(B64:C64) -> -29.735 | F64: ='STA 01-2018'!F64+'STA 02-2018'!F64+'STA 03-2018'!F64+'STA 04-2018'!F64+'STA 05-2018'!F64+'STA 06-2018'!F64+'STA 07-2018'!F64+'STA 08-2018'!F64+'STA 09-2018'!F64+'STA 10-2018'!F64+'STA 11-2018'!F64+'STA 12-2018'!F64 -> 0 | H64: ='STA 01-2018'!H64+'STA 02-2018'!H64+'STA 03-2018'!H64+'STA 04-2018'!H64+'STA 05-2018'!H64+'STA 06-2018'!H64+'STA 07-2018'!H64+'STA 08-2018'!H64+'STA 09-2018'!H64+'STA 10-2018'!H64+'STA 11-2018'!H64+'STA 12-2018'!H64 -> 0
A65: CHARGE PERSONNEL | B65: =SUM(B66:B69) -> 0 | C65: =SUM(C66:C69) -> -567518.22 | D65: =SUM(B65:C65) -> -567518.22 | F65: =SUM(F66:F69) -> 0 | H65: =SUM(H66:H69) -> 0
A66: AVANCE | B66: ='STA 01-2018'!B66+'STA 02-2018'!B66+'STA 03-2018'!B66+'STA 04-2018'!B66+'STA 05-2018'!B66+'STA 06-2018'!B66+'STA 07-2018'!B66+'STA 08-2018'!B66+'STA 09-2018'!B66+'STA 10-2018'!B66+'STA 11-2018'!B66+'STA 12-2018'!B66 -> 0 | C66: ='STA 01-2018'!C66+'STA 02-2018'!C66+'STA 03-2018'!C66+'STA 04-2018'!C66+'STA 05-2018'!C66+'STA 06-2018'!C66+'STA 07-2018'!C66+'STA 08-2018'!C66+'STA 09-2018'!C66+'STA 10-2018'!C66+'STA 11-2018'!C66+'STA 12-2018'!C66 -> -4430 | D66: =SUM(B66:C66) -> -4430 | F66: ='STA 01-2018'!F66+'STA 02-2018'!F66+'STA 03-2018'!F66+'STA 04-2018'!F66+'STA 05-2018'!F66+'STA 06-2018'!F66+'STA 07-2018'!F66+'STA 08-2018'!F66+'STA 09-2018'!F66+'STA 10-2018'!F66+'STA 11-2018'!F66+'STA 12-2018'!F66 -> 0 | H66: ='STA 01-2018'!H66+'STA 02-2018'!H66+'STA 03-2018'!H66+'STA 04-2018'!H66+'STA 05-2018'!H66+'STA 06-2018'!H66+'STA 07-2018'!H66+'STA 08-2018'!H66+'STA 09-2018'!H66+'STA 10-2018'!H66+'STA 11-2018'!H66+'STA 12-2018'!H66 -> 0
A67: PRÊT | B67: ='STA 01-2018'!B67+'STA 02-2018'!B67+'STA 03-2018'!B67+'STA 04-2018'!B67+'STA 05-2018'!B67+'STA 06-2018'!B67+'STA 07-2018'!B67+'STA 08-2018'!B67+'STA 09-2018'!B67+'STA 10-2018'!B67+'STA 11-2018'!B67+'STA 12-2018'!B67 -> 0 | C67: ='STA 01-2018'!C67+'STA 02-2018'!C67+'STA 03-2018'!C67+'STA 04-2018'!C67+'STA 05-2018'!C67+'STA 06-2018'!C67+'STA 07-2018'!C67+'STA 08-2018'!C67+'STA 09-2018'!C67+'STA 10-2018'!C67+'STA 11-2018'!C67+'STA 12-2018'!C67 -> -1140.61 | D67: =SUM(B67:C67) -> -1140.61 | F67: ='STA 01-2018'!F67+'STA 02-2018'!F67+'STA 03-2018'!F67+'STA 04-2018'!F67+'STA 05-2018'!F67+'STA 06-2018'!F67+'STA 07-2018'!F67+'STA 08-2018'!F67+'STA 09-2018'!F67+'STA 10-2018'!F67+'STA 11-2018'!F67+'STA 12-2018'!F67 -> 0 | H67: ='STA 01-2018'!H67+'STA 02-2018'!H67+'STA 03-2018'!H67+'STA 04-2018'!H67+'STA 05-2018'!H67+'STA 06-2018'!H67+'STA 07-2018'!H67+'STA 08-2018'!H67+'STA 09-2018'!H67+'STA 10-2018'!H67+'STA 11-2018'!H67+'STA 12-2018'!H67 -> 0
A68: SALAIRE | B68: ='STA 01-2018'!B68+'STA 02-2018'!B68+'STA 03-2018'!B68+'STA 04-2018'!B68+'STA 05-2018'!B68+'STA 06-2018'!B68+'STA 07-2018'!B68+'STA 08-2018'!B68+'STA 09-2018'!B68+'STA 10-2018'!B68+'STA 11-2018'!B68+'STA 12-2018'!B68 -> 0 | C68: ='STA 01-2018'!C68+'STA 02-2018'!C68+'STA 03-2018'!C68+'STA 04-2018'!C68+'STA 05-2018'!C68+'STA 06-2018'!C68+'STA 07-2018'!C68+'STA 08-2018'!C68+'STA 09-2018'!C68+'STA 10-2018'!C68+'STA 11-2018'!C68+'STA 12-2018'!C68 -> -440055.26 | D68: =SUM(B68:C68) -> -440055.26 | F68: ='STA 01-2018'!F68+'STA 02-2018'!F68+'STA 03-2018'!F68+'STA 04-2018'!F68+'STA 05-2018'!F68+'STA 06-2018'!F68+'STA 07-2018'!F68+'STA 08-2018'!F68+'STA 09-2018'!F68+'STA 10-2018'!F68+'STA 11-2018'!F68+'STA 12-2018'!F68 -> 0 | H68: ='STA 01-2018'!H68+'STA 02-2018'!H68+'STA 03-2018'!H68+'STA 04-2018'!H68+'STA 05-2018'!H68+'STA 06-2018'!H68+'STA 07-2018'!H68+'STA 08-2018'!H68+'STA 09-2018'!H68+'STA 10-2018'!H68+'STA 11-2018'!H68+'STA 12-2018'!H68 -> 0
A69: CNSS | B69: ='STA 01-2018'!B69+'STA 02-2018'!B69+'STA 03-2018'!B69+'STA 04-2018'!B69+'STA 05-2018'!B69+'STA 06-2018'!B69+'STA 07-2018'!B69+'STA 08-2018'!B69+'STA 09-2018'!B69+'STA 10-2018'!B69+'STA 11-2018'!B69+'STA 12-2018'!B69 -> 0 | C69: ='STA 01-2018'!C69+'STA 02-2018'!C69+'STA 03-2018'!C69+'STA 04-2018'!C69+'STA 05-2018'!C69+'STA 06-2018'!C69+'STA 07-2018'!C69+'STA 08-2018'!C69+'STA 09-2018'!C69+'STA 10-2018'!C69+'STA 11-2018'!C69+'STA 12-2018'!C69 -> -121892.36 | D69: =SUM(B69:C69) -> -121892.36 | F69: ='STA 01-2018'!F69+'STA 02-2018'!F69+'STA 03-2018'!F69+'STA 04-2018'!F69+'STA 05-2018'!F69+'STA 06-2018'!F69+'STA 07-2018'!F69+'STA 08-2018'!F69+'STA 09-2018'!F69+'STA 10-2018'!F69+'STA 11-2018'!F69+'STA 12-2018'!F69 -> 0 | H69: ='STA 01-2018'!H69+'STA 02-2018'!H69+'STA 03-2018'!H69+'STA 04-2018'!H69+'STA 05-2018'!H69+'STA 06-2018'!H69+'STA 07-2018'!H69+'STA 08-2018'!H69+'STA 09-2018'!H69+'STA 10-2018'!H69+'STA 11-2018'!H69+'STA 12-2018'!H69 -> 0
A70: SOCIETE DU GROUPE | B70: =SUM(B71:B77) -> 0 | C70: =SUM(C71:C77) -> -1716.133 | D70: =SUM(B70:C70) -> -1716.133 | F70: =SUM(F71:F77) -> 0 | H70: =SUM(H71:H77) -> 0
A71: DIVIDENDES | B71: ='STA 01-2018'!B71+'STA 02-2018'!B71+'STA 03-2018'!B71+'STA 04-2018'!B71+'STA 05-2018'!B71+'STA 06-2018'!B71+'STA 07-2018'!B71+'STA 08-2018'!B71+'STA 09-2018'!B71+'STA 10-2018'!B71+'STA 11-2018'!B71+'STA 12-2018'!B71 -> 0 | C71: ='STA 01-2018'!C71+'STA 02-2018'!C71+'STA 03-2018'!C71+'STA 04-2018'!C71+'STA 05-2018'!C71+'STA 06-2018'!C71+'STA 07-2018'!C71+'STA 08-2018'!C71+'STA 09-2018'!C71+'STA 10-2018'!C71+'STA 11-2018'!C71+'STA 12-2018'!C71 -> 75403.932 | D71: =SUM(B71:C71) -> 75403.932 | F71: ='STA 01-2018'!F71+'STA 02-2018'!F71+'STA 03-2018'!F71+'STA 04-2018'!F71+'STA 05-2018'!F71+'STA 06-2018'!F71+'STA 07-2018'!F71+'STA 08-2018'!F71+'STA 09-2018'!F71+'STA 10-2018'!F71+'STA 11-2018'!F71+'STA 12-2018'!F71 -> 0 | H71: ='STA 01-2018'!H71+'STA 02-2018'!H71+'STA 03-2018'!H71+'STA 04-2018'!H71+'STA 05-2018'!H71+'STA 06-2018'!H71+'STA 07-2018'!H71+'STA 08-2018'!H71+'STA 09-2018'!H71+'STA 10-2018'!H71+'STA 11-2018'!H71+'STA 12-2018'!H71 -> 0
A72: FONDERIE HNAYA | B72: ='STA 01-2018'!B72+'STA 02-2018'!B72+'STA 03-2018'!B72+'STA 04-2018'!B72+'STA 05-2018'!B72+'STA 06-2018'!B72+'STA 07-2018'!B72+'STA 08-2018'!B72+'STA 09-2018'!B72+'STA 10-2018'!B72+'STA 11-2018'!B72+'STA 12-2018'!B72 -> 0 | C72: ='STA 01-2018'!C72+'STA 02-2018'!C72+'STA 03-2018'!C72+'STA 04-2018'!C72+'STA 05-2018'!C72+'STA 06-2018'!C72+'STA 07-2018'!C72+'STA 08-2018'!C72+'STA 09-2018'!C72+'STA 10-2018'!C72+'STA 11-2018'!C72+'STA 12-2018'!C72 -> -141548.11 | D72: =SUM(B72:C72) -> -141548.11 | F72: ='STA 01-2018'!F72+'STA 02-2018'!F72+'STA 03-2018'!F72+'STA 04-2018'!F72+'STA 05-2018'!F72+'STA 06-2018'!F72+'STA 07-2018'!F72+'STA 08-2018'!F72+'STA 09-2018'!F72+'STA 10-2018'!F72+'STA 11-2018'!F72+'STA 12-2018'!F72 -> 0 | H72: ='STA 01-2018'!H72+'STA 02-2018'!H72+'STA 03-2018'!H72+'STA 04-2018'!H72+'STA 05-2018'!H72+'STA 06-2018'!H72+'STA 07-2018'!H72+'STA 08-2018'!H72+'STA 09-2018'!H72+'STA 10-2018'!H72+'STA 11-2018'!H72+'STA 12-2018'!H72 -> 0
A73: ALPHA MEDIA | B73: ='STA 01-2018'!B73+'STA 02-2018'!B73+'STA 03-2018'!B73+'STA 04-2018'!B73+'STA 05-2018'!B73+'STA 06-2018'!B73+'STA 07-2018'!B73+'STA 08-2018'!B73+'STA 09-2018'!B73+'STA 10-2018'!B73+'STA 11-2018'!B73+'STA 12-2018'!B73 -> 0 | C73: ='STA 01-2018'!C73+'STA 02-2018'!C73+'STA 03-2018'!C73+'STA 04-2018'!C73+'STA 05-2018'!C73+'STA 06-2018'!C73+'STA 07-2018'!C73+'STA 08-2018'!C73+'STA 09-2018'!C73+'STA 10-2018'!C73+'STA 11-2018'!C73+'STA 12-2018'!C73 -> 0 | D73: =SUM(B73:C73) -> 0 | F73: ='STA 01-2018'!F73+'STA 02-2018'!F73+'STA 03-2018'!F73+'STA 04-2018'!F73+'STA 05-2018'!F73+'STA 06-2018'!F73+'STA 07-2018'!F73+'STA 08-2018'!F73+'STA 09-2018'!F73+'STA 10-2018'!F73+'STA 11-2018'!F73+'STA 12-2018'!F73 -> 0 | H73: ='STA 01-2018'!H73+'STA 02-2018'!H73+'STA 03-2018'!H73+'STA 04-2018'!H73+'STA 05-2018'!H73+'STA 06-2018'!H73+'STA 07-2018'!H73+'STA 08-2018'!H73+'STA 09-2018'!H73+'STA 10-2018'!H73+'STA 11-2018'!H73+'STA 12-2018'!H73 -> 0
A74: NOUR HEMP | B74: ='STA 01-2018'!B74+'STA 02-2018'!B74+'STA 03-2018'!B74+'STA 04-2018'!B74+'STA 05-2018'!B74+'STA 06-2018'!B74+'STA 07-2018'!B74+'STA 08-2018'!B74+'STA 09-2018'!B74+'STA 10-2018'!B74+'STA 11-2018'!B74+'STA 12-2018'!B74 -> 0 | C74: ='STA 01-2018'!C74+'STA 02-2018'!C74+'STA 03-2018'!C74+'STA 04-2018'!C74+'STA 05-2018'!C74+'STA 06-2018'!C74+'STA 07-2018'!C74+'STA 08-2018'!C74+'STA 09-2018'!C74+'STA 10-2018'!C74+'STA 11-2018'!C74+'STA 12-2018'!C74 -> 0 | D74: =SUM(B74:C74) -> 0 | F74: ='STA 01-2018'!F74+'STA 02-2018'!F74+'STA 03-2018'!F74+'STA 04-2018'!F74+'STA 05-2018'!F74+'STA 06-2018'!F74+'STA 07-2018'!F74+'STA 08-2018'!F74+'STA 09-2018'!F74+'STA 10-2018'!F74+'STA 11-2018'!F74+'STA 12-2018'!F74 -> 0 | H74: ='STA 01-2018'!H74+'STA 02-2018'!H74+'STA 03-2018'!H74+'STA 04-2018'!H74+'STA 05-2018'!H74+'STA 06-2018'!H74+'STA 07-2018'!H74+'STA 08-2018'!H74+'STA 09-2018'!H74+'STA 10-2018'!H74+'STA 11-2018'!H74+'STA 12-2018'!H74 -> 0
A75: PHENICIA | B75: ='STA 01-2018'!B75+'STA 02-2018'!B75+'STA 03-2018'!B75+'STA 04-2018'!B75+'STA 05-2018'!B75+'STA 06-2018'!B75+'STA 07-2018'!B75+'STA 08-2018'!B75+'STA 09-2018'!B75+'STA 10-2018'!B75+'STA 11-2018'!B75+'STA 12-2018'!B75 -> 0 | C75: ='STA 01-2018'!C75+'STA 02-2018'!C75+'STA 03-2018'!C75+'STA 04-2018'!C75+'STA 05-2018'!C75+'STA 06-2018'!C75+'STA 07-2018'!C75+'STA 08-2018'!C75+'STA 09-2018'!C75+'STA 10-2018'!C75+'STA 11-2018'!C75+'STA 12-2018'!C75 -> 0 | D75: =SUM(B75:C75) -> 0 | F75: ='STA 01-2018'!F75+'STA 02-2018'!F75+'STA 03-2018'!F75+'STA 04-2018'!F75+'STA 05-2018'!F75+'STA 06-2018'!F75+'STA 07-2018'!F75+'STA 08-2018'!F75+'STA 09-2018'!F75+'STA 10-2018'!F75+'STA 11-2018'!F75+'STA 12-2018'!F75 -> 0 | H75: ='STA 01-2018'!H75+'STA 02-2018'!H75+'STA 03-2018'!H75+'STA 04-2018'!H75+'STA 05-2018'!H75+'STA 06-2018'!H75+'STA 07-2018'!H75+'STA 08-2018'!H75+'STA 09-2018'!H75+'STA 10-2018'!H75+'STA 11-2018'!H75+'STA 12-2018'!H75 -> 0
A76: STA NOUR | B76: ='STA 01-2018'!B76+'STA 02-2018'!B76+'STA 03-2018'!B76+'STA 04-2018'!B76+'STA 05-2018'!B76+'STA 06-2018'!B76+'STA 07-2018'!B76+'STA 08-2018'!B76+'STA 09-2018'!B76+'STA 10-2018'!B76+'STA 11-2018'!B76+'STA 12-2018'!B76 -> 0 | C76: ='STA 01-2018'!C76+'STA 02-2018'!C76+'STA 03-2018'!C76+'STA 04-2018'!C76+'STA 05-2018'!C76+'STA 06-2018'!C76+'STA 07-2018'!C76+'STA 08-2018'!C76+'STA 09-2018'!C76+'STA 10-2018'!C76+'STA 11-2018'!C76+'STA 12-2018'!C76 -> 0 | D76: =SUM(B76:C76) -> 0 | F76: ='STA 01-2018'!F76+'STA 02-2018'!F76+'STA 03-2018'!F76+'STA 04-2018'!F76+'STA 05-2018'!F76+'STA 06-2018'!F76+'STA 07-2018'!F76+'STA 08-2018'!F76+'STA 09-2018'!F76+'STA 10-2018'!F76+'STA 11-2018'!F76+'STA 12-2018'!F76 -> 0 | H76: ='STA 01-2018'!H76+'STA 02-2018'!H76+'STA 03-2018'!H76+'STA 04-2018'!H76+'STA 05-2018'!H76+'STA 06-2018'!H76+'STA 07-2018'!H76+'STA 08-2018'!H76+'STA 09-2018'!H76+'STA 10-2018'!H76+'STA 11-2018'!H76+'STA 12-2018'!H76 -> 0
A77: TIP | B77: ='STA 01-2018'!B77+'STA 02-2018'!B77+'STA 03-2018'!B77+'STA 04-2018'!B77+'STA 05-2018'!B77+'STA 06-2018'!B77+'STA 07-2018'!B77+'STA 08-2018'!B77+'STA 09-2018'!B77+'STA 10-2018'!B77+'STA 11-2018'!B77+'STA 12-2018'!B77 -> 0 | C77: ='STA 01-2018'!C77+'STA 02-2018'!C77+'STA 03-2018'!C77+'STA 04-2018'!C77+'STA 05-2018'!C77+'STA 06-2018'!C77+'STA 07-2018'!C77+'STA 08-2018'!C77+'STA 09-2018'!C77+'STA 10-2018'!C77+'STA 11-2018'!C77+'STA 12-2018'!C77 -> 64428.041 | D77: =SUM(B77:C77) -> 64428.041 | F77: ='STA 01-2018'!F77+'STA 02-2018'!F77+'STA 03-2018'!F77+'STA 04-2018'!F77+'STA 05-2018'!F77+'STA 06-2018'!F77+'STA 07-2018'!F77+'STA 08-2018'!F77+'STA 09-2018'!F77+'STA 10-2018'!F77+'STA 11-2018'!F77+'STA 12-2018'!F77 -> 0 | H77: ='STA 01-2018'!H77+'STA 02-2018'!H77+'STA 03-2018'!H77+'STA 04-2018'!H77+'STA 05-2018'!H77+'STA 06-2018'!H77+'STA 07-2018'!H77+'STA 08-2018'!H77+'STA 09-2018'!H77+'STA 10-2018'!H77+'STA 11-2018'!H77+'STA 12-2018'!H77 -> 0
A78: FOURNISSEURS ETRANGER | B78: =SUM(B79:B97) -> 0 | C78: =SUM(C79:C97) -> -65997.635 | D78: =SUM(B78:C78) -> -65997.635 | F78: =SUM(F79:F97) -> -14000 | H78: =SUM(H79:H97) -> -263155.54
A79: ACCUMA | B79: ='STA 01-2018'!B79+'STA 02-2018'!B79+'STA 03-2018'!B79+'STA 04-2018'!B79+'STA 05-2018'!B79+'STA 06-2018'!B79+'STA 07-2018'!B79+'STA 08-2018'!B79+'STA 09-2018'!B79+'STA 10-2018'!B79+'STA 11-2018'!B79+'STA 12-2018'!B79 -> 0 | C79: ='STA 01-2018'!C79+'STA 02-2018'!C79+'STA 03-2018'!C79+'STA 04-2018'!C79+'STA 05-2018'!C79+'STA 06-2018'!C79+'STA 07-2018'!C79+'STA 08-2018'!C79+'STA 09-2018'!C79+'STA 10-2018'!C79+'STA 11-2018'!C79+'STA 12-2018'!C79 -> 0 | D79: =SUM(B79:C79) -> 0 | F79: ='STA 01-2018'!F79+'STA 02-2018'!F79+'STA 03-2018'!F79+'STA 04-2018'!F79+'STA 05-2018'!F79+'STA 06-2018'!F79+'STA 07-2018'!F79+'STA 08-2018'!F79+'STA 09-2018'!F79+'STA 10-2018'!F79+'STA 11-2018'!F79+'STA 12-2018'!F79 -> 0 | H79: ='STA 01-2018'!H79+'STA 02-2018'!H79+'STA 03-2018'!H79+'STA 04-2018'!H79+'STA 05-2018'!H79+'STA 06-2018'!H79+'STA 07-2018'!H79+'STA 08-2018'!H79+'STA 09-2018'!H79+'STA 10-2018'!H79+'STA 11-2018'!H79+'STA 12-2018'!H79 -> 0
A80: DEMETAL | B80: ='STA 01-2018'!B80+'STA 02-2018'!B80+'STA 03-2018'!B80+'STA 04-2018'!B80+'STA 05-2018'!B80+'STA 06-2018'!B80+'STA 07-2018'!B80+'STA 08-2018'!B80+'STA 09-2018'!B80+'STA 10-2018'!B80+'STA 11-2018'!B80+'STA 12-2018'!B80 -> 0 | C80: ='STA 01-2018'!C80+'STA 02-2018'!C80+'STA 03-2018'!C80+'STA 04-2018'!C80+'STA 05-2018'!C80+'STA 06-2018'!C80+'STA 07-2018'!C80+'STA 08-2018'!C80+'STA 09-2018'!C80+'STA 10-2018'!C80+'STA 11-2018'!C80+'STA 12-2018'!C80 -> 0 | D80: =SUM(B80:C80) -> 0 | F80: ='STA 01-2018'!F80+'STA 02-2018'!F80+'STA 03-2018'!F80+'STA 04-2018'!F80+'STA 05-2018'!F80+'STA 06-2018'!F80+'STA 07-2018'!F80+'STA 08-2018'!F80+'STA 09-2018'!F80+'STA 10-2018'!F80+'STA 11-2018'!F80+'STA 12-2018'!F80 -> 0 | H80: ='STA 01-2018'!H80+'STA 02-2018'!H80+'STA 03-2018'!H80+'STA 04-2018'!H80+'STA 05-2018'!H80+'STA 06-2018'!H80+'STA 07-2018'!H80+'STA 08-2018'!H80+'STA 09-2018'!H80+'STA 10-2018'!H80+'STA 11-2018'!H80+'STA 12-2018'!H80 -> -50738.81
A81: BIASIN | B81: ='STA 01-2018'!B81+'STA 02-2018'!B81+'STA 03-2018'!B81+'STA 04-2018'!B81+'STA 05-2018'!B81+'STA 06-2018'!B81+'STA 07-2018'!B81+'STA 08-2018'!B81+'STA 09-2018'!B81+'STA 10-2018'!B81+'STA 11-2018'!B81+'STA 12-2018'!B81 -> 0 | C81: ='STA 01-2018'!C81+'STA 02-2018'!C81+'STA 03-2018'!C81+'STA 04-2018'!C81+'STA 05-2018'!C81+'STA 06-2018'!C81+'STA 07-2018'!C81+'STA 08-2018'!C81+'STA 09-2018'!C81+'STA 10-2018'!C81+'STA 11-2018'!C81+'STA 12-2018'!C81 -> 0 | D81: =SUM(B81:C81) -> 0 | F81: ='STA 01-2018'!F81+'STA 02-2018'!F81+'STA 03-2018'!F81+'STA 04-2018'!F81+'STA 05-2018'!F81+'STA 06-2018'!F81+'STA 07-2018'!F81+'STA 08-2018'!F81+'STA 09-2018'!F81+'STA 10-2018'!F81+'STA 11-2018'!F81+'STA 12-2018'!F81 -> 0 | H81: ='STA 01-2018'!H81+'STA 02-2018'!H81+'STA 03-2018'!H81+'STA 04-2018'!H81+'STA 05-2018'!H81+'STA 06-2018'!H81+'STA 07-2018'!H81+'STA 08-2018'!H81+'STA 09-2018'!H81+'STA 10-2018'!H81+'STA 11-2018'!H81+'STA 12-2018'!H81 -> 0
A82: NIZI | B82: ='STA 01-2018'!B82+'STA 02-2018'!B82+'STA 03-2018'!B82+'STA 04-2018'!B82+'STA 05-2018'!B82+'STA 06-2018'!B82+'STA 07-2018'!B82+'STA 08-2018'!B82+'STA 09-2018'!B82+'STA 10-2018'!B82+'STA 11-2018'!B82+'STA 12-2018'!B82 -> 0 | C82: ='STA 01-2018'!C82+'STA 02-2018'!C82+'STA 03-2018'!C82+'STA 04-2018'!C82+'STA 05-2018'!C82+'STA 06-2018'!C82+'STA 07-2018'!C82+'STA 08-2018'!C82+'STA 09-2018'!C82+'STA 10-2018'!C82+'STA 11-2018'!C82+'STA 12-2018'!C82 -> 0 | D82: =SUM(B82:C82) -> 0 | F82: ='STA 01-2018'!F82+'STA 02-2018'!F82+'STA 03-2018'!F82+'STA 04-2018'!F82+'STA 05-2018'!F82+'STA 06-2018'!F82+'STA 07-2018'!F82+'STA 08-2018'!F82+'STA 09-2018'!F82+'STA 10-2018'!F82+'STA 11-2018'!F82+'STA 12-2018'!F82 -> 0 | H82: ='STA 01-2018'!H82+'STA 02-2018'!H82+'STA 03-2018'!H82+'STA 04-2018'!H82+'STA 05-2018'!H82+'STA 06-2018'!H82+'STA 07-2018'!H82+'STA 08-2018'!H82+'STA 09-2018'!H82+'STA 10-2018'!H82+'STA 11-2018'!H82+'STA 12-2018'!H82 -> 0
A83: DARAMIC | B83: ='STA 01-2018'!B83+'STA 02-2018'!B83+'STA 03-2018'!B83+'STA 04-2018'!B83+'STA 05-2018'!B83+'STA 06-2018'!B83+'STA 07-2018'!B83+'STA 08-2018'!B83+'STA 09-2018'!B83+'STA 10-2018'!B83+'STA 11-2018'!B83+'STA 12-2018'!B83 -> 0 | C83: ='STA 01-2018'!C83+'STA 02-2018'!C83+'STA 03-2018'!C83+'STA 04-2018'!C83+'STA 05-2018'!C83+'STA 06-2018'!C83+'STA 07-2018'!C83+'STA 08-2018'!C83+'STA 09-2018'!C83+'STA 10-2018'!C83+'STA 11-2018'!C83+'STA 12-2018'!C83 -> 0 | D83: =SUM(B83:C83) -> 0 | F83: ='STA 01-2018'!F83+'STA 02-2018'!F83+'STA 03-2018'!F83+'STA 04-2018'!F83+'STA 05-2018'!F83+'STA 06-2018'!F83+'STA 07-2018'!F83+'STA 08-2018'!F83+'STA 09-2018'!F83+'STA 10-2018'!F83+'STA 11-2018'!F83+'STA 12-2018'!F83 -> 0 | H83: ='STA 01-2018'!H83+'STA 02-2018'!H83+'STA 03-2018'!H83+'STA 04-2018'!H83+'STA 05-2018'!H83+'STA 06-2018'!H83+'STA 07-2018'!H83+'STA 08-2018'!H83+'STA 09-2018'!H83+'STA 10-2018'!H83+'STA 11-2018'!H83+'STA 12-2018'!H83 -> 0
A84: GLATFELTER | B84: ='STA 01-2018'!B84+'STA 02-2018'!B84+'STA 03-2018'!B84+'STA 04-2018'!B84+'STA 05-2018'!B84+'STA 06-2018'!B84+'STA 07-2018'!B84+'STA 08-2018'!B84+'STA 09-2018'!B84+'STA 10-2018'!B84+'STA 11-2018'!B84+'STA 12-2018'!B84 -> 0 | C84: ='STA 01-2018'!C84+'STA 02-2018'!C84+'STA 03-2018'!C84+'STA 04-2018'!C84+'STA 05-2018'!C84+'STA 06-2018'!C84+'STA 07-2018'!C84+'STA 08-2018'!C84+'STA 09-2018'!C84+'STA 10-2018'!C84+'STA 11-2018'!C84+'STA 12-2018'!C84 -> 0 | D84: =SUM(B84:C84) -> 0 | F84: ='STA 01-2018'!F84+'STA 02-2018'!F84+'STA 03-2018'!F84+'STA 04-2018'!F84+'STA 05-2018'!F84+'STA 06-2018'!F84+'STA 07-2018'!F84+'STA 08-2018'!F84+'STA 09-2018'!F84+'STA 10-2018'!F84+'STA 11-2018'!F84+'STA 12-2018'!F84 -> 0 | H84: ='STA 01-2018'!H84+'STA 02-2018'!H84+'STA 03-2018'!H84+'STA 04-2018'!H84+'STA 05-2018'!H84+'STA 06-2018'!H84+'STA 07-2018'!H84+'STA 08-2018'!H84+'STA 09-2018'!H84+'STA 10-2018'!H84+'STA 11-2018'!H84+'STA 12-2018'!H84 -> 0
A85: GOONVEAN | B85: ='STA 01-2018'!B85+'STA 02-2018'!B85+'STA 03-2018'!B85+'STA 04-2018'!B85+'STA 05-2018'!B85+'STA 06-2018'!B85+'STA 07-2018'!B85+'STA 08-2018'!B85+'STA 09-2018'!B85+'STA 10-2018'!B85+'STA 11-2018'!B85+'STA 12-2018'!B85 -> 0 | C85: ='STA 01-2018'!C85+'STA 02-2018'!C85+'STA 03-2018'!C85+'STA 04-2018'!C85+'STA 05-2018'!C85+'STA 06-2018'!C85+'STA 07-2018'!C85+'STA 08-2018'!C85+'STA 09-2018'!C85+'STA 10-2018'!C85+'STA 11-2018'!C85+'STA 12-2018'!C85 -> 0 | D85: =SUM(B85:C85) -> 0 | F85: ='STA 01-2018'!F85+'STA 02-2018'!F85+'STA 03-2018'!F85+'STA 04-2018'!F85+'STA 05-2018'!F85+'STA 06-2018'!F85+'STA 07-2018'!F85+'STA 08-2018'!F85+'STA 09-2018'!F85+'STA 10-2018'!F85+'STA 11-2018'!F85+'STA 12-2018'!F85 -> 0 | H85: ='STA 01-2018'!H85+'STA 02-2018'!H85+'STA 03-2018'!H85+'STA 04-2018'!H85+'STA 05-2018'!H85+'STA 06-2018'!H85+'STA 07-2018'!H85+'STA 08-2018'!H85+'STA 09-2018'!H85+'STA 10-2018'!H85+'STA 11-2018'!H85+'STA 12-2018'!H85 -> 0
A86: HB FULLER | B86: ='STA 01-2018'!B86+'STA 02-2018'!B86+'STA 03-2018'!B86+'STA 04-2018'!B86+'STA 05-2018'!B86+'STA 06-2018'!B86+'STA 07-2018'!B86+'STA 08-2018'!B86+'STA 09-2018'!B86+'STA 10-2018'!B86+'STA 11-2018'!B86+'STA 12-2018'!B86 -> 0 | C86: ='STA 01-2018'!C86+'STA 02-2018'!C86+'STA 03-2018'!C86+'STA 04-2018'!C86+'STA 05-2018'!C86+'STA 06-2018'!C86+'STA 07-2018'!C86+'STA 08-2018'!C86+'STA 09-2018'!C86+'STA 10-2018'!C86+'STA 11-2018'!C86+'STA 12-2018'!C86 -> 0 | D86: =SUM(B86:C86) -> 0 | F86: ='STA 01-2018'!F86+'STA 02-2018'!F86+'STA 03-2018'!F86+'STA 04-2018'!F86+'STA 05-2018'!F86+'STA 06-2018'!F86+'STA 07-2018'!F86+'STA 08-2018'!F86+'STA 09-2018'!F86+'STA 10-2018'!F86+'STA 11-2018'!F86+'STA 12-2018'!F86 -> 0 | H86: ='STA 01-2018'!H86+'STA 02-2018'!H86+'STA 03-2018'!H86+'STA 04-2018'!H86+'STA 05-2018'!H86+'STA 06-2018'!H86+'STA 07-2018'!H86+'STA 08-2018'!H86+'STA 09-2018'!H86+'STA 10-2018'!H86+'STA 11-2018'!H86+'STA 12-2018'!H86 -> 0
A87: JIANGHSU | B87: ='STA 01-2018'!B87+'STA 02-2018'!B87+'STA 03-2018'!B87+'STA 04-2018'!B87+'STA 05-2018'!B87+'STA 06-2018'!B87+'STA 07-2018'!B87+'STA 08-2018'!B87+'STA 09-2018'!B87+'STA 10-2018'!B87+'STA 11-2018'!B87+'STA 12-2018'!B87 -> 0 | C87: ='STA 01-2018'!C87+'STA 02-2018'!C87+'STA 03-2018'!C87+'STA 04-2018'!C87+'STA 05-2018'!C87+'STA 06-2018'!C87+'STA 07-2018'!C87+'STA 08-2018'!C87+'STA 09-2018'!C87+'STA 10-2018'!C87+'STA 11-2018'!C87+'STA 12-2018'!C87 -> 0 | D87: =SUM(B87:C87) -> 0 | F87: ='STA 01-2018'!F87+'STA 02-2018'!F87+'STA 03-2018'!F87+'STA 04-2018'!F87+'STA 05-2018'!F87+'STA 06-2018'!F87+'STA 07-2018'!F87+'STA 08-2018'!F87+'STA 09-2018'!F87+'STA 10-2018'!F87+'STA 11-2018'!F87+'STA 12-2018'!F87 -> 0 | H87: ='STA 01-2018'!H87+'STA 02-2018'!H87+'STA 03-2018'!H87+'STA 04-2018'!H87+'STA 05-2018'!H87+'STA 06-2018'!H87+'STA 07-2018'!H87+'STA 08-2018'!H87+'STA 09-2018'!H87+'STA 10-2018'!H87+'STA 11-2018'!H87+'STA 12-2018'!H87 -> 0
A88: MAZOYER | B88: ='STA 01-2018'!B88+'STA 02-2018'!B88+'STA 03-2018'!B88+'STA 04-2018'!B88+'STA 05-2018'!B88+'STA 06-2018'!B88+'STA 07-2018'!B88+'STA 08-2018'!B88+'STA 09-2018'!B88+'STA 10-2018'!B88+'STA 11-2018'!B88+'STA 12-2018'!B88 -> 0 | C88: ='STA 01-2018'!C88+'STA 02-2018'!C88+'STA 03-2018'!C88+'STA 04-2018'!C88+'STA 05-2018'!C88+'STA 06-2018'!C88+'STA 07-2018'!C88+'STA 08-2018'!C88+'STA 09-2018'!C88+'STA 10-2018'!C88+'STA 11-2018'!C88+'STA 12-2018'!C88 -> 0 | D88: =SUM(B88:C88) -> 0 | F88: ='STA 01-2018'!F88+'STA 02-2018'!F88+'STA 03-2018'!F88+'STA 04-2018'!F88+'STA 05-2018'!F88+'STA 06-2018'!F88+'STA 07-2018'!F88+'STA 08-2018'!F88+'STA 09-2018'!F88+'STA 10-2018'!F88+'STA 11-2018'!F88+'STA 12-2018'!F88 -> 0 | H88: ='STA 01-2018'!H88+'STA 02-2018'!H88+'STA 03-2018'!H88+'STA 04-2018'!H88+'STA 05-2018'!H88+'STA 06-2018'!H88+'STA 07-2018'!H88+'STA 08-2018'!H88+'STA 09-2018'!H88+'STA 10-2018'!H88+'STA 11-2018'!H88+'STA 12-2018'!H88 -> 0
A89: METACONCEPT | B89: ='STA 01-2018'!B89+'STA 02-2018'!B89+'STA 03-2018'!B89+'STA 04-2018'!B89+'STA 05-2018'!B89+'STA 06-2018'!B89+'STA 07-2018'!B89+'STA 08-2018'!B89+'STA 09-2018'!B89+'STA 10-2018'!B89+'STA 11-2018'!B89+'STA 12-2018'!B89 -> 0 | C89: ='STA 01-2018'!C89+'STA 02-2018'!C89+'STA 03-2018'!C89+'STA 04-2018'!C89+'STA 05-2018'!C89+'STA 06-2018'!C89+'STA 07-2018'!C89+'STA 08-2018'!C89+'STA 09-2018'!C89+'STA 10-2018'!C89+'STA 11-2018'!C89+'STA 12-2018'!C89 -> 0 | D89: =SUM(B89:C89) -> 0 | F89: ='STA 01-2018'!F89+'STA 02-2018'!F89+'STA 03-2018'!F89+'STA 04-2018'!F89+'STA 05-2018'!F89+'STA 06-2018'!F89+'STA 07-2018'!F89+'STA 08-2018'!F89+'STA 09-2018'!F89+'STA 10-2018'!F89+'STA 11-2018'!F89+'STA 12-2018'!F89 -> 0 | H89: ='STA 01-2018'!H89+'STA 02-2018'!H89+'STA 03-2018'!H89+'STA 04-2018'!H89+'STA 05-2018'!H89+'STA 06-2018'!H89+'STA 07-2018'!H89+'STA 08-2018'!H89+'STA 09-2018'!H89+'STA 10-2018'!H89+'STA 11-2018'!H89+'STA 12-2018'!H89 -> 0
A90: METALLIANCE | B90: ='STA 01-2018'!B90+'STA 02-2018'!B90+'STA 03-2018'!B90+'STA 04-2018'!B90+'STA 05-2018'!B90+'STA 06-2018'!B90+'STA 07-2018'!B90+'STA 08-2018'!B90+'STA 09-2018'!B90+'STA 10-2018'!B90+'STA 11-2018'!B90+'STA 12-2018'!B90 -> 0 | C90: ='STA 01-2018'!C90+'STA 02-2018'!C90+'STA 03-2018'!C90+'STA 04-2018'!C90+'STA 05-2018'!C90+'STA 06-2018'!C90+'STA 07-2018'!C90+'STA 08-2018'!C90+'STA 09-2018'!C90+'STA 10-2018'!C90+'STA 11-2018'!C90+'STA 12-2018'!C90 -> 0 | D90: =SUM(B90:C90) -> 0 | F90: ='STA 01-2018'!F90+'STA 02-2018'!F90+'STA 03-2018'!F90+'STA 04-2018'!F90+'STA 05-2018'!F90+'STA 06-2018'!F90+'STA 07-2018'!F90+'STA 08-2018'!F90+'STA 09-2018'!F90+'STA 10-2018'!F90+'STA 11-2018'!F90+'STA 12-2018'!F90 -> 0 | H90: ='STA 01-2018'!H90+'STA 02-2018'!H90+'STA 03-2018'!H90+'STA 04-2018'!H90+'STA 05-2018'!H90+'STA 06-2018'!H90+'STA 07-2018'!H90+'STA 08-2018'!H90+'STA 09-2018'!H90+'STA 10-2018'!H90+'STA 11-2018'!H90+'STA 12-2018'!H90 -> 0
... A97: WIRTZ | B97: ='STA 01-2018'!B97+'STA 02-2018'!B97+'STA 03-2018'!B97+'STA 04-2018'!B97+'STA 05-2018'!B97+'STA 06-2018'!B97+'STA 07-2018'!B97+'STA 08-2018'!B97+'STA 09-2018'!B97+'STA 10-2018'!B97+'STA 11-2018'!B97+'STA 12-2018'!B97 -> 0 | C97: ='STA 01-2018'!C97+'STA 02-2018'!C97+'STA 03-2018'!C97+'STA 04-2018'!C97+'STA 05-2018'!C97+'STA 06-2018'!C97+'STA 07-2018'!C97+'STA 08-2018'!C97+'STA 09-2018'!C97+'STA 10-2018'!C97+'STA 11-2018'!C97+'STA 12-2018'!C97 -> 0 | D97: =SUM(B97:C97) -> 0 | F97: ='STA 01-2018'!F97+'STA 02-2018'!F97+'STA 03-2018'!F97+'STA 04-2018'!F97+'STA 05-2018'!F97+'STA 06-2018'!F97+'STA 07-2018'!F97+'STA 08-2018'!F97+'STA 09-2018'!F97+'STA 10-2018'!F97+'STA 11-2018'!F97+'STA 12-2018'!F97 -> 0 | H97: ='STA 01-2018'!H97+'STA 02-2018'!H97+'STA 03-2018'!H97+'STA 04-2018'!H97+'STA 05-2018'!H97+'STA 06-2018'!H97+'STA 07-2018'!H97+'STA 08-2018'!H97+'STA 09-2018'!H97+'STA 10-2018'!H97+'STA 11-2018'!H97+'STA 12-2018'!H97 -> 0
A98: PLOMB LOCAL | B98: =SUM(B99:B103) -> 0 | C98: =SUM(C99:C103) -> -134129.66 | D98: =SUM(B98:C98) -> -134129.66 | F98: =SUM(F99:F103) -> 0 | H98: =SUM(H99:H103) -> 0
A99: KAIS TAYACHI | B99: ='STA 01-2018'!B99+'STA 02-2018'!B99+'STA 03-2018'!B99+'STA 04-2018'!B99+'STA 05-2018'!B99+'STA 06-2018'!B99+'STA 07-2018'!B99+'STA 08-2018'!B99+'STA 09-2018'!B99+'STA 10-2018'!B99+'STA 11-2018'!B99+'STA 12-2018'!B99 -> 0 | C99: ='STA 01-2018'!C99+'STA 02-2018'!C99+'STA 03-2018'!C99+'STA 04-2018'!C99+'STA 05-2018'!C99+'STA 06-2018'!C99+'STA 07-2018'!C99+'STA 08-2018'!C99+'STA 09-2018'!C99+'STA 10-2018'!C99+'STA 11-2018'!C99+'STA 12-2018'!C99 -> -13660.694 | D99: =SUM(B99:C99) -> -13660.694 | F99: ='STA 01-2018'!F99+'STA 02-2018'!F99+'STA 03-2018'!F99+'STA 04-2018'!F99+'STA 05-2018'!F99+'STA 06-2018'!F99+'STA 07-2018'!F99+'STA 08-2018'!F99+'STA 09-2018'!F99+'STA 10-2018'!F99+'STA 11-2018'!F99+'STA 12-2018'!F99 -> 0 | H99: ='STA 01-2018'!H99+'STA 02-2018'!H99+'STA 03-2018'!H99+'STA 04-2018'!H99+'STA 05-2018'!H99+'STA 06-2018'!H99+'STA 07-2018'!H99+'STA 08-2018'!H99+'STA 09-2018'!H99+'STA 10-2018'!H99+'STA 11-2018'!H99+'STA 12-2018'!H99 -> 0
A100: HAZEM CHTOUROU | B100: ='STA 01-2018'!B100+'STA 02-2018'!B100+'STA 03-2018'!B100+'STA 04-2018'!B100+'STA 05-2018'!B100+'STA 06-2018'!B100+'STA 07-2018'!B100+'STA 08-2018'!B100+'STA 09-2018'!B100+'STA 10-2018'!B100+'STA 11-2018'!B100+'STA 12-2018'!B100 -> 0 | C100: ='STA 01-2018'!C100+'STA 02-2018'!C100+'STA 03-2018'!C100+'STA 04-2018'!C100+'STA 05-2018'!C100+'STA 06-2018'!C100+'STA 07-2018'!C100+'STA 08-2018'!C100+'STA 09-2018'!C100+'STA 10-2018'!C100+'STA 11-2018'!C100+'STA 12-2018'!C100 -> 0 | D100: =SUM(B100:C100) -> 0 | F100: ='STA 01-2018'!F100+'STA 02-2018'!F100+'STA 03-2018'!F100+'STA 04-2018'!F100+'STA 05-2018'!F100+'STA 06-2018'!F100+'STA 07-2018'!F100+'STA 08-2018'!F100+'STA 09-2018'!F100+'STA 10-2018'!F100+'STA 11-2018'!F100+'STA 12-2018'!F100 -> 0 | H100: ='STA 01-2018'!H100+'STA 02-2018'!H100+'STA 03-2018'!H100+'STA 04-2018'!H100+'STA 05-2018'!H100+'STA 06-2018'!H100+'STA 07-2018'!H100+'STA 08-2018'!H100+'STA 09-2018'!H100+'STA 10-2018'!H100+'STA 11-2018'!H100+'STA 12-2018'!H100 -> 0
A101: SOTRAM | B101: ='STA 01-2018'!B101+'STA 02-2018'!B101+'STA 03-2018'!B101+'STA 04-2018'!B101+'STA 05-2018'!B101+'STA 06-2018'!B101+'STA 07-2018'!B101+'STA 08-2018'!B101+'STA 09-2018'!B101+'STA 10-2018'!B101+'STA 11-2018'!B101+'STA 12-2018'!B101 -> 0 | C101: ='STA 01-2018'!C101+'STA 02-2018'!C101+'STA 03-2018'!C101+'STA 04-2018'!C101+'STA 05-2018'!C101+'STA 06-2018'!C101+'STA 07-2018'!C101+'STA 08-2018'!C101+'STA 09-2018'!C101+'STA 10-2018'!C101+'STA 11-2018'!C101+'STA 12-2018'!C101 -> -120468.96 | D101: =SUM(B101:C101) -> -120468.96 | F101: ='STA 01-2018'!F101+'STA 02-2018'!F101+'STA 03-2018'!F101+'STA 04-2018'!F101+'STA 05-2018'!F101+'STA 06-2018'!F101+'STA 07-2018'!F101+'STA 08-2018'!F101+'STA 09-2018'!F101+'STA 10-2018'!F101+'STA 11-2018'!F101+'STA 12-2018'!F101 -> 0 | H101: ='STA 01-2018'!H101+'STA 02-2018'!H101+'STA 03-2018'!H101+'STA 04-2018'!H101+'STA 05-2018'!H101+'STA 06-2018'!H101+'STA 07-2018'!H101+'STA 08-2018'!H101+'STA 09-2018'!H101+'STA 10-2018'!H101+'STA 11-2018'!H101+'STA 12-2018'!H101 -> 0
A102: KAMMOUN | B102: ='STA 01-2018'!B102+'STA 02-2018'!B102+'STA 03-2018'!B102+'STA 04-2018'!B102+'STA 05-2018'!B102+'STA 06-2018'!B102+'STA 07-2018'!B102+'STA 08-2018'!B102+'STA 09-2018'!B102+'STA 10-2018'!B102+'STA 11-2018'!B102+'STA 12-2018'!B102 -> 0 | C102: ='STA 01-2018'!C102+'STA 02-2018'!C102+'STA 03-2018'!C102+'STA 04-2018'!C102+'STA 05-2018'!C102+'STA 06-2018'!C102+'STA 07-2018'!C102+'STA 08-2018'!C102+'STA 09-2018'!C102+'STA 10-2018'!C102+'STA 11-2018'!C102+'STA 12-2018'!C102 -> 0 | D102: =SUM(B102:C102) -> 0 | F102: ='STA 01-2018'!F102+'STA 02-2018'!F102+'STA 03-2018'!F102+'STA 04-2018'!F102+'STA 05-2018'!F102+'STA 06-2018'!F102+'STA 07-2018'!F102+'STA 08-2018'!F102+'STA 09-2018'!F102+'STA 10-2018'!F102+'STA 11-2018'!F102+'STA 12-2018'!F102 -> 0 | H102: ='STA 01-2018'!H102+'STA 02-2018'!H102+'STA 03-2018'!H102+'STA 04-2018'!H102+'STA 05-2018'!H102+'STA 06-2018'!H102+'STA 07-2018'!H102+'STA 08-2018'!H102+'STA 09-2018'!H102+'STA 10-2018'!H102+'STA 11-2018'!H102+'STA 12-2018'!H102 -> 0
A103: TUDOR | B103: ='STA 01-2018'!B103+'STA 02-2018'!B103+'STA 03-2018'!B103+'STA 04-2018'!B103+'STA 05-2018'!B103+'STA 06-2018'!B103+'STA 07-2018'!B103+'STA 08-2018'!B103+'STA 09-2018'!B103+'STA 10-2018'!B103+'STA 11-2018'!B103+'STA 12-2018'!B103 -> 0 | C103: ='STA 01-2018'!C103+'STA 02-2018'!C103+'STA 03-2018'!C103+'STA 04-2018'!C103+'STA 05-2018'!C103+'STA 06-2018'!C103+'STA 07-2018'!C103+'STA 08-2018'!C103+'STA 09-2018'!C103+'STA 10-2018'!C103+'STA 11-2018'!C103+'STA 12-2018'!C103 -> 0 | D103: =SUM(B103:C103) -> 0 | F103: ='STA 01-2018'!F103+'STA 02-2018'!F103+'STA 03-2018'!F103+'STA 04-2018'!F103+'STA 05-2018'!F103+'STA 06-2018'!F103+'STA 07-2018'!F103+'STA 08-2018'!F103+'STA 09-2018'!F103+'STA 10-2018'!F103+'STA 11-2018'!F103+'STA 12-2018'!F103 -> 0 | H103: ='STA 01-2018'!H103+'STA 02-2018'!H103+'STA 03-2018'!H103+'STA 04-2018'!H103+'STA 05-2018'!H103+'STA 06-2018'!H103+'STA 07-2018'!H103+'STA 08-2018'!H103+'STA 09-2018'!H103+'STA 10-2018'!H103+'STA 11-2018'!H103+'STA 12-2018'!H103 -> 0
A104: ETAT ET ENERGIE | B104: =SUM(B105:B110) -> -30011.8 | C104: =SUM(C105:C110) -> -688450.15 | D104: =SUM(B104:C104) -> -718461.95 | F104: =SUM(F105:F110) -> 0 | H104: =SUM(H105:H110) -> 0
A105: S O N E D E | B105: ='STA 01-2018'!B105+'STA 02-2018'!B105+'STA 03-2018'!B105+'STA 04-2018'!B105+'STA 05-2018'!B105+'STA 06-2018'!B105+'STA 07-2018'!B105+'STA 08-2018'!B105+'STA 09-2018'!B105+'STA 10-2018'!B105+'STA 11-2018'!B105+'STA 12-2018'!B105 -> -30011.8 | C105: ='STA 01-2018'!C105+'STA 02-2018'!C105+'STA 03-2018'!C105+'STA 04-2018'!C105+'STA 05-2018'!C105+'STA 06-2018'!C105+'STA 07-2018'!C105+'STA 08-2018'!C105+'STA 09-2018'!C105+'STA 10-2018'!C105+'STA 11-2018'!C105+'STA 12-2018'!C105 -> 0 | D105: =SUM(B105:C105) -> -30011.8 | F105: ='STA 01-2018'!F105+'STA 02-2018'!F105+'STA 03-2018'!F105+'STA 04-2018'!F105+'STA 05-2018'!F105+'STA 06-2018'!F105+'STA 07-2018'!F105+'STA 08-2018'!F105+'STA 09-2018'!F105+'STA 10-2018'!F105+'STA 11-2018'!F105+'STA 12-2018'!F105 -> 0 | H105: ='STA 01-2018'!H105+'STA 02-2018'!H105+'STA 03-2018'!H105+'STA 04-2018'!H105+'STA 05-2018'!H105+'STA 06-2018'!H105+'STA 07-2018'!H105+'STA 08-2018'!H105+'STA 09-2018'!H105+'STA 10-2018'!H105+'STA 11-2018'!H105+'STA 12-2018'!H105 -> 0
A106: SNDP | B106: ='STA 01-2018'!B106+'STA 02-2018'!B106+'STA 03-2018'!B106+'STA 04-2018'!B106+'STA 05-2018'!B106+'STA 06-2018'!B106+'STA 07-2018'!B106+'STA 08-2018'!B106+'STA 09-2018'!B106+'STA 10-2018'!B106+'STA 11-2018'!B106+'STA 12-2018'!B106 -> 0 | C106: ='STA 01-2018'!C106+'STA 02-2018'!C106+'STA 03-2018'!C106+'STA 04-2018'!C106+'STA 05-2018'!C106+'STA 06-2018'!C106+'STA 07-2018'!C106+'STA 08-2018'!C106+'STA 09-2018'!C106+'STA 10-2018'!C106+'STA 11-2018'!C106+'STA 12-2018'!C106 -> -10701 | D106: =SUM(B106:C106) -> -10701 | F106: ='STA 01-2018'!F106+'STA 02-2018'!F106+'STA 03-2018'!F106+'STA 04-2018'!F106+'STA 05-2018'!F106+'STA 06-2018'!F106+'STA 07-2018'!F106+'STA 08-2018'!F106+'STA 09-2018'!F106+'STA 10-2018'!F106+'STA 11-2018'!F106+'STA 12-2018'!F106 -> 0 | H106: ='STA 01-2018'!H106+'STA 02-2018'!H106+'STA 03-2018'!H106+'STA 04-2018'!H106+'STA 05-2018'!H106+'STA 06-2018'!H106+'STA 07-2018'!H106+'STA 08-2018'!H106+'STA 09-2018'!H106+'STA 10-2018'!H106+'STA 11-2018'!H106+'STA 12-2018'!H106 -> 0
A107: STEG | B107: ='STA 01-2018'!B107+'STA 02-2018'!B107+'STA 03-2018'!B107+'STA 04-2018'!B107+'STA 05-2018'!B107+'STA 06-2018'!B107+'STA 07-2018'!B107+'STA 08-2018'!B107+'STA 09-2018'!B107+'STA 10-2018'!B107+'STA 11-2018'!B107+'STA 12-2018'!B107 -> 0 | C107: ='STA 01-2018'!C107+'STA 02-2018'!C107+'STA 03-2018'!C107+'STA 04-2018'!C107+'STA 05-2018'!C107+'STA 06-2018'!C107+'STA 07-2018'!C107+'STA 08-2018'!C107+'STA 09-2018'!C107+'STA 10-2018'!C107+'STA 11-2018'!C107+'STA 12-2018'!C107 -> -173456.3 | D107: =SUM(B107:C107) -> -173456.3 | F107: ='STA 01-2018'!F107+'STA 02-2018'!F107+'STA 03-2018'!F107+'STA 04-2018'!F107+'STA 05-2018'!F107+'STA 06-2018'!F107+'STA 07-2018'!F107+'STA 08-2018'!F107+'STA 09-2018'!F107+'STA 10-2018'!F107+'STA 11-2018'!F107+'STA 12-2018'!F107 -> 0 | H107: ='STA 01-2018'!H107+'STA 02-2018'!H107+'STA 03-2018'!H107+'STA 04-2018'!H107+'STA 05-2018'!H107+'STA 06-2018'!H107+'STA 07-2018'!H107+'STA 08-2018'!H107+'STA 09-2018'!H107+'STA 10-2018'!H107+'STA 11-2018'!H107+'STA 12-2018'!H107 -> 0
A108: TOTAL TUNISIE | B108: ='STA 01-2018'!B108+'STA 02-2018'!B108+'STA 03-2018'!B108+'STA 04-2018'!B108+'STA 05-2018'!B108+'STA 06-2018'!B108+'STA 07-2018'!B108+'STA 08-2018'!B108+'STA 09-2018'!B108+'STA 10-2018'!B108+'STA 11-2018'!B108+'STA 12-2018'!B108 -> 0 | C108: ='STA 01-2018'!C108+'STA 02-2018'!C108+'STA 03-2018'!C108+'STA 04-2018'!C108+'STA 05-2018'!C108+'STA 06-2018'!C108+'STA 07-2018'!C108+'STA 08-2018'!C108+'STA 09-2018'!C108+'STA 10-2018'!C108+'STA 11-2018'!C108+'STA 12-2018'!C108 -> -160725.14 | D108: =SUM(B108:C108) -> -160725.14
A109: PRELEVEMENT MINISTERE DES FINANCE | B109: ='STA 01-2018'!B109+'STA 02-2018'!B109+'STA 03-2018'!B109+'STA 04-2018'!B109+'STA 05-2018'!B109+'STA 06-2018'!B109+'STA 07-2018'!B109+'STA 08-2018'!B109+'STA 09-2018'!B109+'STA 10-2018'!B109+'STA 11-2018'!B109+'STA 12-2018'!B109 -> 0 | C109: ='STA 01-2018'!C109+'STA 02-2018'!C109+'STA 03-2018'!C109+'STA 04-2018'!C109+'STA 05-2018'!C109+'STA 06-2018'!C109+'STA 07-2018'!C109+'STA 08-2018'!C109+'STA 09-2018'!C109+'STA 10-2018'!C109+'STA 11-2018'!C109+'STA 12-2018'!C109 -> -306567.92 | D109: =SUM(B109:C109) -> -306567.92 | F109: ='STA 01-2018'!F109+'STA 02-2018'!F109+'STA 03-2018'!F109+'STA 04-2018'!F109+'STA 05-2018'!F109+'STA 06-2018'!F109+'STA 07-2018'!F109+'STA 08-2018'!F109+'STA 09-2018'!F109+'STA 10-2018'!F109+'STA 11-2018'!F109+'STA 12-2018'!F109 -> 0 | H109: ='STA 01-2018'!H109+'STA 02-2018'!H109+'STA 03-2018'!H109+'STA 04-2018'!H109+'STA 05-2018'!H109+'STA 06-2018'!H109+'STA 07-2018'!H109+'STA 08-2018'!H109+'STA 09-2018'!H109+'STA 10-2018'!H109+'STA 11-2018'!H109+'STA 12-2018'!H109 -> 0
A110: RECETTE DES FINANCES | B110: ='STA 01-2018'!B110+'STA 02-2018'!B110+'STA 03-2018'!B110+'STA 04-2018'!B110+'STA 05-2018'!B110+'STA 06-2018'!B110+'STA 07-2018'!B110+'STA 08-2018'!B110+'STA 09-2018'!B110+'STA 10-2018'!B110+'STA 11-2018'!B110+'STA 12-2018'!B110 -> 0 | C110: ='STA 01-2018'!C110+'STA 02-2018'!C110+'STA 03-2018'!C110+'STA 04-2018'!C110+'STA 05-2018'!C110+'STA 06-2018'!C110+'STA 07-2018'!C110+'STA 08-2018'!C110+'STA 09-2018'!C110+'STA 10-2018'!C110+'STA 11-2018'!C110+'STA 12-2018'!C110 -> -36999.791 | D110: =SUM(B110:C110) -> -36999.791 | F110: ='STA 01-2018'!F110+'STA 02-2018'!F110+'STA 03-2018'!F110+'STA 04-2018'!F110+'STA 05-2018'!F110+'STA 06-2018'!F110+'STA 07-2018'!F110+'STA 08-2018'!F110+'STA 09-2018'!F110+'STA 10-2018'!F110+'STA 11-2018'!F110+'STA 12-2018'!F110 -> 0 | H110: ='STA 01-2018'!H110+'STA 02-2018'!H110+'STA 03-2018'!H110+'STA 04-2018'!H110+'STA 05-2018'!H110+'STA 06-2018'!H110+'STA 07-2018'!H110+'STA 08-2018'!H110+'STA 09-2018'!H110+'STA 10-2018'!H110+'STA 11-2018'!H110+'STA 12-2018'!H110 -> 0
A111: FRAIS / EXPORT | B111: =SUM(B112:B116) -> 0 | C111: =SUM(C112:C116) -> -13259.721 | D111: =SUM(B111:C111) -> -13259.721 | F111: =SUM(F112:F116) -> 0 | H111: =SUM(H112:H116) -> 0
A112: CHAMBRE DE COMMERCE | B112: ='STA 01-2018'!B112+'STA 02-2018'!B112+'STA 03-2018'!B112+'STA 04-2018'!B112+'STA 05-2018'!B112+'STA 06-2018'!B112+'STA 07-2018'!B112+'STA 08-2018'!B112+'STA 09-2018'!B112+'STA 10-2018'!B112+'STA 11-2018'!B112+'STA 12-2018'!B112 -> 0 | C112: ='STA 01-2018'!C112+'STA 02-2018'!C112+'STA 03-2018'!C112+'STA 04-2018'!C112+'STA 05-2018'!C112+'STA 06-2018'!C112+'STA 07-2018'!C112+'STA 08-2018'!C112+'STA 09-2018'!C112+'STA 10-2018'!C112+'STA 11-2018'!C112+'STA 12-2018'!C112 -> 0 | D112: =SUM(B112:C112) -> 0 | F112: ='STA 01-2018'!F112+'STA 02-2018'!F112+'STA 03-2018'!F112+'STA 04-2018'!F112+'STA 05-2018'!F112+'STA 06-2018'!F112+'STA 07-2018'!F112+'STA 08-2018'!F112+'STA 09-2018'!F112+'STA 10-2018'!F112+'STA 11-2018'!F112+'STA 12-2018'!F112 -> 0 | H112: ='STA 01-2018'!H112+'STA 02-2018'!H112+'STA 03-2018'!H112+'STA 04-2018'!H112+'STA 05-2018'!H112+'STA 06-2018'!H112+'STA 07-2018'!H112+'STA 08-2018'!H112+'STA 09-2018'!H112+'STA 10-2018'!H112+'STA 11-2018'!H112+'STA 12-2018'!H112 -> 0
A113: CHAMBRE ECONOMIQUE A | B113: ='STA 01-2018'!B113+'STA 02-2018'!B113+'STA 03-2018'!B113+'STA 04-2018'!B113+'STA 05-2018'!B113+'STA 06-2018'!B113+'STA 07-2018'!B113+'STA 08-2018'!B113+'STA 09-2018'!B113+'STA 10-2018'!B113+'STA 11-2018'!B113+'STA 12-2018'!B113 -> 0 | C113: ='STA 01-2018'!C113+'STA 02-2018'!C113+'STA 03-2018'!C113+'STA 04-2018'!C113+'STA 05-2018'!C113+'STA 06-2018'!C113+'STA 07-2018'!C113+'STA 08-2018'!C113+'STA 09-2018'!C113+'STA 10-2018'!C113+'STA 11-2018'!C113+'STA 12-2018'!C113 -> 0 | D113: =SUM(B113:C113) -> 0 | F113: ='STA 01-2018'!F113+'STA 02-2018'!F113+'STA 03-2018'!F113+'STA 04-2018'!F113+'STA 05-2018'!F113+'STA 06-2018'!F113+'STA 07-2018'!F113+'STA 08-2018'!F113+'STA 09-2018'!F113+'STA 10-2018'!F113+'STA 11-2018'!F113+'STA 12-2018'!F113 -> 0 | H113: ='STA 01-2018'!H113+'STA 02-2018'!H113+'STA 03-2018'!H113+'STA 04-2018'!H113+'STA 05-2018'!H113+'STA 06-2018'!H113+'STA 07-2018'!H113+'STA 08-2018'!H113+'STA 09-2018'!H113+'STA 10-2018'!H113+'STA 11-2018'!H113+'STA 12-2018'!H113 -> 0
A114: STE BEN ALIA | B114: ='STA 01-2018'!B114+'STA 02-2018'!B114+'STA 03-2018'!B114+'STA 04-2018'!B114+'STA 05-2018'!B114+'STA 06-2018'!B114+'STA 07-2018'!B114+'STA 08-2018'!B114+'STA 09-2018'!B114+'STA 10-2018'!B114+'STA 11-2018'!B114+'STA 12-2018'!B114 -> 0 | C114: ='STA 01-2018'!C114+'STA 02-2018'!C114+'STA 03-2018'!C114+'STA 04-2018'!C114+'STA 05-2018'!C114+'STA 06-2018'!C114+'STA 07-2018'!C114+'STA 08-2018'!C114+'STA 09-2018'!C114+'STA 10-2018'!C114+'STA 11-2018'!C114+'STA 12-2018'!C114 -> -7890.153 | D114: =SUM(B114:C114) -> -7890.153 | F114: ='STA 01-2018'!F114+'STA 02-2018'!F114+'STA 03-2018'!F114+'STA 04-2018'!F114+'STA 05-2018'!F114+'STA 06-2018'!F114+'STA 07-2018'!F114+'STA 08-2018'!F114+'STA 09-2018'!F114+'STA 10-2018'!F114+'STA 11-2018'!F114+'STA 12-2018'!F114 -> 0 | H114: ='STA 01-2018'!H114+'STA 02-2018'!H114+'STA 03-2018'!H114+'STA 04-2018'!H114+'STA 05-2018'!H114+'STA 06-2018'!H114+'STA 07-2018'!H114+'STA 08-2018'!H114+'STA 09-2018'!H114+'STA 10-2018'!H114+'STA 11-2018'!H114+'STA 12-2018'!H114 -> 0
A115: INNORPI | B115: ='STA 01-2018'!B115+'STA 02-2018'!B115+'STA 03-2018'!B115+'STA 04-2018'!B115+'STA 05-2018'!B115+'STA 06-2018'!B115+'STA 07-2018'!B115+'STA 08-2018'!B115+'STA 09-2018'!B115+'STA 10-2018'!B115+'STA 11-2018'!B115+'STA 12-2018'!B115 -> 0 | C115: ='STA 01-2018'!C115+'STA 02-2018'!C115+'STA 03-2018'!C115+'STA 04-2018'!C115+'STA 05-2018'!C115+'STA 06-2018'!C115+'STA 07-2018'!C115+'STA 08-2018'!C115+'STA 09-2018'!C115+'STA 10-2018'!C115+'STA 11-2018'!C115+'STA 12-2018'!C115 -> 0 | D115: =SUM(B115:C115) -> 0 | F115: ='STA 01-2018'!F115+'STA 02-2018'!F115+'STA 03-2018'!F115+'STA 04-2018'!F115+'STA 05-2018'!F115+'STA 06-2018'!F115+'STA 07-2018'!F115+'STA 08-2018'!F115+'STA 09-2018'!F115+'STA 10-2018'!F115+'STA 11-2018'!F115+'STA 12-2018'!F115 -> 0 | H115: ='STA 01-2018'!H115+'STA 02-2018'!H115+'STA 03-2018'!H115+'STA 04-2018'!H115+'STA 05-2018'!H115+'STA 06-2018'!H115+'STA 07-2018'!H115+'STA 08-2018'!H115+'STA 09-2018'!H115+'STA 10-2018'!H115+'STA 11-2018'!H115+'STA 12-2018'!H115 -> 0
A116: GOLDEN SHIPPING | B116: ='STA 01-2018'!B116+'STA 02-2018'!B116+'STA 03-2018'!B116+'STA 04-2018'!B116+'STA 05-2018'!B116+'STA 06-2018'!B116+'STA 07-2018'!B116+'STA 08-2018'!B116+'STA 09-2018'!B116+'STA 10-2018'!B116+'STA 11-2018'!B116+'STA 12-2018'!B116 -> 0 | C116: ='STA 01-2018'!C116+'STA 02-2018'!C116+'STA 03-2018'!C116+'STA 04-2018'!C116+'STA 05-2018'!C116+'STA 06-2018'!C116+'STA 07-2018'!C116+'STA 08-2018'!C116+'STA 09-2018'!C116+'STA 10-2018'!C116+'STA 11-2018'!C116+'STA 12-2018'!C116 -> -5369.568 | D116: =SUM(B116:C116) -> -5369.568 | F116: ='STA 01-2018'!F116+'STA 02-2018'!F116+'STA 03-2018'!F116+'STA 04-2018'!F116+'STA 05-2018'!F116+'STA 06-2018'!F116+'STA 07-2018'!F116+'STA 08-2018'!F116+'STA 09-2018'!F116+'STA 10-2018'!F116+'STA 11-2018'!F116+'STA 12-2018'!F116 -> 0 | H116: ='STA 01-2018'!H116+'STA 02-2018'!H116+'STA 03-2018'!H116+'STA 04-2018'!H116+'STA 05-2018'!H116+'STA 06-2018'!H116+'STA 07-2018'!H116+'STA 08-2018'!H116+'STA 09-2018'!H116+'STA 10-2018'!H116+'STA 11-2018'!H116+'STA 12-2018'!H116 -> 0
A117: FRAIS / IMPORT | B117: =SUM(B118:B139) -> 0 | C117: =SUM(C118:C139) -> -139913.17 | D117: =SUM(B117:C117) -> -139913.17 | F117: =SUM(F118:F139) -> 0 | H117: =SUM(H118:H139) -> 0
A118: AVENIR SERVICE TRANSPORT AST | B118: ='STA 01-2018'!B118+'STA 02-2018'!B118+'STA 03-2018'!B118+'STA 04-2018'!B118+'STA 05-2018'!B118+'STA 06-2018'!B118+'STA 07-2018'!B118+'STA 08-2018'!B118+'STA 09-2018'!B118+'STA 10-2018'!B118+'STA 11-2018'!B118+'STA 12-2018'!B118 -> 0 | C118: ='STA 01-2018'!C118+'STA 02-2018'!C118+'STA 03-2018'!C118+'STA 04-2018'!C118+'STA 05-2018'!C118+'STA 06-2018'!C118+'STA 07-2018'!C118+'STA 08-2018'!C118+'STA 09-2018'!C118+'STA 10-2018'!C118+'STA 11-2018'!C118+'STA 12-2018'!C118 -> 0 | D118: =SUM(B118:C118) -> 0 | F118: ='STA 01-2018'!F118+'STA 02-2018'!F118+'STA 03-2018'!F118+'STA 04-2018'!F118+'STA 05-2018'!F118+'STA 06-2018'!F118+'STA 07-2018'!F118+'STA 08-2018'!F118+'STA 09-2018'!F118+'STA 10-2018'!F118+'STA 11-2018'!F118+'STA 12-2018'!F118 -> 0 | H118: ='STA 01-2018'!H118+'STA 02-2018'!H118+'STA 03-2018'!H118+'STA 04-2018'!H118+'STA 05-2018'!H118+'STA 06-2018'!H118+'STA 07-2018'!H118+'STA 08-2018'!H118+'STA 09-2018'!H118+'STA 10-2018'!H118+'STA 11-2018'!H118+'STA 12-2018'!H118 -> 0
A119: CHEQUE DOUANE | B119: ='STA 01-2018'!B119+'STA 02-2018'!B119+'STA 03-2018'!B119+'STA 04-2018'!B119+'STA 05-2018'!B119+'STA 06-2018'!B119+'STA 07-2018'!B119+'STA 08-2018'!B119+'STA 09-2018'!B119+'STA 10-2018'!B119+'STA 11-2018'!B119+'STA 12-2018'!B119 -> 0 | C119: ='STA 01-2018'!C119+'STA 02-2018'!C119+'STA 03-2018'!C119+'STA 04-2018'!C119+'STA 05-2018'!C119+'STA 06-2018'!C119+'STA 07-2018'!C119+'STA 08-2018'!C119+'STA 09-2018'!C119+'STA 10-2018'!C119+'STA 11-2018'!C119+'STA 12-2018'!C119 -> -37425.861 | D119: =SUM(B119:C119) -> -37425.861 | F119: ='STA 01-2018'!F119+'STA 02-2018'!F119+'STA 03-2018'!F119+'STA 04-2018'!F119+'STA 05-2018'!F119+'STA 06-2018'!F119+'STA 07-2018'!F119+'STA 08-2018'!F119+'STA 09-2018'!F119+'STA 10-2018'!F119+'STA 11-2018'!F119+'STA 12-2018'!F119 -> 0 | H119: ='STA 01-2018'!H119+'STA 02-2018'!H119+'STA 03-2018'!H119+'STA 04-2018'!H119+'STA 05-2018'!H119+'STA 06-2018'!H119+'STA 07-2018'!H119+'STA 08-2018'!H119+'STA 09-2018'!H119+'STA 10-2018'!H119+'STA 11-2018'!H119+'STA 12-2018'!H119 -> 0
A120: ECULINE TUNISIE | B120: ='STA 01-2018'!B120+'STA 02-2018'!B120+'STA 03-2018'!B120+'STA 04-2018'!B120+'STA 05-2018'!B120+'STA 06-2018'!B120+'STA 07-2018'!B120+'STA 08-2018'!B120+'STA 09-2018'!B120+'STA 10-2018'!B120+'STA 11-2018'!B120+'STA 12-2018'!B120 -> 0 | C120: ='STA 01-2018'!C120+'STA 02-2018'!C120+'STA 03-2018'!C120+'STA 04-2018'!C120+'STA 05-2018'!C120+'STA 06-2018'!C120+'STA 07-2018'!C120+'STA 08-2018'!C120+'STA 09-2018'!C120+'STA 10-2018'!C120+'STA 11-2018'!C120+'STA 12-2018'!C120 -> 0 | D120: =SUM(B120:C120) -> 0 | F120: ='STA 01-2018'!F120+'STA 02-2018'!F120+'STA 03-2018'!F120+'STA 04-2018'!F120+'STA 05-2018'!F120+'STA 06-2018'!F120+'STA 07-2018'!F120+'STA 08-2018'!F120+'STA 09-2018'!F120+'STA 10-2018'!F120+'STA 11-2018'!F120+'STA 12-2018'!F120 -> 0 | H120: ='STA 01-2018'!H120+'STA 02-2018'!H120+'STA 03-2018'!H120+'STA 04-2018'!H120+'STA 05-2018'!H120+'STA 06-2018'!H120+'STA 07-2018'!H120+'STA 08-2018'!H120+'STA 09-2018'!H120+'STA 10-2018'!H120+'STA 11-2018'!H120+'STA 12-2018'!H120 -> 0
A121: GERMANETTI | B121: ='STA 01-2018'!B121+'STA 02-2018'!B121+'STA 03-2018'!B121+'STA 04-2018'!B121+'STA 05-2018'!B121+'STA 06-2018'!B121+'STA 07-2018'!B121+'STA 08-2018'!B121+'STA 09-2018'!B121+'STA 10-2018'!B121+'STA 11-2018'!B121+'STA 12-2018'!B121 -> 0 | C121: ='STA 01-2018'!C121+'STA 02-2018'!C121+'STA 03-2018'!C121+'STA 04-2018'!C121+'STA 05-2018'!C121+'STA 06-2018'!C121+'STA 07-2018'!C121+'STA 08-2018'!C121+'STA 09-2018'!C121+'STA 10-2018'!C121+'STA 11-2018'!C121+'STA 12-2018'!C121 -> 0 | D121: =SUM(B121:C121) -> 0 | F121: ='STA 01-2018'!F121+'STA 02-2018'!F121+'STA 03-2018'!F121+'STA 04-2018'!F121+'STA 05-2018'!F121+'STA 06-2018'!F121+'STA 07-2018'!F121+'STA 08-2018'!F121+'STA 09-2018'!F121+'STA 10-2018'!F121+'STA 11-2018'!F121+'STA 12-2018'!F121 -> 0 | H121: ='STA 01-2018'!H121+'STA 02-2018'!H121+'STA 03-2018'!H121+'STA 04-2018'!H121+'STA 05-2018'!H121+'STA 06-2018'!H121+'STA 07-2018'!H121+'STA 08-2018'!H121+'STA 09-2018'!H121+'STA 10-2018'!H121+'STA 11-2018'!H121+'STA 12-2018'!H121 -> 0
A122: M LE RECEVEUR DES PTT | B122: ='STA 01-2018'!B122+'STA 02-2018'!B122+'STA 03-2018'!B122+'STA 04-2018'!B122+'STA 05-2018'!B122+'STA 06-2018'!B122+'STA 07-2018'!B122+'STA 08-2018'!B122+'STA 09-2018'!B122+'STA 10-2018'!B122+'STA 11-2018'!B122+'STA 12-2018'!B122 -> 0 | C122: ='STA 01-2018'!C122+'STA 02-2018'!C122+'STA 03-2018'!C122+'STA 04-2018'!C122+'STA 05-2018'!C122+'STA 06-2018'!C122+'STA 07-2018'!C122+'STA 08-2018'!C122+'STA 09-2018'!C122+'STA 10-2018'!C122+'STA 11-2018'!C122+'STA 12-2018'!C122 -> -472.44 | D122: =SUM(B122:C122) -> -472.44 | F122: ='STA 01-2018'!F122+'STA 02-2018'!F122+'STA 03-2018'!F122+'STA 04-2018'!F122+'STA 05-2018'!F122+'STA 06-2018'!F122+'STA 07-2018'!F122+'STA 08-2018'!F122+'STA 09-2018'!F122+'STA 10-2018'!F122+'STA 11-2018'!F122+'STA 12-2018'!F122 -> 0 | H122: ='STA 01-2018'!H122+'STA 02-2018'!H122+'STA 03-2018'!H122+'STA 04-2018'!H122+'STA 05-2018'!H122+'STA 06-2018'!H122+'STA 07-2018'!H122+'STA 08-2018'!H122+'STA 09-2018'!H122+'STA 10-2018'!H122+'STA 11-2018'!H122+'STA 12-2018'!H122 -> 0
A123: Maersk Tunisie | B123: ='STA 01-2018'!B123+'STA 02-2018'!B123+'STA 03-2018'!B123+'STA 04-2018'!B123+'STA 05-2018'!B123+'STA 06-2018'!B123+'STA 07-2018'!B123+'STA 08-2018'!B123+'STA 09-2018'!B123+'STA 10-2018'!B123+'STA 11-2018'!B123+'STA 12-2018'!B123 -> 0 | C123: ='STA 01-2018'!C123+'STA 02-2018'!C123+'STA 03-2018'!C123+'STA 04-2018'!C123+'STA 05-2018'!C123+'STA 06-2018'!C123+'STA 07-2018'!C123+'STA 08-2018'!C123+'STA 09-2018'!C123+'STA 10-2018'!C123+'STA 11-2018'!C123+'STA 12-2018'!C123 -> 0 | D123: =SUM(B123:C123) -> 0 | F123: ='STA 01-2018'!F123+'STA 02-2018'!F123+'STA 03-2018'!F123+'STA 04-2018'!F123+'STA 05-2018'!F123+'STA 06-2018'!F123+'STA 07-2018'!F123+'STA 08-2018'!F123+'STA 09-2018'!F123+'STA 10-2018'!F123+'STA 11-2018'!F123+'STA 12-2018'!F123 -> 0 | H123: ='STA 01-2018'!H123+'STA 02-2018'!H123+'STA 03-2018'!H123+'STA 04-2018'!H123+'STA 05-2018'!H123+'STA 06-2018'!H123+'STA 07-2018'!H123+'STA 08-2018'!H123+'STA 09-2018'!H123+'STA 10-2018'!H123+'STA 11-2018'!H123+'STA 12-2018'!H123 -> 0
A124: MILITZER & MUNCH - TUNISIA S | B124: ='STA 01-2018'!B124+'STA 02-2018'!B124+'STA 03-2018'!B124+'STA 04-2018'!B124+'STA 05-2018'!B124+'STA 06-2018'!B124+'STA 07-2018'!B124+'STA 08-2018'!B124+'STA 09-2018'!B124+'STA 10-2018'!B124+'STA 11-2018'!B124+'STA 12-2018'!B124 -> 0 | C124: ='STA 01-2018'!C124+'STA 02-2018'!C124+'STA 03-2018'!C124+'STA 04-2018'!C124+'STA 05-2018'!C124+'STA 06-2018'!C124+'STA 07-2018'!C124+'STA 08-2018'!C124+'STA 09-2018'!C124+'STA 10-2018'!C124+'STA 11-2018'!C124+'STA 12-2018'!C124 -> 0 | D124: =SUM(B124:C124) -> 0 | F124: ='STA 01-2018'!F124+'STA 02-2018'!F124+'STA 03-2018'!F124+'STA 04-2018'!F124+'STA 05-2018'!F124+'STA 06-2018'!F124+'STA 07-2018'!F124+'STA 08-2018'!F124+'STA 09-2018'!F124+'STA 10-2018'!F124+'STA 11-2018'!F124+'STA 12-2018'!F124 -> 0 | H124: ='STA 01-2018'!H124+'STA 02-2018'!H124+'STA 03-2018'!H124+'STA 04-2018'!H124+'STA 05-2018'!H124+'STA 06-2018'!H124+'STA 07-2018'!H124+'STA 08-2018'!H124+'STA 09-2018'!H124+'STA 10-2018'!H124+'STA 11-2018'!H124+'STA 12-2018'!H124 -> 0
A125: MORGAN CARBONE TUNISIA | B125: ='STA 01-2018'!B125+'STA 02-2018'!B125+'STA 03-2018'!B125+'STA 04-2018'!B125+'STA 05-2018'!B125+'STA 06-2018'!B125+'STA 07-2018'!B125+'STA 08-2018'!B125+'STA 09-2018'!B125+'STA 10-2018'!B125+'STA 11-2018'!B125+'STA 12-2018'!B125 -> 0 | C125: ='STA 01-2018'!C125+'STA 02-2018'!C125+'STA 03-2018'!C125+'STA 04-2018'!C125+'STA 05-2018'!C125+'STA 06-2018'!C125+'STA 07-2018'!C125+'STA 08-2018'!C125+'STA 09-2018'!C125+'STA 10-2018'!C125+'STA 11-2018'!C125+'STA 12-2018'!C125 -> 0 | D125: =SUM(B125:C125) -> 0 | F125: ='STA 01-2018'!F125+'STA 02-2018'!F125+'STA 03-2018'!F125+'STA 04-2018'!F125+'STA 05-2018'!F125+'STA 06-2018'!F125+'STA 07-2018'!F125+'STA 08-2018'!F125+'STA 09-2018'!F125+'STA 10-2018'!F125+'STA 11-2018'!F125+'STA 12-2018'!F125 -> 0 | H125: ='STA 01-2018'!H125+'STA 02-2018'!H125+'STA 03-2018'!H125+'STA 04-2018'!H125+'STA 05-2018'!H125+'STA 06-2018'!H125+'STA 07-2018'!H125+'STA 08-2018'!H125+'STA 09-2018'!H125+'STA 10-2018'!H125+'STA 11-2018'!H125+'STA 12-2018'!H125 -> 0
A126: MSC- MEDITERRANEAN SHIPPING CO | B126: ='STA 01-2018'!B126+'STA 02-2018'!B126+'STA 03-2018'!B126+'STA 04-2018'!B126+'STA 05-2018'!B126+'STA 06-2018'!B126+'STA 07-2018'!B126+'STA 08-2018'!B126+'STA 09-2018'!B126+'STA 10-2018'!B126+'STA 11-2018'!B126+'STA 12-2018'!B126 -> 0 | C126: ='STA 01-2018'!C126+'STA 02-2018'!C126+'STA 03-2018'!C126+'STA 04-2018'!C126+'STA 05-2018'!C126+'STA 06-2018'!C126+'STA 07-2018'!C126+'STA 08-2018'!C126+'STA 09-2018'!C126+'STA 10-2018'!C126+'STA 11-2018'!C126+'STA 12-2018'!C126 -> -11598.37 | D126: =SUM(B126:C126) -> -11598.37 | F126: ='STA 01-2018'!F126+'STA 02-2018'!F126+'STA 03-2018'!F126+'STA 04-2018'!F126+'STA 05-2018'!F126+'STA 06-2018'!F126+'STA 07-2018'!F126+'STA 08-2018'!F126+'STA 09-2018'!F126+'STA 10-2018'!F126+'STA 11-2018'!F126+'STA 12-2018'!F126 -> 0 | H126: ='STA 01-2018'!H126+'STA 02-2018'!H126+'STA 03-2018'!H126+'STA 04-2018'!H126+'STA 05-2018'!H126+'STA 06-2018'!H126+'STA 07-2018'!H126+'STA 08-2018'!H126+'STA 09-2018'!H126+'STA 10-2018'!H126+'STA 11-2018'!H126+'STA 12-2018'!H126 -> 0
A127: OB DOUANE | B127: ='STA 01-2018'!B127+'STA 02-2018'!B127+'STA 03-2018'!B127+'STA 04-2018'!B127+'STA 05-2018'!B127+'STA 06-2018'!B127+'STA 07-2018'!B127+'STA 08-2018'!B127+'STA 09-2018'!B127+'STA 10-2018'!B127+'STA 11-2018'!B127+'STA 12-2018'!B127 -> 0 | C127: ='STA 01-2018'!C127+'STA 02-2018'!C127+'STA 03-2018'!C127+'STA 04-2018'!C127+'STA 05-2018'!C127+'STA 06-2018'!C127+'STA 07-2018'!C127+'STA 08-2018'!C127+'STA 09-2018'!C127+'STA 10-2018'!C127+'STA 11-2018'!C127+'STA 12-2018'!C127 -> -61824.585 | D127: =SUM(B127:C127) -> -61824.585 | F127: ='STA 01-2018'!F127+'STA 02-2018'!F127+'STA 03-2018'!F127+'STA 04-2018'!F127+'STA 05-2018'!F127+'STA 06-2018'!F127+'STA 07-2018'!F127+'STA 08-2018'!F127+'STA 09-2018'!F127+'STA 10-2018'!F127+'STA 11-2018'!F127+'STA 12-2018'!F127 -> 0 | H127: ='STA 01-2018'!H127+'STA 02-2018'!H127+'STA 03-2018'!H127+'STA 04-2018'!H127+'STA 05-2018'!H127+'STA 06-2018'!H127+'STA 07-2018'!H127+'STA 08-2018'!H127+'STA 09-2018'!H127+'STA 10-2018'!H127+'STA 11-2018'!H127+'STA 12-2018'!H127 -> 0
A128: OMMP | B128: ='STA 01-2018'!B128+'STA 02-2018'!B128+'STA 03-2018'!B128+'STA 04-2018'!B128+'STA 05-2018'!B128+'STA 06-2018'!B128+'STA 07-2018'!B128+'STA 08-2018'!B128+'STA 09-2018'!B128+'STA 10-2018'!B128+'STA 11-2018'!B128+'STA 12-2018'!B128 -> 0 | C128: ='STA 01-2018'!C128+'STA 02-2018'!C128+'STA 03-2018'!C128+'STA 04-2018'!C128+'STA 05-2018'!C128+'STA 06-2018'!C128+'STA 07-2018'!C128+'STA 08-2018'!C128+'STA 09-2018'!C128+'STA 10-2018'!C128+'STA 11-2018'!C128+'STA 12-2018'!C128 -> 0 | D128: =SUM(B128:C128) -> 0 | F128: ='STA 01-2018'!F128+'STA 02-2018'!F128+'STA 03-2018'!F128+'STA 04-2018'!F128+'STA 05-2018'!F128+'STA 06-2018'!F128+'STA 07-2018'!F128+'STA 08-2018'!F128+'STA 09-2018'!F128+'STA 10-2018'!F128+'STA 11-2018'!F128+'STA 12-2018'!F128 -> 0 | H128: ='STA 01-2018'!H128+'STA 02-2018'!H128+'STA 03-2018'!H128+'STA 04-2018'!H128+'STA 05-2018'!H128+'STA 06-2018'!H128+'STA 07-2018'!H128+'STA 08-2018'!H128+'STA 09-2018'!H128+'STA 10-2018'!H128+'STA 11-2018'!H128+'STA 12-2018'!H128 -> 0
A129: SAVINO DEL BENE TUNISIE | B129: ='STA 01-2018'!B129+'STA 02-2018'!B129+'STA 03-2018'!B129+'STA 04-2018'!B129+'STA 05-2018'!B129+'STA 06-2018'!B129+'STA 07-2018'!B129+'STA 08-2018'!B129+'STA 09-2018'!B129+'STA 10-2018'!B129+'STA 11-2018'!B129+'STA 12-2018'!B129 -> 0 | C129: ='STA 01-2018'!C129+'STA 02-2018'!C129+'STA 03-2018'!C129+'STA 04-2018'!C129+'STA 05-2018'!C129+'STA 06-2018'!C129+'STA 07-2018'!C129+'STA 08-2018'!C129+'STA 09-2018'!C129+'STA 10-2018'!C129+'STA 11-2018'!C129+'STA 12-2018'!C129 -> 0 | D129: =SUM(B129:C129) -> 0 | F129: ='STA 01-2018'!F129+'STA 02-2018'!F129+'STA 03-2018'!F129+'STA 04-2018'!F129+'STA 05-2018'!F129+'STA 06-2018'!F129+'STA 07-2018'!F129+'STA 08-2018'!F129+'STA 09-2018'!F129+'STA 10-2018'!F129+'STA 11-2018'!F129+'STA 12-2018'!F129 -> 0 | H129: ='STA 01-2018'!H129+'STA 02-2018'!H129+'STA 03-2018'!H129+'STA 04-2018'!H129+'STA 05-2018'!H129+'STA 06-2018'!H129+'STA 07-2018'!H129+'STA 08-2018'!H129+'STA 09-2018'!H129+'STA 10-2018'!H129+'STA 11-2018'!H129+'STA 12-2018'!H129 -> 0
... A139: WORLD MARITIME AGENCY | B139: ='STA 01-2018'!B139+'STA 02-2018'!B139+'STA 03-2018'!B139+'STA 04-2018'!B139+'STA 05-2018'!B139+'STA 06-2018'!B139+'STA 07-2018'!B139+'STA 08-2018'!B139+'STA 09-2018'!B139+'STA 10-2018'!B139+'STA 11-2018'!B139+'STA 12-2018'!B139 -> 0 | C139: ='STA 01-2018'!C139+'STA 02-2018'!C139+'STA 03-2018'!C139+'STA 04-2018'!C139+'STA 05-2018'!C139+'STA 06-2018'!C139+'STA 07-2018'!C139+'STA 08-2018'!C139+'STA 09-2018'!C139+'STA 10-2018'!C139+'STA 11-2018'!C139+'STA 12-2018'!C139 -> -4064.43 | D139: =SUM(B139:C139) -> -4064.43 | F139: ='STA 01-2018'!F139+'STA 02-2018'!F139+'STA 03-2018'!F139+'STA 04-2018'!F139+'STA 05-2018'!F139+'STA 06-2018'!F139+'STA 07-2018'!F139+'STA 08-2018'!F139+'STA 09-2018'!F139+'STA 10-2018'!F139+'STA 11-2018'!F139+'STA 12-2018'!F139 -> 0 | H139: ='STA 01-2018'!H139+'STA 02-2018'!H139+'STA 03-2018'!H139+'STA 04-2018'!H139+'STA 05-2018'!H139+'STA 06-2018'!H139+'STA 07-2018'!H139+'STA 08-2018'!H139+'STA 09-2018'!H139+'STA 10-2018'!H139+'STA 11-2018'!H139+'STA 12-2018'!H139 -> 0
...
